Workbook
Name AllTemplate1: #REF!
Name AllTemplate10: [2]CASE7!#REF!
Name AllTemplate11: [2]CASE8!#REF!
Name AllTemplate12: [2]CASE9!#REF!
Name AllTemplate13: [2]CASE10!#REF!
Name AllTemplate14: [2]CASE11!#REF!
Name AllTemplate15: [2]CASE14!#REF!
Name AllTemplate16: [2]CASE16!#REF!
Name AllTemplate17: #REF!
Name AllTemplate18: [2]CASE12!#REF!
Name AllTemplate19: [2]CASE5!#REF!
Name AllTemplate2: #REF!
Name AllTemplate20: [2]CASE13!#REF!
Name AllTemplate21: #REF!
Name AllTemplate22: [2]CASE2!#REF!
Name AllTemplate23: [2]CASE2!#REF!
Name AllTemplate24: [2]CASE3!#REF!
Name AllTemplate25: [2]CASE4!#REF!
Name AllTemplate26: [2]CASE4!#REF!
Name AllTemplate27: [2]CASE5!#REF!
Name AllTemplate28: [2]CASE6!#REF!
Name AllTemplate29: [2]CASE7!#REF!
Name AllTemplate3: #REF!
Name AllTemplate30: [2]CASE8!#REF!
Name AllTemplate31: [2]CASE9!#REF!
Name AllTemplate32: [2]CASE10!#REF!
Name AllTemplate33: [2]CASE11!#REF!
Name AllTemplate34: [2]CASE12!#REF!
Name AllTemplate35: [2]CASE13!#REF!
Name AllTemplate36: [2]CASE14!#REF!
Name AllTemplate37: #REF!
Name AllTemplate38: [2]CASE16!#REF!
Name AllTemplate39: [2]CASE17!#REF!
Name AllTemplate4: #REF!
Name AllTemplate40: [2]CASE18!#REF!
Name AllTemplate41: [2]CASE19!#REF!
Name AllTemplate42: [2]CASE20!#REF!
Name AllTemplate43: [2]CASE21!#REF!
Name AllTemplate44: #REF!
Name AllTemplate45: [2]CASE15!#REF!
Name AllTemplate46: [2]CASE22!#REF!
Name AllTemplate47: #REF!
Name AllTemplate48: [2]CASE2!#REF!
Name AllTemplate49: [2]CASE3!#REF!
Name AllTemplate50: [2]CASE4!#REF!
Name AllTemplate51: [2]CASE5!#REF!
Name AllTemplate52: [2]CASE6!#REF!
Name AllTemplate53: [2]CASE7!#REF!
Name AllTemplate54: [2]CASE8!#REF!
Name AllTemplate55: [2]CASE9!#REF!
Name AllTemplate56: [2]CASE9!#REF!
Name AllTemplate57: [2]CASE10!#REF!
Name AllTemplate58: [2]CASE11!#REF!
Name AllTemplate59: [2]CASE12!#REF!
Name AllTemplate6: [2]CASE2!#REF!
Name AllTemplate60: [2]CASE13!#REF!
Name AllTemplate61: [2]CASE14!#REF!
Name AllTemplate62: [2]CASE15!#REF!
Name AllTemplate63: [2]CASE16!#REF!
Name AllTemplate64: [2]CASE17!#REF!

Sheet START
A2: How to use this workbook:
A31: Input Cells | B31: All inputs have this color to indicate they can be changed. The input cells are located in the blue and green worksheet tabs.
A32: Sensitivities | B32: Cells with this color are set up to be sensitivities the user can run with different assumptions for the LCOE inputs. Please change cell values where they are highlighted as sensitivities
A33: Input Sources | B33: Worksheets with this color are worksheets that contain inputs into the LCOE calculation
A34: LCOE Calculation | B34: Worksheets with this color are the worksheets that contain the LCOE calculation. There are Input cells on the LCOE Calculation worksheet tabs that can be modified by the user to examine the effect that different conditions might have on the LCOE results. The results of sensitivities are contained in these worksheets.
A35: LCOE Summary | B35: Worksheets with this color show the summary of each LCOE (one for 2030 US and Canadian dollars and one for 2040 US and Canadian dollars)

Sheet Input Sources-->

Sheet TVA IRP
A1: Source: | B1: https://view.officeapps.live.com/op/view.aspx?src=https%3A%2F%2Ftva-azr-eastus-cdn-ep-tvawcm-prd.azureedge.net%2Fcdn-tvawcma%2Fdocs%2Fdefault-source%2Fenvironment%2Fenvironmental-stewardship%2Fintegrated-resource-plan%2F2024%2Fdata-sets%2Fresource-cost-estimates.xlsx%3Fsfvrsn%3Db0a52955_1&wdOrigin=BROWSELINK
B2: This is a public document TVA provided with its Draft IRP filing
A5: Nominal Overnight Cost before Investment Tax Credit applied ($/kW)
A6: Year | B6: APWR | C6: Light Water SMR | D6: Gen IV SMR | E6: Aero CT 20x | F6: Frame CT 4x | G6: RICE 24x | H6: CC 2x1x1 | I6: CC 2x1x1 w/ CCS | J6: Solar | K6: Wind MISO | L6: Wind SE High Hub | M6: Wind HVDC | N6: Battery | O6: Battery Adv Chem | P6: Pump Storage | Q6: Coal | R6: Coal CCS | S6: Hydro Uprate
A7: 2024
A8: 2025
A9: 2026 | S9: 968
A10: 2027 | J10: 1354 | S10: 981
A11: 2028 | J11: 1330 | S11: 1000
A12: 2029 | E12: 1777 | F12: 806 | G12: 1393 | H12: 1485 | J12: 1305 | K12: 1696 | L12: 2424 | M12: 3433 | N12: 1565 | O12: 3363 | Q12: 3439 | S12: 1020
A13: 2030 | E13: 1812 | F13: 821 | G13: 1420 | H13: 1514 | J13: 1278 | K13: 1696 | L13: 2403 | M13: 3507 | N13: 1535 | O13: 3276 | Q13: 3484 | S13: 1040 | U13: =C16*(1+U16)^(A13-A16) -> 19699.318
A14: 2031 | E14: 1847 | F14: 837 | G14: 1448 | H14: 1544 | J14: 1250 | K14: 1714 | L14: 2382 | M14: 3476 | N14: 1540 | O14: 3281 | Q14: 3530 | S14: 1060 | V14: =U13*(1+$U$16) -> 20100.327
A15: 2032 | E15: 1883 | F15: 854 | G15: 1476 | H15: 1574 | J15: 1220 | K15: 1730 | L15: 2358 | M15: 3441 | N15: 1544 | O15: 3285 | Q15: 3576 | S15: 1081 | V15: =V14*(1+$U$16) -> 20509.499
A16: 2033 | C16: 20927 | E16: 1920 | F16: 870 | G16: 1505 | H16: 1605 | I16: 3079 | J16: 1188 | K16: 1748 | L16: 2383 | M16: 3477 | N16: 1548 | O16: 3288 | P16: 2442 | Q16: 3621 | R16: 5569 | S16: 1102 | U16: =(C17-C16)/C16 -> 0.020356477 | V16: =V15*(1+$U$16) -> 20927
A17: 2034 | C17: 21353 | E17: 1959 | F17: 888 | G17: 1536 | H17: 1637 | I17: 3094 | J17: 1156 | K17: 1767 | L17: 2410 | M17: 3517 | N17: 1553 | O17: 3293 | P17: 2491 | Q17: 3671 | R17: 5601 | S17: 1125
A18: 2035 | C18: 20042 | E18: 2000 | F18: 907 | G18: 1568 | H18: 1672 | I18: 3110 | J18: 1122 | K18: 1785 | L18: 2436 | M18: 3555 | N18: 1558 | O18: 3297 | P18: 2544 | Q18: 3721 | R18: 5633 | S18: 1148
A19: 2036 | C19: 19421 | E19: 2042 | F19: 926 | G19: 1601 | H19: 1707 | I19: 3155 | J19: 1126 | K19: 1804 | L19: 2463 | M19: 3594 | N19: 1562 | O19: 3301 | P19: 2598 | Q19: 3760 | R19: 5683 | S19: 1173
A20: 2037 | C20: 19208 | E20: 2086 | F20: 946 | G20: 1635 | H20: 1743 | I20: 3201 | J20: 1130 | K20: 1823 | L20: 2489 | M20: 3632 | N20: 1567 | O20: 3305 | P20: 2652 | Q20: 3798 | R20: 5733 | S20: 1197
A21: 2038 | B21: 16753 | C21: 20580 | E21: 2131 | F21: 966 | G21: 1670 | H21: 1781 | I21: 3246 | J21: 1134 | K21: 1842 | L21: 2518 | M21: 3675 | N21: 1571 | O21: 3307 | P21: 2710 | Q21: 3837 | R21: 5784 | S21: 1223
A22: 2039 | B22: 17138 | C22: 19841 | E22: 2178 | F22: 987 | G22: 1707 | H22: 1820 | I22: 3295 | J22: 1139 | K22: 1862 | L22: 2546 | M22: 3716 | N22: 1575 | O22: 3309 | P22: 2770 | Q22: 3877 | R22: 5836 | S22: 1250
A23: 2040 | B23: 17548 | C23: 19822 | E23: 2227 | F23: 1010 | G23: 1746 | H23: 1861 | I23: 3346 | J23: 1142 | K23: 1884 | L23: 2576 | M23: 3759 | N23: 1578 | O23: 3310 | P23: 2832 | Q23: 3917 | R23: 5888 | S23: 1279
A24: 2041 | B24: 17980 | C24: 19891 | D24: 12760 | E24: 2279 | F24: 1033 | G24: 1786 | H24: 1904 | I24: 3400 | J24: 1146 | K24: 1904 | L24: 2607 | M24: 3804 | N24: 1581 | O24: 3309 | P24: 2898 | Q24: 3956 | R24: 5939 | S24: 1308
A25: 2042 | B25: 18443 | C25: 17790 | D25: 13089 | E25: 2333 | F25: 1058 | G25: 1829 | H25: 1950 | I25: 3457 | J25: 1148 | K25: 1928 | L25: 2641 | M25: 3854 | N25: 1583 | O25: 3307 | P25: 2967 | Q25: 3996 | R25: 5989 | S25: 1339
A26: 2043 | B26: 18910 | C26: 18241 | D26: 13421 | E26: 2389 | F26: 1083 | G26: 1873 | H26: 1997 | I26: 3515 | J26: 1151 | K26: 1952 | L26: 2675 | M26: 3903 | N26: 1585 | O26: 3304 | P26: 3039 | Q26: 4036 | R26: 6040 | S26: 1372
A27: 2044 | B27: 19378 | C27: 18692 | D27: 13753 | E27: 2447 | F27: 1109 | G27: 1918 | H27: 2045 | I27: 3572 | J27: 1154 | K27: 1975 | L27: 2708 | M27: 3952 | N27: 1587 | O27: 3301 | P27: 3112 | Q27: 4077 | R27: 6092 | S27: 1405
A28: 2045 | B28: 19853 | C28: 19150 | D28: 14089 | E28: 2504 | F28: 1135 | G28: 1963 | H28: 2093 | I28: 3630 | J28: 1156 | K28: 1998 | L28: 2740 | M28: 3999 | N28: 1588 | O28: 3295 | P28: 3185 | Q28: 4118 | R28: 6143 | S28: 1438
A29: 2046 | B29: 20326 | C29: 19606 | D29: 14425 | E29: 2561 | F29: 1161 | G29: 2008 | H29: 2140 | I29: 3686 | J29: 1157 | K29: 2020 | L29: 2773 | M29: 4046 | N29: 1588 | O29: 3287 | P29: 3257 | Q29: 4157 | R29: 6191 | S29: 1470
A30: 2047 | B30: 20810 | C30: 20073 | D30: 14769 | E30: 2618 | F30: 1187 | G30: 2052 | H30: 2188 | I30: 3741 | J30: 1158 | K30: 2041 | L30: 2801 | M30: 4088 | N30: 1587 | O30: 3277 | P30: 3329 | Q30: 4196 | R30: 6238 | S30: 1503
A31: 2048 | B31: 21309 | C31: 20555 | D31: 15123 | E31: 2676 | F31: 1213 | G31: 2097 | H31: 2236 | I31: 3795 | J31: 1159 | K31: 2059 | L31: 2830 | M31: 4130 | N31: 1585 | O31: 3266 | P31: 3403 | Q31: 4236 | R31: 6286 | S31: 1536
A32: 2049 | B32: 21830 | C32: 21057 | D32: 15493 | E32: 2736 | F32: 1240 | G32: 2144 | H32: 2286 | I32: 3852 | J32: 1159 | K32: 2080 | L32: 2859 | M32: 4172 | N32: 1583 | O32: 3253 | P32: 3479 | Q32: 4275 | R32: 6333 | S32: 1570
A33: 2050 | B33: 22354 | C33: 21563 | D33: 15865 | E33: 2798 | F33: 1268 | G33: 2193 | H33: 2338 | I33: 3911 | J33: 1159 | K33: 2102 | L33: 2892 | M33: 4220 | N33: 1580 | O33: 3238 | P33: 3558 | Q33: 4313 | R33: 6379 | S33: 1606
A40: Source: | B40: https://tva-azr-eastus-cdn-ep-tvawcm-prd.azureedge.net/cdn-tvawcma/docs/default-source/environment/environmental-stewardship/integrated-resource-plan/2025/draft-2025-irp-volume-1-092324.pdf?sfvrsn=26f01b64_1
B41: Table E-5 in the IRP provided the cost reduction between First of a Kind and Nth of a kind
A43: Table E-5 at pages E-8 and E-9
G74: Light Water SMR | H74: $/kW | I74: Difference
G75: First of a Kind | H75: 17949
G76: Nth of a Kind | H76: 12741 | I76: =(H76-H75)/H75 -> -0.29015544

Sheet Vogtle Costs
A1: Source: | B1: Vogtle Project Cost
B2: Cost reported at pages 230-231
C4: Base
B5: April 2024 Cost | C5: 36800000000
B6: MW | C6: 2228
B7: $/kW | C7: =C5/C6/1000 -> 16517.056

Sheet IESO Pathways to Decarb App A
B1: Source: | C1: https://www.ieso.ca/en/Learn/The-Evolving-Grid/Pathways-to-Decarbonization
C2: Once you click the hit, expand the "Supporting Materials" toggle and Appendix A is available for download as an Excel spreadsheet
A4: Renewable Generation | B4: Zone | C4: Total Capacity Available (MW) | D4: 2020 Capacity Factor (%) | E4: 2030 Capacity Factor (%) | F4: 2040 Capacity Factor (%) | G4: 2020 Build Cost ($2021USD/kW) | H4: 2030 Build Cost ($2021USD/kW) | I4: 2040 Build Cost ($2021USD/kW) | J4: 2020 FO&M Charge ($2021USD/kW-year) | K4: 2030 FO&M Charge ($2021USD/kW-year) | L4: 2040 FO&M Charge ($2021USD/kW-year) | M4: VO&M Charge ($2021USD/MWh) | N4: Cost of Transmission ($2021USD/kW) | O4: Economic Life (year) | P4: 2020 Summer UCAP (%) | Q4: 2030 Summer UCAP (%) | R4: 2040 Summer UCAP (%) | S4: 2020 Winter UCAP (%) | T4: 2030 Winter UCAP (%) | U4: 2040 Winter UCAP (%) | V4: Build Lead Time (years) | W4: Resource Category Annual Build Limit (MW) | X4: Technology Readiness Level (2022) | Y4: Data Source
A5: New Onshore Wind | B5: Northeast 1 | C5: 500 | D5: 0.51 | E5: 0.52 | F5: 0.52 | G5: 1175 | H5: 980 | I5: 877 | J5: 43 | K5: 40 | L5: 38 | M5: 0 | N5: 2000 | O5: 30 | P5: 0.49 | Q5: 0.5 | R5: 0.5 | S5: 0.42 | T5: 0.43 | U5: 0.43 | V5: 5 | W5: 1000 | X5: 9 | Y5: ATB, Consultant
B6: Northeast 2 | C6: 1000 | D6: 0.48 | E6: 0.49 | F6: 0.5 | G6: 1175 | H6: 980 | I6: 877 | J6: 43 | K6: 40 | L6: 38 | M6: 0 | N6: 300 | O6: 30 | P6: 0.35 | Q6: 0.37 | R6: 0.37 | S6: 0.54 | T6: 0.56 | U6: 0.56 | V6: 5 | W6: 1000 | X6: 9 | Y6: ATB, Consultant
B7: Northeast 3 | C7: 2300 | D7: 0.39 | E7: 0.4 | F7: 0.41 | G7: 1175 | H7: 980 | I7: 877 | J7: 43 | K7: 40 | L7: 38 | M7: 0 | N7: 360 | O7: 30 | P7: 0.27 | Q7: 0.28 | R7: 0.29 | S7: 0.46 | T7: 0.47 | U7: 0.48 | V7: 5 | W7: 1000 | X7: 9 | Y7: ATB, Consultant
B8: Northwest 4 | C8: 400 | D8: 0.51 | E8: 0.52 | F8: 0.52 | G8: 1175 | H8: 980 | I8: 877 | J8: 43 | K8: 40 | L8: 38 | M8: 0 | N8: 60 | O8: 30 | P8: 0.39 | Q8: 0.4 | R8: 0.41 | S8: 0.57 | T8: 0.58 | U8: 0.59 | V8: 5 | W8: 1000 | X8: 9 | Y8: ATB, Consultant
B9: Northwest 5 | C9: 500 | D9: 0.49 | E9: 0.5 | F9: 0.5 | G9: 1175 | H9: 980 | I9: 877 | J9: 43 | K9: 40 | L9: 38 | M9: 0 | N9: 160 | O9: 30 | P9: 0.46 | Q9: 0.47 | R9: 0.48 | S9: 0.47 | T9: 0.48 | U9: 0.49 | V9: 5 | W9: 1000 | X9: 9 | Y9: ATB, Consultant
B10: Northwest 6 | C10: 2000 | D10: 0.46 | E10: 0.48 | F10: 0.48 | G10: 1175 | H10: 980 | I10: 877 | J10: 43 | K10: 40 | L10: 38 | M10: 0 | N10: 600 | O10: 30 | P10: 0.42 | Q10: 0.44 | R10: 0.44 | S10: 0.47 | T10: 0.49 | U10: 0.5 | V10: 5 | W10: 1000 | X10: 9 | Y10: ATB, Consultant
B11: Northwest 7 | C11: 1200 | D11: 0.4 | E11: 0.42 | F11: 0.43 | G11: 1175 | H11: 980 | I11: 877 | J11: 43 | K11: 40 | L11: 38 | M11: 0 | N11: 1520 | O11: 30 | P11: 0.37 | Q11: 0.39 | R11: 0.4 | S11: 0.41 | T11: 0.42 | U11: 0.43 | V11: 5 | W11: 1000 | X11: 9 | Y11: ATB, Consultant
B12: Southwest/Bruce/Niagara 8 | C12: 200 | D12: 0.43 | E12: 0.44 | F12: 0.45 | G12: 1175 | H12: 980 | I12: 877 | J12: 43 | K12: 40 | L12: 38 | M12: 0 | N12: 20 | O12: 30 | P12: 0.26 | Q12: 0.27 | R12: 0.28 | S12: 0.58 | T12: 0.6 | U12: 0.61 | V12: 5 | W12: 1000 | X12: 9 | Y12: ATB, Consultant
B13: Southwest/Bruce/Niagara 9 | C13: 2900 | D13: 0.36 | E13: 0.37 | F13: 0.38 | G13: 1175 | H13: 980 | I13: 877 | J13: 43 | K13: 40 | L13: 38 | M13: 0 | N13: 40 | O13: 30 | P13: 0.24 | Q13: 0.26 | R13: 0.27 | S13: 0.49 | T13: 0.51 | U13: 0.52 | V13: 5 | W13: 1000 | X13: 9 | Y13: ATB, Consultant
B14: Toronto/Essa/East/Ottawa 10 | C14: 300 | D14: 0.44 | E14: 0.45 | F14: 0.46 | G14: 1175 | H14: 980 | I14: 877 | J14: 43 | K14: 40 | L14: 38 | M14: 0 | N14: 20 | O14: 30 | P14: 0.26 | Q14: 0.28 | R14: 0.28 | S14: 0.6 | T14: 0.61 | U14: 0.62 | V14: 5 | W14: 1000 | X14: 9 | Y14: ATB, Consultant
B15: Toronto/Essa/East/Ottawa 11 | C15: 2900 | D15: 0.35 | E15: 0.36 | F15: 0.37 | G15: 1175 | H15: 980 | I15: 877 | J15: 43 | K15: 40 | L15: 38 | M15: 0 | N15: 60 | O15: 30 | P15: 0.25 | Q15: 0.26 | R15: 0.27 | S15: 0.49 | T15: 0.5 | U15: 0.51 | V15: 5 | W15: 1000 | X15: 9 | Y15: ATB, Consultant
B16: West 12 | C16: 300 | D16: 0.46 | E16: 0.47 | F16: 0.48 | G16: 1175 | H16: 980 | I16: 877 | J16: 43 | K16: 40 | L16: 38 | M16: 0 | N16: 40 | O16: 30 | P16: 0.3 | Q16: 0.31 | R16: 0.32 | S16: 0.55 | T16: 0.56 | U16: 0.57 | V16: 5 | W16: 1000 | X16: 9 | Y16: ATB, Consultant
B17: West 13 | C17: 1300 | D17: 0.38 | E17: 0.4 | F17: 0.41 | G17: 1175 | H17: 980 | I17: 877 | J17: 43 | K17: 40 | L17: 38 | M17: 0 | N17: 20 | O17: 30 | P17: 0.22 | Q17: 0.23 | R17: 0.24 | S17: 0.49 | T17: 0.5 | U17: 0.51 | V17: 5 | W17: 1000 | X17: 9 | Y17: ATB, Consultant
A18: New Offshore Wind | B18: East/SW 14 | C18: No Limit, 100 MW sites | D18: 0.45 | E18: 0.47 | F18: 0.47 | G18: 3379 | H18: 2625 | I18: 2325 | J18: 106 | K18: 91 | L18: 82 | M18: 0 | N18: 745 | O18: 30 | P18: 0.27 | Q18: 0.29 | R18: 0.29 | S18: 0.6 | T18: 0.61 | U18: 0.62 | V18: 10 | W18: 1000 | X18: 9 | Y18: ATB, Consultant
B19: Northeast 15 | C19: No Limit, 100 MW sites | D19: 0.53 | E19: 0.53 | F19: 0.54 | G19: 3379 | H19: 2625 | I19: 2325 | J19: 106 | K19: 91 | L19: 82 | M19: 0 | N19: 2725 | O19: 30 | P19: 0.52 | Q19: 0.53 | R19: 0.53 | S19: 0.45 | T19: 0.46 | U19: 0.46 | V19: 10 | W19: 1000 | X19: 9 | Y19: ATB, Consultant
B20: Northwest 16 | C20: No Limit, 100 MW sites | D20: 0.5 | E20: 0.51 | F20: 0.52 | G20: 3379 | H20: 2625 | I20: 2325 | J20: 106 | K20: 91 | L20: 82 | M20: 0 | N20: 785 | O20: 30 | P20: 0.39 | Q20: 0.4 | R20: 0.41 | S20: 0.57 | T20: 0.58 | U20: 0.59 | V20: 10 | W20: 1000 | X20: 9 | Y20: ATB, Consultant
A21: New Solar | B21: Northeast | C21: No Limit, 100 MW sites | D21: 0.2 | E21: 0.22 | F21: 0.22 | G21: 1167 | H21: 804 | I21: 729 | J21: 22 | K21: 17 | L21: 16 | M21: 0 | O21: 25 | P21: 0.34 | Q21: 0.35 | R21: 0.35 | S21: 0.01 | T21: 0.01 | U21: 0.01 | V21: 4 | W21: 600 | X21: 9 | Y21: ATB, Consultant
B22: Northwest | C22: No Limit, 100 MW sites | D22: 0.21 | E22: 0.22 | F22: 0.23 | G22: 1167 | H22: 804 | I22: 729 | J22: 22 | K22: 17 | L22: 16 | M22: 0 | O22: 25 | P22: 0.4 | Q22: 0.4 | R22: 0.41 | S22: 0.02 | T22: 0.02 | U22: 0.02 | V22: 4 | W22: 600 | X22: 9 | Y22: ATB, Consultant
B23: Southwest/West/Bruce/Niagara | C23: No Limit, 100 MW sites | D23: 0.2 | E23: 0.22 | F23: 0.23 | G23: 1167 | H23: 804 | I23: 729 | J23: 22 | K23: 17 | L23: 16 | M23: 0 | O23: 25 | P23: 0.37 | Q23: 0.38 | R23: 0.38 | S23: 0.01 | T23: 0.01 | U23: 0.01 | V23: 4 | W23: 600 | X23: 9 | Y23: ATB, Consultant
B24: Toronto/Essa/East/Ottawa | C24: No Limit, 100 MW sites | D24: 0.21 | E24: 0.22 | F24: 0.23 | G24: 1167 | H24: 804 | I24: 729 | J24: 22 | K24: 17 | L24: 16 | M24: 0 | O24: 25 | P24: 0.35 | Q24: 0.36 | R24: 0.36 | S24: 0 | T24: 0 | U24: 0 | V24: 4 | W24: 600 | X24: 9 | Y24: ATB, Consultant
A25: New Hydro | B25: NE | C25: 35 x 10 MW | D25: 0.67 | E25: 0.67 | F25: 0.67 | G25: 10759 | H25: 10759 | I25: 10759 | J25: 63 | K25: 63 | L25: 63 | M25: 0 | O25: 75 | P25: 0.85 | Q25: 0.85 | R25: 0.85 | S25: 0.82 | T25: 0.82 | U25: 0.82 | V25: 10 | W25: 1000 | X25: 9 | Y25: IESO, OPG
B26: NE | C26: 7 x 50 MW | D26: 0.47 | E26: 0.47 | F26: 0.47 | G26: 11541 | H26: 11541 | I26: 11541 | J26: 43 | K26: 43 | L26: 43 | M26: 0 | O26: 75 | P26: 0.57 | Q26: 0.57 | R26: 0.57 | S26: 0.57 | T26: 0.57 | U26: 0.57 | V26: 10 | W26: 1000 | X26: 9 | Y26: IESO, OPG
B27: NE | C27: 6 x 375 MW | D27: 0.35 | E27: 0.35 | F27: 0.35 | G27: 11355 | H27: 11355 | I27: 11355 | J27: 31 | K27: 31 | L27: 31 | M27: 0 | O27: 75 | P27: 0.39 | Q27: 0.39 | R27: 0.39 | S27: 0.53 | T27: 0.53 | U27: 0.53 | V27: 10 | W27: 1000 | X27: 9 | Y27: IESO, OPG
B28: NE | C28: 5 x 180 MW | D28: 0.27 | E28: 0.27 | F28: 0.27 | G28: 11488 | H28: 11488 | I28: 11488 | J28: 36 | K28: 36 | L28: 36 | M28: 0 | O28: 75 | P28: 0.39 | Q28: 0.39 | R28: 0.39 | S28: 0.25 | T28: 0.25 | U28: 0.25 | V28: 10 | W28: 1000 | X28: 9 | Y28: IESO, OPG
B29: NW | C29: 15 x 10 MW | D29: 0.61 | E29: 0.61 | F29: 0.61 | G29: 11596 | H29: 11596 | I29: 11596 | J29: 65 | K29: 65 | L29: 65 | M29: 0 | O29: 75 | P29: 0.91 | Q29: 0.91 | R29: 0.91 | S29: 0.91 | T29: 0.91 | U29: 0.91 | V29: 10 | W29: 1000 | X29: 9 | Y29: IESO, OPG
B30: NW | C30: 10 x 20 MW | D30: 0.5 | E30: 0.5 | F30: 0.5 | G30: 11579 | H30: 11579 | I30: 11579 | J30: 53 | K30: 53 | L30: 53 | M30: 0 | O30: 75 | P30: 0.34 | Q30: 0.34 | R30: 0.34 | S30: 0.31 | T30: 0.31 | U30: 0.31 | V30: 10 | W30: 1000 | X30: 9 | Y30: IESO, OPG
B31: NW | C31: 5 x 55 MW | D31: 0.35 | E31: 0.35 | F31: 0.35 | G31: 11518 | H31: 11518 | I31: 11518 | J31: 40 | K31: 40 | L31: 40 | M31: 0 | O31: 75 | P31: 0.55 | Q31: 0.55 | R31: 0.55 | S31: 0.7 | T31: 0.7 | U31: 0.7 | V31: 10 | W31: 1000 | X31: 9 | Y31: IESO, OPG
B32: NW | C32: 1 x 12 MW | D32: 0.27 | E32: 0.27 | F32: 0.27 | G32: 11602 | H32: 11602 | I32: 11602 | J32: 67 | K32: 67 | L32: 67 | M32: 0 | O32: 75 | P32: 0.32 | Q32: 0.32 | R32: 0.32 | S32: 0.61 | T32: 0.61 | U32: 0.61 | V32: 10 | W32: 1000 | X32: 9 | Y32: IESO, OPG
B33: South | C33: 8 x 4 MW | D33: 0.65 | E33: 0.65 | F33: 0.65 | G33: 6498 | H33: 6498 | I33: 6498 | J33: 83 | K33: 83 | L33: 83 | M33: 0 | O33: 75 | P33: 0.18 | Q33: 0.18 | R33: 0.18 | S33: 0.32 | T33: 0.32 | U33: 0.32 | V33: 10 | W33: 1000 | X33: 9 | Y33: IESO, OPG
A36: Nuclear Generation | B36: Zone | C36: Total Capacity Available (MW) | D36: Capacity Factor (%) | E36: 2020 Build Cost ($2021USD/kW) | F36: 2030 Build Cost ($2021USD/kW) | G36: 2040 Build Cost ($2021USD/kW) | H36: FO&M Charge ($2021USD/kW-year) | I36: VO&M Charge ($2021USD/MWh) | J36: Fuel Cost ($2021USD/MWh) | K36: Economic Life (year) | L36: UCAP (%) | M36: Build Lead Time (years) | N36: Resource Category Annual Build Limit (MW) | O36: Technology Readiness Level (2022) | P36: Data Source
A37: New Large Nuclear | B37: East/Southwest | C37: No Limit, 600 MW units | D37: 0.93 | E37: 7699 | F37: 7194 | G37: 6693 | H37: 157 | I37: 2 | J37: 1 | K37: 60 | L37: 0.93 | M37: 15 | N37: 3300 | O37: 9 | P37: IESO, OPG
A38: New Small Modular Reactor | B38: N/A | C38: No Limit, 200 MW units | D38: 0.93 | E38: 9219 | F38: 9219 | G38: 9219 | H38: 148 | I38: 2 | J38: 1 | K38: 60 | L38: 0.93 | M38: 8 | N38: 1000 | O38: 6 | P38: IESO, OPG
A41: Storage | B41: Duration (hours) | C41: Capacity Limit (MW) | D41: Roundtrip Efficiency (%) | E41: 2020 Build Cost ($2021USD/kW) | F41: 2030 Build Cost ($2021USD/kW) | G41: 2040 Build Cost ($2021USD/kW) | H41: 2020 FO&M Charge ($2021USD/kW-year) | I41: 2030 FO&M Charge ($2021USD/kW-year) | J41: 2040 FO&M Charge ($2021USD/kW-year) | K41: VO&M Charge ($2021USD/MWh) | L41: Economic Life (cycles/years) | M41: UCAP (%) | N41: Build Lead Time (years) | O41: Resource Category Annual Build Limit (MW) | P41: Technology Readiness Level (2022) | Q41: Data Source
A42: New Battery Storage (NREL, moderate) | B42: 4 | C42: 1000 | D42: 0.85 | E42: 1479 | F42: 851 | G42: 744 | H42: 37 | I42: 22 | J42: 18 | K42: 0 | L42: 3500/15 | M42: 0.95 | N42: 3 | O42: 500 | P42: 9 | Q42: NREL, CEATI
A43: New Battery Storage (NREL, moderate) | B43: 6 | C43: 1000 | D43: 0.85 | E43: 2080 | F43: 1170 | G43: 1014 | H43: 52 | I43: 29 | J43: 25 | K43: 0 | L43: 3500/15 | M43: 0.95 | N43: 3 | O43: 500 | P43: 9 | Q43: NREL, CEATI
A44: New Battery Storage (NREL, moderate) | B44: 8 | C44: 1000 | D44: 0.85 | E44: 2680 | F44: 1487 | G44: 1284 | H44: 67 | I44: 37 | J44: 33 | K44: 0 | L44: 3500/15 | M44: 0.95 | N44: 3 | O44: 500 | P44: 8 | Q44: NREL, CEATI
A45: New Battery Storage (NREL, moderate) | B45: 10 | C45: 2000 | D45: 0.85 | E45: 3280 | F45: 1806 | G45: 1553 | H45: 82 | I45: 46 | J45: 39 | K45: 0 | L45: 3500/15 | M45: 0.95 | N45: 3 | O45: 500 | P45: 7 | Q45: NREL, CEATI
A46: Marmora PGS | B46: 5 | C46: 400 | D46: Confidential | E46: Confidential | F46: Confidential | G46: Confidential | H46: Confidential | I46: Confidential | J46: Confidential | K46: Confidential | L46: 75 | M46: 0.95 | N46: 10 | O46: 1000 | P46: 9 | Q46: Unsolicited Proposal
A47: Meaford PGS | B47: 8 | C47: 1000 | D47: Confidential | E47: Confidential | F47: Confidential | G47: Confidential | H47: Confidential | I47: Confidential | J47: Confidential | K47: Confidential | L47: 75 | M47: 0.95 | N47: 10 | O47: 1000 | P47: 9 | Q47: Unsolicited Proposal
A48: Oxford/Schreiber PGS | B48: 12 | C48: 600 | D48: Confidential | E48: Confidential | F48: Confidential | G48: Confidential | H48: Confidential | I48: Confidential | J48: Confidential | K48: Confidential | L48: 75 | M48: 0.95 | N48: 10 | O48: 1000 | P48: 9 | Q48: Unsolicited Proposal
A51: Load Participation - Moratorium | B51: 2020 Capacity Limit (MW) | C51: 2030 Capacity Limit (MW) | D51: 2040 Capacity Limit (MW) | E51: Activation Limit (#/year) | F51: Activation Delivery Minimum (hours) | G51: Activation Delivery Maximum (hours) | H51: Annual Capacity Cost ($2021CAD/kW-year) | I51: Activation Cost ($2021CAD/MWh) | J51: Summer UCAP (%) | K51: Winter UCAP (%) | L51: Data Source
A52: Hourly Demand Response (HDR) - Industrial (process-based) | B52: 929 | C52: 929 | D52: N/A | E52: 5 | F52: 1 | G52: 4 | H52: 104 | I52: 1999 | J52: 0.69 | K52: 0.78 | L52: IESO, Consultant
A53: HDR - Commercial & Institutional (lighting/HVAC/other-based) | B53: 1128 | C53: 1128 | D53: N/A | E53: 25 | F53: 1 | G53: 4 | H53: 104 | I53: 1500 | J53: 0.69 | K53: 0.78 | L53: IESO, Consultant
A54: HDR - Residential (smart thermostat/EV/other-based) | B54: 582 | C54: 582 | D54: N/A | E54: 15 | F54: 1 | G54: 4 | H54: 104 | I54: 1500 | J54: 0.69 | K54: 0.78 | L54: IESO, Consultant
A55: 5-min Dispatchable Load - process-based (incl.<1 MW resources) | B55: 1054 | C55: 1054 | D55: N/A | E55: N/A | F55: N/A | G55: N/A | H55: 104 | I55: 1650 | J55: 0.69 | K55: 0.78 | L55: IESO, Consultant
A58: Load Participation - Pathways | B58: 2020 Capacity Limit (MW) | C58: 2030 Capacity Limit (MW) | D58: 2040 Capacity Limit (MW) | E58: Activation Limit (#/year) | F58: Activation Delivery Minimum (hours) | G58: Activation Delivery Maximum (hours) | H58: Annual Capacity Cost ($2021CAD/kW-year) | I58: Activation Cost ($2021CAD/MWh) | J58: Summer UCAP (%) | K58: Winter UCAP (%) | L58: Data Source
A59: Hourly Demand Response (HDR) - Industrial (process-based) | B59: 999 | C59: 1261 | D59: 1501.1978 | E59: 5 | F59: 1 | G59: 4 | H59: 104 | I59: 1999 | J59: 0.69 | K59: 0.78 | L59: IESO, Consultant
A60: HDR - Commercial & Institutional (lighting/HVAC/other-based) | B60: 1288 | C60: 1694 | D60: 2111.8135 | E60: 25 | F60: 1 | G60: 4 | H60: 104 | I60: 1500 | J60: 0.69 | K60: 0.78 | L60: IESO, Consultant
A61: HDR - Residential (smart thermostat/EV/other-based) | B61: 2519 | C61: 3856 | D61: 5207.9373 | E61: 15 | F61: 1 | G61: 4 | H61: 104 | I61: 1500 | J61: 0.69 | K61: 0.78 | L61: IESO, Consultant
A62: 5-min Dispatchable Load - process-based (incl.<1 MW resources) | B62: 1054 | C62: 1331 | D62: 1584.513 | E62: N/A | F62: N/A | G62: N/A | H62: 104 | I62: 1650 | J62: 0.69 | K62: 0.78 | L62: IESO, Consultant
A65: Firm Imports | B65: Total Capacity Available (MW) | C65: Intertie Build Cost ($2022CAD Millions) | D65: Annual Capacity Cost ($2021USD/kW-year) | E65: Energy Cost ($2021USD/MWh) | F65: Contract Term (years) | G65: UCAP (%) | H65: Contract Lead Time (years) | I65: Data Source
A66: Quebec - Current Interties - Considered in Moratorium and Pathways | B66: 4 x 450 MW | C66: N/A | D66: Confidential | E66: Confidential | F66: 20 | G66: 1 | H66: 5 | I66: Consultant, IESO and HQ
A67: Quebec - New Intertie - Considered in Pathways only | B67: 2000 | C67: 1400 | D67: Confidential | E67: Confidential | F67: 25 | G67: 1 | H67: 10 | I67: Consultant, IESO and HQ
A70: Combustion - Moratorium and Pathways | B70: Total Capacity Available (MW) | C70: Fuel Cost | D70: Capital Injection ($/MW) | E70: FO&M Charge ($/kW-year) | F70: VO&M Charge ($/MWh) | G70: Economic Life (years) | H70: Technical Characteristics
A71: Natural Gas Facility Operation Post Contract Expiry | B71: Dependent on facility age | C71: 2021 APO Forecast | D71: 20% of new build cost | E71: Escalated portion of current NRR | F71: Same as current facility | G71: 5 | H71: Same as current facility
A73: Combustion - Pathways Only | B73: Total Capacity Available (MW) | C73: 2020 Build Cost ($2021USD/kW) | D73: 2030 Build Cost ($2021USD/kW) | E73: 2040 Build Cost ($2021USD/kW) | F73: FO&M Charge ($2021USD/kW-year) | G73: VO&M Charge ($2021USD/MWh) | H73: Fuel Cost ($2021USD/MMBtu) | I73: Heat Rate (MMBtu/MWh) | J73: Economic Life (years) | K73: UCAP (%) | L73: Build Lead Time (years) | M73: Resource Category Annual Build Limit (MW) | N73: Technology Readiness Level (2022) | O73: Data Source
A74: Low Carbon Fuel SCGT | B74: No Limit, 250 MW units | C74: N/A | D74: 1050 | E74: 990 | F74: 29 | G74: 7 | H74: 41 | I74: 8.92 | J74: 30 | K74: 0.95 | L74: 5 | M74: 1000 | N74: 6 | O74: Hydrogen Fuel Cost: Okulola et al. 2022 https://doi.org/10.1016/j.ijhydene.2021.12.025 H2 SCGT: Oberg et al. 2022 https://doi.org/10.1016/j.ijhydene.2021.10.035, NREL-ATB H2 SMR-CCS Emissions: Okulola et al. 2022 https://doi.org/10.1016/j.ijhydene.2021.12.025, https://www.nrel.gov/docs/fy01osti/27637.pdf
A76: Back to main menu

Sheet NREL ATB 2023 Financial
A1: Source: | B1: https://atb.nrel.gov/electricity/2023/2023/data
A3: Technology | B3: NREL Case | D3: Inputs | E3: Base Case | F3: Alt Book Life 1 | G3: Alt Book Life 2 | H3: Sensitivity 1 | I3: Sensitivity 2
A4: Offshore Wind | B4: Moderate | D4: Tax Rate | E4: 0.265 | H4: 0.265 | I4: 0.265
A5: Offshore Wind | B5: Moderate | C5: Nominal | D5: Interest Rate | E5: 0.07 | H5: 0.07 | I5: 0.07
A6: Offshore Wind | B6: Moderate | C6: Nominal | D6: Rate of Return on Equity | E6: 0.11 | H6: 0.11 | I6: 0.11
A7: Offshore Wind | B7: Moderate | D7: Debt Fraction | E7: 0.723 | H7: 0.723 | I7: 0.723
A8: Offshore Wind | B8: Moderate | C8: Nominal | D8: WACC | E8: =$E$7*$E$5*(1-$E$4)+(1-$E$7)*$E$6 -> 0.06766835 | H8: =$H$7*$H$5*(1-$H$4)+(1-$H$7)*$H$6 -> 0.06766835 | I8: =$I$7*$I$5*(1-$I$4)+(1-$I$7)*$I$6 -> 0.06766835
A9: Offshore Wind | B9: Moderate | D9: Book Life | E9: 30 | H9: 30 | I9: 30
A10: Offshore Wind | B10: Moderate | C10: Nominal | D10: Capital Recovery Factor ("CRF") | E10: =$E$8/(1-(1/(1+$E$8)^$E$9)) -> 0.078707187 | H10: =$H$8/(1-(1/(1+$H$8)^$H$9)) -> 0.078707187 | I10: =$I$8/(1-(1/(1+$I$8)^$I$9)) -> 0.078707187
A11: Offshore Wind | B11: Moderate | D11: Construction Finance Factor | E11: 1.1101111 | H11: 1.1101111 | I11: 1.1101111
A12: Offshore Wind | B12: Moderate | D12: Project Finance Factor | E12: 1.0589954 | H12: 1.0589954 | I12: 1.0589954
A13: Nuclear | B13: Moderate | D13: Tax Rate | E13: 0.265 | H13: 0.265 | I13: 0.265
A14: Nuclear | B14: Moderate | C14: Nominal | D14: Interest Rate | E14: 0.08 | H14: 0.08 | I14: 0.08
A15: Nuclear | B15: Moderate | C15: Nominal | D15: Rate of Return on Equity | E15: 0.11 | H15: 0.11 | I15: 0.11
A16: Nuclear | B16: Moderate | D16: Debt Fraction | E16: 0.69775899 | H16: 0.69775899 | I16: 0.69775899
A17: Nuclear | B17: Moderate | C17: Nominal | D17: WACC | E17: =$E$16*$E$14*(1-$E$13)+(1-$E$16)*$E$15 -> 0.07427474 | H17: =$H$16*$H$14*(1-$H$13)+(1-$H$16)*$H$15 -> 0.07427474 | I17: =$I$16*$I$14*(1-$I$13)+(1-$I$16)*$I$15 -> 0.07427474
A18: Nuclear | B18: Moderate | D18: Book Life | E18: 60 | F18: 50 | G18: 30 | H18: 60 | I18: 60
A19: Nuclear | B19: Moderate | C19: Nominal | D19: Capital Recovery Factor ("CRF") | E19: =$E$17/(1-(1/(1+$E$17)^$E$18)) -> 0.075297703 | F19: =$E$17/(1-(1/(1+$E$17)^$F$18)) -> 0.076399562 | G19: =$E$17/(1-(1/(1+$E$17)^$G$18)) -> 0.084074191 | H19: =$H$17/(1-(1/(1+$H$17)^$H$18)) -> 0.075297703 | I19: =$I$17/(1-(1/(1+$I$17)^$I$18)) -> 0.075297703
A20: Nuclear | B20: Moderate | D20: Construction Finance Factor | E20: 1.2641327 | H20: 1.2641327 | I20: 1.2641327
A21: Nuclear | B21: Moderate | D21: Project Finance Factor | E21: 1.0638877 | H21: 1.0638877 | I21: 1.0638877
A22: Solar | B22: Moderate | D22: Tax Rate | E22: 0.265 | H22: 0.265 | I22: 0.265
A23: Solar | B23: Moderate | C23: Nominal | D23: Interest Rate | E23: 0.07 | H23: 0.07 | I23: 0.07
A24: Solar | B24: Moderate | C24: Nominal | D24: Rate of Return on Equity | E24: 0.088 | H24: 0.088 | I24: 0.088
A25: Solar | B25: Moderate | D25: Debt Fraction | E25: 0.73799225 | H25: 0.73799225 | I25: 0.73799225
A26: Solar | B26: Moderate | C26: Nominal | D26: WACC Nominal | E26: =E25*E23*(1-E22)+(1-E25)*E24 -> 0.061026383 | H26: =$H$25*$H$23*(1-$H$22)+(1-$H$25)*$H$24 -> 0.061026383 | I26: =$I$25*$I$23*(1-$I$22)+(1-$I$25)*$I$24 -> 0.061026383
A27: Solar | B27: Moderate | D27: Book Life | E27: 30 | H27: 30 | I27: 30
A28: Solar | B28: Moderate | C28: Nominal | D28: Capital Recovery Factor ("CRF") | E28: =$E$26/(1-(1/(1+$E$26)^$E$27)) -> 0.073448563 | H28: =$H$26/(1-(1/(1+$H$26)^$H$27)) -> 0.073448563 | I28: =$I$26/(1-(1/(1+$I$26)^$I$27)) -> 0.073448563
A29: Solar | B29: Moderate | D29: Construction Finance Factor | E29: 1.0361139 | H29: 1.0361139 | I29: 1.0361139
A30: Solar | B30: Moderate | D30: Project Finance Factor | E30: 1.0539301 | H30: 1.0539301 | I30: 1.0539301
A31: Onshore Wind | B31: Moderate | D31: Tax Rate | E31: 0.265 | H31: 0.265 | I31: 0.265
A32: Onshore Wind | B32: Moderate | C32: Nominal | D32: Interest Rate | E32: 0.07 | H32: 0.07 | I32: 0.07
A33: Onshore Wind | B33: Moderate | C33: Nominal | D33: Rate of Return on Equity | E33: 0.1 | H33: 0.1 | I33: 0.1
A34: Onshore Wind | B34: Moderate | D34: Debt Fraction | E34: 0.71531305 | H34: 0.71531305 | I34: 0.71531305
A35: Onshore Wind | B35: Moderate | C35: Nominal | D35: WACC Nominal | E35: =E34*E32*(1-E31)+(1-E34)*E33 -> 0.065271551 | H35: =$H$34*$H$32*(1-$H$31)+(1-$H$34)*$H$33 -> 0.065271551 | I35: =$I$34*$I$32*(1-$I$31)+(1-$I$34)*$I$33 -> 0.065271551
A36: Onshore Wind | B36: Moderate | D36: Book Life | E36: 30 | H36: 30 | I36: 30
A37: Onshore Wind | B37: Moderate | C37: Nominal | D37: Capital Recovery Factor ("CRF") | E37: =$E$35/(1-(1/(1+$E$35)^$E$36)) -> 0.076793146 | H37: =$H$35/(1-(1/(1+$H$35)^$H$36)) -> 0.076793146 | I37: =$I$35/(1-(1/(1+$I$35)^$I$36)) -> 0.076793146
A38: Onshore Wind | B38: Moderate | D38: Construction Finance Factor | E38: 1.0616232 | H38: 1.0616232 | I38: 1.0616232
A39: Onshore Wind | B39: Moderate | D39: Project Finance Factor | E39: 1.0571806 | H39: 1.0571806 | I39: 1.0571806

Sheet NREL ATB 2023 Solar
B1: NREL ATB ($2021 Real) | C1: 2021 | D1: 2022 | E1: 2023 | F1: 2024 | G1: 2025 | H1: 2026 | I1: 2027 | J1: 2028 | K1: 2029 | L1: 2030 | M1: 2031 | N1: 2032 | O1: 2033 | P1: 2034 | Q1: 2035 | R1: 2036 | S1: 2037 | T1: 2038 | U1: 2039 | V1: 2040
A2: Moderate | B2: Overnight Capital | C2: 1245.8151 | D2: 1325.3352 | E2: 1284.9483 | F2: 1244.5615 | G2: 1204.1747 | H2: 1163.7878 | I2: 1123.401 | J2: 1083.0141 | K2: 1042.6273 | L2: 1002.2404 | M2: 961.85358 | N2: 921.46674 | O2: 881.07989 | P2: 840.69305 | Q2: 800.3062 | R2: 787.64744 | S2: 774.98867 | T2: 762.32991 | U2: 749.67115 | V2: 737.01238
A3: Moderate | B3: Fixed O&M | C3: 22.528909 | D3: 22.004632 | E3: 21.495508 | F3: 20.988336 | G3: 20.483037 | H3: 19.979537 | I3: 19.477765 | J3: 18.977654 | K3: 18.47914 | L3: 17.982163 | M3: 17.486666 | N3: 16.992594 | O3: 16.499895 | P3: 16.008519 | Q3: 15.51842 | R3: 15.383614 | S3: 15.248811 | T3: 15.11401 | U3: 14.979211 | V3: 14.844415
A5: Nominal | B5: Overnight Capital
A6: Nominal | B6: Fixed O&M | L6: =L2*VLOOKUP($L$1,'US CPI'!$H$10:$I$26,2,FALSE) -> 1306.6257 | V6: =V2*VLOOKUP($V$1,'US CPI'!$H$10:$I$26,2,FALSE) -> 1171.2667
L7: =L3*VLOOKUP($L$1,'US CPI'!$H$10:$I$26,2,FALSE) -> 23.443433 | V7: =V3*VLOOKUP($V$1,'US CPI'!$H$10:$I$26,2,FALSE) -> 23.590877

Sheet US CPI
A1: Source: | B1: https://data.bls.gov/dataViewer/view/timeseries/CUUR0000SA0 | J1: Source: | K1: Inflation | L1: 0.02
B3: Consumer Price Index for All Urban Consumers (CPI-U)
A5: Series ID | B5: Year | C5: Period | D5: Label | E5: Value
A6: CUUR0000SA0 | B6: 2021 | C6: M01 | D6: 2021 Jan | E6: 261.582 | I6: 2021 | J6: 2022 | K6: 2023 | L6: 2024
A7: CUUR0000SA0 | B7: 2021 | C7: M02 | D7: 2021 Feb | E7: 263.014 | H7: CPI | I7: =AVERAGEIF($B$6:$B$53,I$6,$E$6:$E$53) -> 270.96975 | J7: =AVERAGEIF($B$6:$B$53,J$6,$E$6:$E$53) -> 292.65492 | K7: =AVERAGEIF($B$6:$B$53,K$6,$E$6:$E$53) -> 304.70158 | L7: =AVERAGEIF($B$6:$B$53,L$6,$E$6:$E$53) -> 313.68883 | M7: =(L7-I7)/I7 -> 0.15765259 | O7: =L7/I7 -> 1.1576526
A8: CUUR0000SA0 | B8: 2021 | C8: M03 | D8: 2021 Mar | E8: 264.877
A9: CUUR0000SA0 | B9: 2021 | C9: M04 | D9: 2021 Apr | E9: 267.054
A10: CUUR0000SA0 | B10: 2021 | C10: M05 | D10: 2021 May | E10: 269.195 | H10: 2021-2024 | I10: =M7+1 -> 1.1576526 | L10: 2024 | M10: =$L$7 -> 313.68883
A11: CUUR0000SA0 | B11: 2021 | C11: M06 | D11: 2021 Jun | E11: 271.696 | H11: 2025 | I11: =I10*(1+$L$1) -> 1.1808056 | L11: 2025 | M11: =M10*(1+$L$1) -> 319.96261
A12: CUUR0000SA0 | B12: 2021 | C12: M07 | D12: 2021 Jul | E12: 273.003 | H12: 2026 | I12: =I11*(1+$L$1) -> 1.2044218 | L12: 2026 | M12: =M11*(1+$L$1) -> 326.36186
A13: CUUR0000SA0 | B13: 2021 | C13: M08 | D13: 2021 Aug | E13: 273.567 | H13: 2027 | I13: =I12*(1+$L$1) -> 1.2285102 | L13: 2027 | M13: =M12*(1+$L$1) -> 332.8891
A14: CUUR0000SA0 | B14: 2021 | C14: M09 | D14: 2021 Sep | E14: 274.31 | H14: 2028 | I14: =I13*(1+$L$1) -> 1.2530804 | L14: 2028 | M14: =M13*(1+$L$1) -> 339.54688
A15: CUUR0000SA0 | B15: 2021 | C15: M10 | D15: 2021 Oct | E15: 276.589 | H15: 2029 | I15: =I14*(1+$L$1) -> 1.278142 | L15: 2029 | M15: =M14*(1+$L$1) -> 346.33782
A16: CUUR0000SA0 | B16: 2021 | C16: M11 | D16: 2021 Nov | E16: 277.948 | H16: 2030 | I16: =I15*(1+$L$1) -> 1.3037048 | L16: 2030 | M16: =M15*(1+$L$1) -> 353.26458 | N16: =M16/$M$10 -> 1.1261624 | O16: Conversion for 2024 to 2030
A17: CUUR0000SA0 | B17: 2021 | C17: M12 | D17: 2021 Dec | E17: 278.802 | H17: 2031 | I17: =I16*(1+$L$1) -> 1.3297789 | L17: 2031 | M17: =M16*(1+$L$1) -> 360.32987
A18: CUUR0000SA0 | B18: 2022 | C18: M01 | D18: 2022 Jan | E18: 281.148 | H18: 2032 | I18: =I17*(1+$L$1) -> 1.3563745 | L18: 2032 | M18: =M17*(1+$L$1) -> 367.53646
A19: CUUR0000SA0 | B19: 2022 | C19: M02 | D19: 2022 Feb | E19: 283.716 | H19: 2033 | I19: =I18*(1+$L$1) -> 1.383502 | L19: 2033 | M19: =M18*(1+$L$1) -> 374.88719
A20: CUUR0000SA0 | B20: 2022 | C20: M03 | D20: 2022 Mar | E20: 287.504 | H20: 2034 | I20: =I19*(1+$L$1) -> 1.411172 | L20: 2034 | M20: =M19*(1+$L$1) -> 382.38494
A21: CUUR0000SA0 | B21: 2022 | C21: M04 | D21: 2022 Apr | E21: 289.109 | H21: 2035 | I21: =I20*(1+$L$1) -> 1.4393955 | L21: 2035 | M21: =M20*(1+$L$1) -> 390.03264
A22: CUUR0000SA0 | B22: 2022 | C22: M05 | D22: 2022 May | E22: 292.296 | H22: 2036 | I22: =I21*(1+$L$1) -> 1.4681834 | L22: 2036 | M22: =M21*(1+$L$1) -> 397.83329
A23: CUUR0000SA0 | B23: 2022 | C23: M06 | D23: 2022 Jun | E23: 296.311 | H23: 2037 | I23: =I22*(1+$L$1) -> 1.4975471 | L23: 2037 | M23: =M22*(1+$L$1) -> 405.78995
A24: CUUR0000SA0 | B24: 2022 | C24: M07 | D24: 2022 Jul | E24: 296.276 | H24: 2038 | I24: =I23*(1+$L$1) -> 1.527498 | L24: 2038 | M24: =M23*(1+$L$1) -> 413.90575
A25: CUUR0000SA0 | B25: 2022 | C25: M08 | D25: 2022 Aug | E25: 296.171 | H25: 2039 | I25: =I24*(1+$L$1) -> 1.558048 | L25: 2039 | M25: =M24*(1+$L$1) -> 422.18387
A26: CUUR0000SA0 | B26: 2022 | C26: M09 | D26: 2022 Sep | E26: 296.808 | H26: 2040 | I26: =I25*(1+$L$1) -> 1.5892089 | L26: 2040 | M26: =M25*(1+$L$1) -> 430.62755 | N26: =M26/$M$10 -> 1.3727857 | O26: Conversion for 2024 to 2040
A27: CUUR0000SA0 | B27: 2022 | C27: M10 | D27: 2022 Oct | E27: 298.012
A28: CUUR0000SA0 | B28: 2022 | C28: M11 | D28: 2022 Nov | E28: 297.711
A29: CUUR0000SA0 | B29: 2022 | C29: M12 | D29: 2022 Dec | E29: 296.797
A30: CUUR0000SA0 | B30: 2023 | C30: M01 | D30: 2023 Jan | E30: 299.17
A31: CUUR0000SA0 | B31: 2023 | C31: M02 | D31: 2023 Feb | E31: 300.84
A32: CUUR0000SA0 | B32: 2023 | C32: M03 | D32: 2023 Mar | E32: 301.836
A33: CUUR0000SA0 | B33: 2023 | C33: M04 | D33: 2023 Apr | E33: 303.363
A34: CUUR0000SA0 | B34: 2023 | C34: M05 | D34: 2023 May | E34: 304.127
A35: CUUR0000SA0 | B35: 2023 | C35: M06 | D35: 2023 Jun | E35: 305.109
A36: CUUR0000SA0 | B36: 2023 | C36: M07 | D36: 2023 Jul | E36: 305.691
A37: CUUR0000SA0 | B37: 2023 | C37: M08 | D37: 2023 Aug | E37: 307.026
A38: CUUR0000SA0 | B38: 2023 | C38: M09 | D38: 2023 Sep | E38: 307.789
... A53: CUUR0000SA0 | B53: 2024 | C53: M12 | D53: 2024 Dec | E53: 315.605

Sheet LCOE $MWH-->

Sheet Offshore Wind LCOE
N1: 2030 | Q1: 2040
A2: Dollars | B2: Year | C2: Zone | D2: Category | E2: Units | F2: Base Value | G2: Sensitivity 1 | H2: Sensitivity 2 | M2: Zone | N2: No ITC | O2: With ITC 30% | Q2: No ITC | R2: With ITC 30% | S2: With ITC 15%
A3: Real | B3: 2021 | C3: All | D3: Build Cost | E3: $/kW | F3: ='IESO Pathways to Decarb App A'!$H$18 -> 2625 | G3: ='IESO Pathways to Decarb App A'!$H$18 -> 2625 | H3: ='IESO Pathways to Decarb App A'!$H$18 -> 2625 | K3: Base | L3: US $/MWh | M3: East/SW 14 | N3: =(('NREL ATB 2023 Financial'!$E$10*'NREL ATB 2023 Financial'!$E$12*'NREL ATB 2023 Financial'!$E$11*('Offshore Wind LCOE'!$F$10*1+'Offshore Wind LCOE'!$F13)+'Offshore Wind LCOE'!$F$12)*1000/('Offshore Wind LCOE'!$F8*8760)) -> 127.55251 | O3: =(('NREL ATB 2023 Financial'!$E$10*'NREL ATB 2023 Financial'!$E$12*'NREL ATB 2023 Financial'!$E$11*('Offshore Wind LCOE'!$F$11*1+'Offshore Wind LCOE'!$F13)+'Offshore Wind LCOE'!$F$12)*1000/('Offshore Wind LCOE'!$F8*8760)) -> 104.47958 | Q3: =(('NREL ATB 2023 Financial'!$E$10*'NREL ATB 2023 Financial'!$E$12*'NREL ATB 2023 Financial'!$E$11*('Offshore Wind LCOE'!$F$22*1+'Offshore Wind LCOE'!$F26)+'Offshore Wind LCOE'!$F$25)*1000/($F$20*8760)) -> 141.29728 | R3: =(('NREL ATB 2023 Financial'!$E$10*'NREL ATB 2023 Financial'!$E$12*'NREL ATB 2023 Financial'!$E$11*('Offshore Wind LCOE'!$F$23*1+'Offshore Wind LCOE'!$F26)+'Offshore Wind LCOE'!$F$25)*1000/('Offshore Wind LCOE'!$F20*8760)) -> 116.38588 | S3: =(('NREL ATB 2023 Financial'!$E$10*'NREL ATB 2023 Financial'!$E$12*'NREL ATB 2023 Financial'!$E$11*('Offshore Wind LCOE'!$F$24*1+'Offshore Wind LCOE'!$F26)+'Offshore Wind LCOE'!$F$25)*1000/('Offshore Wind LCOE'!$F20*8760)) -> 128.84158
A4: Real | B4: 2021 | C4: All | D4: Fixed O&M | E4: $/kW-Yr | F4: ='IESO Pathways to Decarb App A'!$K$18 -> 91 | G4: ='IESO Pathways to Decarb App A'!$K$18 -> 91 | H4: ='IESO Pathways to Decarb App A'!$K$18 -> 91 | K4: Base | L4: US $/MWh | M4: Northwest 16 | N4: =(('NREL ATB 2023 Financial'!$E$10*'NREL ATB 2023 Financial'!$E$12*'NREL ATB 2023 Financial'!$E$11*('Offshore Wind LCOE'!$F$10*1+'Offshore Wind LCOE'!$F14)+'Offshore Wind LCOE'!$F$12)*1000/('Offshore Wind LCOE'!$F9*8760)) -> 118.62843 | O4: =(('NREL ATB 2023 Financial'!$E$10*'NREL ATB 2023 Financial'!$E$12*'NREL ATB 2023 Financial'!$E$11*('Offshore Wind LCOE'!$F$11*1+'Offshore Wind LCOE'!$F14)+'Offshore Wind LCOE'!$F$12)*1000/('Offshore Wind LCOE'!$F9*8760)) -> 97.365141 | Q4: =(('NREL ATB 2023 Financial'!$E$10*'NREL ATB 2023 Financial'!$E$12*'NREL ATB 2023 Financial'!$E$11*('Offshore Wind LCOE'!$F$22*1+'Offshore Wind LCOE'!$F27)+'Offshore Wind LCOE'!$F$25)*1000/('Offshore Wind LCOE'!$F21*8760)) -> 129.00225 | R4: =(('NREL ATB 2023 Financial'!$E$10*'NREL ATB 2023 Financial'!$E$12*'NREL ATB 2023 Financial'!$E$11*('Offshore Wind LCOE'!$F$23*1+'Offshore Wind LCOE'!$F27)+'Offshore Wind LCOE'!$F$25)*1000/('Offshore Wind LCOE'!$F21*8760)) -> 106.48617 | S4: =(('NREL ATB 2023 Financial'!$E$10*'NREL ATB 2023 Financial'!$E$12*'NREL ATB 2023 Financial'!$E$11*('Offshore Wind LCOE'!$F$24*1+'Offshore Wind LCOE'!$F27)+'Offshore Wind LCOE'!$F$25)*1000/('Offshore Wind LCOE'!$F21*8760)) -> 117.74421
A5: Real | B5: 2021 | C5: East/SW 14 | D5: Transmission | E5: $/kW | F5: ='IESO Pathways to Decarb App A'!$N18 -> 745 | G5: ='IESO Pathways to Decarb App A'!$N18 -> 745 | H5: ='IESO Pathways to Decarb App A'!$N18 -> 745
A6: Real | B6: 2021 | C6: Northwest 16 | D6: Transmission | E6: $/kW | F6: ='IESO Pathways to Decarb App A'!$N20 -> 785 | G6: ='IESO Pathways to Decarb App A'!$N20 -> 785 | H6: ='IESO Pathways to Decarb App A'!$N20 -> 785 | K6: Sensitivity 1 | L6: US $/MWh | M6: East/SW 14 | N6: =(('NREL ATB 2023 Financial'!$H$10*'NREL ATB 2023 Financial'!$H$12*'NREL ATB 2023 Financial'!$H$11*('Offshore Wind LCOE'!$G$10*1+'Offshore Wind LCOE'!$G13)+'Offshore Wind LCOE'!$G$12)*1000/('Offshore Wind LCOE'!$G8*8760)) -> 127.55251 | O6: =(('NREL ATB 2023 Financial'!$H$10*'NREL ATB 2023 Financial'!$H$12*'NREL ATB 2023 Financial'!$H$11*('Offshore Wind LCOE'!$G$11*1+'Offshore Wind LCOE'!$G13)+'Offshore Wind LCOE'!$G$12)*1000/('Offshore Wind LCOE'!$G8*8760)) -> 104.47958 | Q6: =(('NREL ATB 2023 Financial'!$H$10*'NREL ATB 2023 Financial'!$H$12*'NREL ATB 2023 Financial'!$H$11*('Offshore Wind LCOE'!$G$22*1+'Offshore Wind LCOE'!$G26)+'Offshore Wind LCOE'!$G$25)*1000/($G$20*8760)) -> 141.29728 | R6: =(('NREL ATB 2023 Financial'!$H$10*'NREL ATB 2023 Financial'!$H$12*'NREL ATB 2023 Financial'!$H$11*('Offshore Wind LCOE'!$G$23*1+'Offshore Wind LCOE'!$G26)+'Offshore Wind LCOE'!$G$25)*1000/($G$20*8760)) -> 116.38588 | S6: =(('NREL ATB 2023 Financial'!$H$10*'NREL ATB 2023 Financial'!$H$12*'NREL ATB 2023 Financial'!$H$11*('Offshore Wind LCOE'!$G$24*1+'Offshore Wind LCOE'!$G26)+'Offshore Wind LCOE'!$G$25)*1000/($G$20*8760)) -> 128.84158
C7: All | D7: Life | E7: Years | F7: ='IESO Pathways to Decarb App A'!$O$18 -> 30 | G7: ='IESO Pathways to Decarb App A'!$O$18 -> 30 | H7: ='IESO Pathways to Decarb App A'!$O$18 -> 30 | K7: Sensitivity 1 | L7: US $/MWh | M7: Northwest 16 | N7: =(('NREL ATB 2023 Financial'!$H$10*'NREL ATB 2023 Financial'!$H$12*'NREL ATB 2023 Financial'!$H$11*('Offshore Wind LCOE'!$G$10*1+'Offshore Wind LCOE'!$G14)+'Offshore Wind LCOE'!$G$12)*1000/('Offshore Wind LCOE'!$G9*8760)) -> 118.62843 | O7: =(('NREL ATB 2023 Financial'!$H$10*'NREL ATB 2023 Financial'!$H$12*'NREL ATB 2023 Financial'!$H$11*('Offshore Wind LCOE'!$G$11*1+'Offshore Wind LCOE'!$G14)+'Offshore Wind LCOE'!$G$12)*1000/('Offshore Wind LCOE'!$G9*8760)) -> 97.365141 | Q7: =(('NREL ATB 2023 Financial'!$H$10*'NREL ATB 2023 Financial'!$H$12*'NREL ATB 2023 Financial'!$H$11*('Offshore Wind LCOE'!$G$22*1+'Offshore Wind LCOE'!$G27)+'Offshore Wind LCOE'!$G$25)*1000/($G$21*8760)) -> 129.00225 | R7: =(('NREL ATB 2023 Financial'!$H$10*'NREL ATB 2023 Financial'!$H$12*'NREL ATB 2023 Financial'!$H$11*('Offshore Wind LCOE'!$G$23*1+'Offshore Wind LCOE'!$G27)+'Offshore Wind LCOE'!$G$25)*1000/($G$21*8760)) -> 106.48617 | S7: =(('NREL ATB 2023 Financial'!$H$10*'NREL ATB 2023 Financial'!$H$12*'NREL ATB 2023 Financial'!$H$11*('Offshore Wind LCOE'!$G$24*1+'Offshore Wind LCOE'!$G27)+'Offshore Wind LCOE'!$G$25)*1000/($G$21*8760)) -> 117.74421
C8: East/SW 14 | D8: Capacity Factor | E8: % | F8: ='IESO Pathways to Decarb App A'!$E18 -> 0.47 | G8: ='IESO Pathways to Decarb App A'!$E18 -> 0.47 | H8: ='IESO Pathways to Decarb App A'!$E18 -> 0.47
C9: Northwest 16 | D9: Capacity Factor | E9: % | F9: ='IESO Pathways to Decarb App A'!$E20 -> 0.51 | G9: ='IESO Pathways to Decarb App A'!$E20 -> 0.51 | H9: ='IESO Pathways to Decarb App A'!$E20 -> 0.51 | K9: Sensitivity 2 | L9: US $/MWh | M9: East/SW 14 | N9: =(('NREL ATB 2023 Financial'!$I$10*'NREL ATB 2023 Financial'!$I$12*'NREL ATB 2023 Financial'!$I$11*('Offshore Wind LCOE'!$H$10*1+'Offshore Wind LCOE'!$H13)+'Offshore Wind LCOE'!$H$12)*1000/('Offshore Wind LCOE'!$H8*8760)) -> 127.55251 | O9: =(('NREL ATB 2023 Financial'!$I$10*'NREL ATB 2023 Financial'!$I$12*'NREL ATB 2023 Financial'!$I$11*('Offshore Wind LCOE'!$H$11*1+'Offshore Wind LCOE'!$H13)+'Offshore Wind LCOE'!$H$12)*1000/('Offshore Wind LCOE'!$H8*8760)) -> 104.47958 | Q9: =(('NREL ATB 2023 Financial'!$I$10*'NREL ATB 2023 Financial'!$I$12*'NREL ATB 2023 Financial'!$I$11*('Offshore Wind LCOE'!$H$22*1+'Offshore Wind LCOE'!$H26)+'Offshore Wind LCOE'!$H$25)*1000/($H$20*8760)) -> 141.29728 | R9: =(('NREL ATB 2023 Financial'!$I$10*'NREL ATB 2023 Financial'!$I$12*'NREL ATB 2023 Financial'!$I$11*('Offshore Wind LCOE'!$H$23*1+'Offshore Wind LCOE'!$H26)+'Offshore Wind LCOE'!$H$25)*1000/($H$20*8760)) -> 116.38588 | S9: =(('NREL ATB 2023 Financial'!$I$10*'NREL ATB 2023 Financial'!$I$12*'NREL ATB 2023 Financial'!$I$11*('Offshore Wind LCOE'!$H$24*1+'Offshore Wind LCOE'!$H26)+'Offshore Wind LCOE'!$H$25)*1000/($H$20*8760)) -> 128.84158
A10: Nominal | B10: 2030 | C10: All | D10: Build Cost | E10: $/kW | F10: =F3*VLOOKUP($B10,'US CPI'!$H$10:$I$26,2,FALSE) -> 3422.2252 | G10: =G3*VLOOKUP($B10,'US CPI'!$H$10:$I$26,2,FALSE) -> 3422.2252 | H10: =H3*VLOOKUP($B10,'US CPI'!$H$10:$I$26,2,FALSE) -> 3422.2252 | K10: Sensitivity 2 | L10: US $/MWh | M10: Northwest 16 | N10: =(('NREL ATB 2023 Financial'!$I$10*'NREL ATB 2023 Financial'!$I$12*'NREL ATB 2023 Financial'!$I$11*('Offshore Wind LCOE'!$H$10*1+'Offshore Wind LCOE'!$H14)+'Offshore Wind LCOE'!$H$12)*1000/('Offshore Wind LCOE'!$H9*8760)) -> 118.62843 | O10: =(('NREL ATB 2023 Financial'!$I$10*'NREL ATB 2023 Financial'!$I$12*'NREL ATB 2023 Financial'!$I$11*('Offshore Wind LCOE'!$H$11*1+'Offshore Wind LCOE'!$H14)+'Offshore Wind LCOE'!$H$12)*1000/('Offshore Wind LCOE'!$H9*8760)) -> 97.365141 | Q10: =(('NREL ATB 2023 Financial'!$I$10*'NREL ATB 2023 Financial'!$I$12*'NREL ATB 2023 Financial'!$I$11*('Offshore Wind LCOE'!$H$22*1+'Offshore Wind LCOE'!$H27)+'Offshore Wind LCOE'!$H$25)*1000/($H$21*8760)) -> 129.00225 | R10: =(('NREL ATB 2023 Financial'!$I$10*'NREL ATB 2023 Financial'!$I$12*'NREL ATB 2023 Financial'!$I$11*('Offshore Wind LCOE'!$H$23*1+'Offshore Wind LCOE'!$H27)+'Offshore Wind LCOE'!$H$25)*1000/($H$21*8760)) -> 106.48617 | S10: =(('NREL ATB 2023 Financial'!$I$10*'NREL ATB 2023 Financial'!$I$12*'NREL ATB 2023 Financial'!$I$11*('Offshore Wind LCOE'!$H$24*1+'Offshore Wind LCOE'!$H27)+'Offshore Wind LCOE'!$H$25)*1000/($H$21*8760)) -> 117.74421
A11: Nominal | B11: 2030 | C11: All | D11: Build Cost with ITC Adjustment 30% | E11: $/kW | F11: =$F$10-($F$10*30%) -> 2395.5576 | G11: =$G$10-($G$10*30%) -> 2395.5576 | H11: =$H$10-($H$10*30%) -> 2395.5576
A12: Nominal | B12: 2030 | C12: All | D12: Fixed O&M | E12: $/kW-Yr | F12: =F4*VLOOKUP($B12,'US CPI'!$H$10:$I$26,2,FALSE) -> 118.63714 | G12: =G4*VLOOKUP($B12,'US CPI'!$H$10:$I$26,2,FALSE) -> 118.63714 | H12: =H4*VLOOKUP($B12,'US CPI'!$H$10:$I$26,2,FALSE) -> 118.63714
A13: Nominal | B13: 2030 | C13: East/SW 14 | D13: Transmission | E13: $/kW | F13: =F5*VLOOKUP($B13,'US CPI'!$H$10:$I$26,2,FALSE) -> 971.26011 | G13: =G5*VLOOKUP($B13,'US CPI'!$H$10:$I$26,2,FALSE) -> 971.26011 | H13: =H5*VLOOKUP($B13,'US CPI'!$H$10:$I$26,2,FALSE) -> 971.26011
A14: Nominal | B14: 2030 | C14: Northwest 16 | D14: Transmission | E14: $/kW | F14: =F6*VLOOKUP($B14,'US CPI'!$H$10:$I$26,2,FALSE) -> 1023.4083 | G14: =G6*VLOOKUP($B14,'US CPI'!$H$10:$I$26,2,FALSE) -> 1023.4083 | H14: =H6*VLOOKUP($B14,'US CPI'!$H$10:$I$26,2,FALSE) -> 1023.4083
A15: Real | B15: 2021 | C15: All | D15: Build Cost | E15: $/kW | F15: ='IESO Pathways to Decarb App A'!$I$18 -> 2325 | G15: ='IESO Pathways to Decarb App A'!$I$18 -> 2325 | H15: ='IESO Pathways to Decarb App A'!$I$18 -> 2325
A16: Real | B16: 2021 | C16: All | D16: Fixed O&M | E16: $/kW-Yr | F16: ='IESO Pathways to Decarb App A'!$L$18 -> 82 | G16: ='IESO Pathways to Decarb App A'!$L$18 -> 82 | H16: ='IESO Pathways to Decarb App A'!$L$18 -> 82
A17: Real | B17: 2021 | C17: East/SW 14 | D17: Transmission | E17: $/kW | F17: ='IESO Pathways to Decarb App A'!$N18 -> 745 | G17: ='IESO Pathways to Decarb App A'!$N18 -> 745 | H17: ='IESO Pathways to Decarb App A'!$N18 -> 745
A18: Real | B18: 2021 | C18: Northwest 16 | D18: Transmission | E18: $/kW | F18: ='IESO Pathways to Decarb App A'!$N20 -> 785 | G18: ='IESO Pathways to Decarb App A'!$N20 -> 785 | H18: ='IESO Pathways to Decarb App A'!$N20 -> 785
C19: All | D19: Life | E19: Years | F19: ='IESO Pathways to Decarb App A'!$O$18 -> 30 | G19: ='IESO Pathways to Decarb App A'!$O$18 -> 30 | H19: ='IESO Pathways to Decarb App A'!$O$18 -> 30
C20: East/SW 14 | D20: Capacity Factor | E20: % | F20: ='IESO Pathways to Decarb App A'!$F$18 -> 0.47 | G20: ='IESO Pathways to Decarb App A'!$F$18 -> 0.47 | H20: ='IESO Pathways to Decarb App A'!$F$18 -> 0.47
C21: Northwest 16 | D21: Capacity Factor | E21: % | F21: ='IESO Pathways to Decarb App A'!$F$20 -> 0.52 | G21: ='IESO Pathways to Decarb App A'!$F$20 -> 0.52 | H21: ='IESO Pathways to Decarb App A'!$F$20 -> 0.52
A22: Nominal | B22: 2040 | C22: All | D22: Build Cost | E22: $/kW | F22: =$F$15*VLOOKUP($B22,'US CPI'!$H$10:$I$26,2,FALSE) -> 3694.9108 | G22: =$G$15*VLOOKUP($B22,'US CPI'!$H$10:$I$26,2,FALSE) -> 3694.9108 | H22: =$H$15*VLOOKUP($B22,'US CPI'!$H$10:$I$26,2,FALSE) -> 3694.9108
A23: Nominal | B23: 2040 | C23: All | D23: Build Cost with ITC Adjustment 30% | E23: $/kW | F23: =$F$22-($F$22*30%) -> 2586.4375 | G23: =$G$22-($G$22*30%) -> 2586.4375 | H23: =$H$22-($H$22*30%) -> 2586.4375
A24: Nominal | B24: 2040 | C24: All | D24: Build Cost with ITC Adjustment 15% | E24: $/kW | F24: =$F$22-($F$22*15%) -> 3140.6741 | G24: =$G$22-($G$22*15%) -> 3140.6741 | H24: =$H$22-($H$22*15%) -> 3140.6741
A25: Nominal | B25: 2040 | C25: All | D25: Fixed O&M | E25: $/kW-Yr | F25: =$F$16*VLOOKUP($B25,'US CPI'!$H$10:$I$26,2,FALSE) -> 130.31513 | G25: =$G$16*VLOOKUP($B25,'US CPI'!$H$10:$I$26,2,FALSE) -> 130.31513 | H25: =$H$16*VLOOKUP($B25,'US CPI'!$H$10:$I$26,2,FALSE) -> 130.31513
A26: Nominal | B26: 2040 | C26: East/SW 14 | D26: Transmission | E26: $/kW | F26: =$F17*VLOOKUP($B26,'US CPI'!$H$10:$I$26,2,FALSE) -> 1183.9607 | G26: =$G17*VLOOKUP($B26,'US CPI'!$H$10:$I$26,2,FALSE) -> 1183.9607 | H26: =$H17*VLOOKUP($B26,'US CPI'!$H$10:$I$26,2,FALSE) -> 1183.9607
A27: Nominal | B27: 2040 | C27: Northwest 16 | D27: Transmission | E27: $/kW | F27: =$F18*VLOOKUP($B27,'US CPI'!$H$10:$I$26,2,FALSE) -> 1247.529 | G27: =$G18*VLOOKUP($B27,'US CPI'!$H$10:$I$26,2,FALSE) -> 1247.529 | H27: =$H18*VLOOKUP($B27,'US CPI'!$H$10:$I$26,2,FALSE) -> 1247.529

Sheet Nuclear LCOE
P1: 2030 and 60 year Life | S1: 2030 and 50 year Life | V1: 2030 and 30 year Life | Y1: 2040 and 60 year Life | AC1: 2040 and 50 year Life | AG1: 2040 and 30 year Life
C2: Year | D2: Source | E2: Category | F2: Units | G2: Base Value | H2: Sensitivity 1 | I2: Sensitivity 2 | P2: No ITC | Q2: With ITC 30% | S2: No ITC | T2: With ITC 30% | V2: No ITC | W2: With ITC 30% | Y2: No ITC | Z2: With ITC 30% | AA2: With ITC 15% | AC2: No ITC | AD2: With ITC 30% | AE2: With ITC 15% | AG2: No ITC | AH2: With ITC 30% | AI2: With ITC 15%
B3: Nominal | C3: 2030 | D3: Vogtle Cost Estimate | E3: Build Cost | F3: $/kW | G3: ='Vogtle Costs'!$C$7*'US CPI'!$N$16 -> 18600.887 | H3: ='Vogtle Costs'!$C$7*'US CPI'!$N$16 -> 18600.887 | I3: ='Vogtle Costs'!$C$7*'US CPI'!$N$16 -> 18600.887 | M3: Base | N3: US $/MWh | O3: Vogtle Cost Estimate | P3: =(('NREL ATB 2023 Financial'!$E$19*'NREL ATB 2023 Financial'!$E$21*'NREL ATB 2023 Financial'!$E$20*('Nuclear LCOE'!$G$3*1+0)+'Nuclear LCOE'!$G$33)*1000/('Nuclear LCOE'!$G$25*8760)+'Nuclear LCOE'!$G$32+'Nuclear LCOE'!$G$35) -> 313.85878 | Q3: =(('NREL ATB 2023 Financial'!$E$19*'NREL ATB 2023 Financial'!$E$21*'NREL ATB 2023 Financial'!$E$20*('Nuclear LCOE'!$G$4*1+0)+'Nuclear LCOE'!$G$33)*1000/('Nuclear LCOE'!$G$25*8760)+'Nuclear LCOE'!$G$32+'Nuclear LCOE'!$G$35) -> 231.81223 | S3: =(('NREL ATB 2023 Financial'!$F$19*'NREL ATB 2023 Financial'!$E$21*'NREL ATB 2023 Financial'!$E$20*('Nuclear LCOE'!$G$3*1+0)+'Nuclear LCOE'!$G$33)*1000/('Nuclear LCOE'!$G$25*8760)+'Nuclear LCOE'!$G$32+'Nuclear LCOE'!$G$35) -> 317.86084 | T3: =(('NREL ATB 2023 Financial'!$F$19*'NREL ATB 2023 Financial'!$E$21*'NREL ATB 2023 Financial'!$E$20*('Nuclear LCOE'!$G$4*1+0)+'Nuclear LCOE'!$G$33)*1000/('Nuclear LCOE'!$G$25*8760)+'Nuclear LCOE'!$G$32+'Nuclear LCOE'!$G$35) -> 234.61367 | V3: =(('NREL ATB 2023 Financial'!$G$19*'NREL ATB 2023 Financial'!$E$21*'NREL ATB 2023 Financial'!$E$20*('Nuclear LCOE'!$G$3*1+0)+'Nuclear LCOE'!$G$33)*1000/('Nuclear LCOE'!$G$25*8760)+'Nuclear LCOE'!$G$32+'Nuclear LCOE'!$G$35) -> 345.73583 | W3: =(('NREL ATB 2023 Financial'!$G$19*'NREL ATB 2023 Financial'!$E$21*'NREL ATB 2023 Financial'!$E$20*('Nuclear LCOE'!$G$4*1+0)+'Nuclear LCOE'!$G$33)*1000/('Nuclear LCOE'!$G$25*8760)+'Nuclear LCOE'!$G$32+'Nuclear LCOE'!$G$35) -> 254.12616 | Y3: =(('NREL ATB 2023 Financial'!$E$19*'NREL ATB 2023 Financial'!$E$21*'NREL ATB 2023 Financial'!$E$20*('Nuclear LCOE'!$G$12*1+0)+'Nuclear LCOE'!$G$38)*1000/('Nuclear LCOE'!$G$25*8760)+'Nuclear LCOE'!$G$37+'Nuclear LCOE'!$G$40) -> 382.5921 | Z3: =(('NREL ATB 2023 Financial'!$E$19*'NREL ATB 2023 Financial'!$E$21*'NREL ATB 2023 Financial'!$E$20*('Nuclear LCOE'!$G$13*1+0)+'Nuclear LCOE'!$G$38)*1000/('Nuclear LCOE'!$G$25*8760)+'Nuclear LCOE'!$G$37+'Nuclear LCOE'!$G$40) -> 282.57781 | AA3: =(('NREL ATB 2023 Financial'!$E$19*'NREL ATB 2023 Financial'!$E$21*'NREL ATB 2023 Financial'!$E$20*('Nuclear LCOE'!$G$14*1+0)+'Nuclear LCOE'!$G$38)*1000/('Nuclear LCOE'!$G$25*8760)+'Nuclear LCOE'!$G$37+'Nuclear LCOE'!$G$40) -> 332.58496 | AC3: =(('NREL ATB 2023 Financial'!$F$19*'NREL ATB 2023 Financial'!$E$21*'NREL ATB 2023 Financial'!$E$20*('Nuclear LCOE'!$G$12*1+0)+'Nuclear LCOE'!$G$38)*1000/('Nuclear LCOE'!$G$25*8760)+'Nuclear LCOE'!$G$37+'Nuclear LCOE'!$G$40) -> 387.47059 | AD3: =(('NREL ATB 2023 Financial'!$F$19*'NREL ATB 2023 Financial'!$E$21*'NREL ATB 2023 Financial'!$E$20*('Nuclear LCOE'!$G$13*1+0)+'Nuclear LCOE'!$G$38)*1000/('Nuclear LCOE'!$G$25*8760)+'Nuclear LCOE'!$G$37+'Nuclear LCOE'!$G$40) -> 285.99275 | AE3: =(('NREL ATB 2023 Financial'!$F$19*'NREL ATB 2023 Financial'!$E$21*'NREL ATB 2023 Financial'!$E$20*('Nuclear LCOE'!$G$14*1+0)+'Nuclear LCOE'!$G$38)*1000/('Nuclear LCOE'!$G$25*8760)+'Nuclear LCOE'!$G$37+'Nuclear LCOE'!$G$40) -> 336.73167 | AG3: =(('NREL ATB 2023 Financial'!$G$19*'NREL ATB 2023 Financial'!$E$21*'NREL ATB 2023 Financial'!$E$20*('Nuclear LCOE'!$G$12*1+0)+'Nuclear LCOE'!$G$38)*1000/('Nuclear LCOE'!$G$25*8760)+'Nuclear LCOE'!$G$37+'Nuclear LCOE'!$G$40) -> 421.45005 | AH3: =(('NREL ATB 2023 Financial'!$G$19*'NREL ATB 2023 Financial'!$E$21*'NREL ATB 2023 Financial'!$E$20*('Nuclear LCOE'!$G$13*1+0)+'Nuclear LCOE'!$G$38)*1000/('Nuclear LCOE'!$G$25*8760)+'Nuclear LCOE'!$G$37+'Nuclear LCOE'!$G$40) -> 309.77838 | AI3: =(('NREL ATB 2023 Financial'!$G$19*'NREL ATB 2023 Financial'!$E$21*'NREL ATB 2023 Financial'!$E$20*('Nuclear LCOE'!$G$14*1+0)+'Nuclear LCOE'!$G$38)*1000/('Nuclear LCOE'!$G$25*8760)+'Nuclear LCOE'!$G$37+'Nuclear LCOE'!$G$40) -> 365.61421
B4: Nominal | C4: 2030 | E4: Build Cost with ITC Adjustment 30% | F4: $/kW | G4: =$G$3-($G$3*30%) -> 13020.621 | H4: =$H$3-($H$3*30%) -> 13020.621 | I4: =$I$3-($I$3*30%) -> 13020.621 | M4: Base | N4: US $/MWh | O4: TVA Cost Estimate FOAK | P4: =(('NREL ATB 2023 Financial'!$E$19*'NREL ATB 2023 Financial'!$E$21*'NREL ATB 2023 Financial'!$E$20*('Nuclear LCOE'!$G$6*1+0)+'Nuclear LCOE'!$G$48)*1000/('Nuclear LCOE'!$G$25*8760)+'Nuclear LCOE'!$G$47+'Nuclear LCOE'!$G$50) -> 325.06631 | Q4: =(('NREL ATB 2023 Financial'!$E$19*'NREL ATB 2023 Financial'!$E$21*'NREL ATB 2023 Financial'!$E$20*('Nuclear LCOE'!$G$7*1+0)+'Nuclear LCOE'!$G$48)*1000/('Nuclear LCOE'!$G$25*8760)+'Nuclear LCOE'!$G$47+'Nuclear LCOE'!$G$50) -> 238.1747 | S4: =(('NREL ATB 2023 Financial'!$F$19*'NREL ATB 2023 Financial'!$E$21*'NREL ATB 2023 Financial'!$E$20*('Nuclear LCOE'!$G$6*1+0)+'Nuclear LCOE'!$G$48)*1000/('Nuclear LCOE'!$G$25*8760)+'Nuclear LCOE'!$G$47+'Nuclear LCOE'!$G$50) -> 329.30471 | T4: =(('NREL ATB 2023 Financial'!$F$19*'NREL ATB 2023 Financial'!$E$21*'NREL ATB 2023 Financial'!$E$20*('Nuclear LCOE'!$G$7*1+0)+'Nuclear LCOE'!$G$48)*1000/('Nuclear LCOE'!$G$25*8760)+'Nuclear LCOE'!$G$47+'Nuclear LCOE'!$G$50) -> 241.14157 | V4: =(('NREL ATB 2023 Financial'!$G$19*'NREL ATB 2023 Financial'!$E$21*'NREL ATB 2023 Financial'!$E$20*('Nuclear LCOE'!$G$6*1+0)+'Nuclear LCOE'!$G$48)*1000/('Nuclear LCOE'!$G$25*8760)+'Nuclear LCOE'!$G$47+'Nuclear LCOE'!$G$50) -> 358.82579 | W4: =(('NREL ATB 2023 Financial'!$G$19*'NREL ATB 2023 Financial'!$E$21*'NREL ATB 2023 Financial'!$E$20*('Nuclear LCOE'!$G$7*1+0)+'Nuclear LCOE'!$G$48)*1000/('Nuclear LCOE'!$G$25*8760)+'Nuclear LCOE'!$G$47+'Nuclear LCOE'!$G$50) -> 261.80633 | Y4: =(('NREL ATB 2023 Financial'!$E$19*'NREL ATB 2023 Financial'!$E$21*'NREL ATB 2023 Financial'!$E$20*('Nuclear LCOE'!$G$15*1+0)+'Nuclear LCOE'!$G$53)*1000/('Nuclear LCOE'!$G$25*8760)+'Nuclear LCOE'!$G$52+'Nuclear LCOE'!$G$55) -> 334.62855 | Z4: =(('NREL ATB 2023 Financial'!$E$19*'NREL ATB 2023 Financial'!$E$21*'NREL ATB 2023 Financial'!$E$20*('Nuclear LCOE'!$G$16*1+0)+'Nuclear LCOE'!$G$53)*1000/('Nuclear LCOE'!$G$25*8760)+'Nuclear LCOE'!$G$52+'Nuclear LCOE'!$G$55) -> 247.19579 | AA4: =(('NREL ATB 2023 Financial'!$E$19*'NREL ATB 2023 Financial'!$E$21*'NREL ATB 2023 Financial'!$E$20*('Nuclear LCOE'!$G$17*1+0)+'Nuclear LCOE'!$G$53)*1000/('Nuclear LCOE'!$G$25*8760)+'Nuclear LCOE'!$G$52+'Nuclear LCOE'!$G$55) -> 290.91217 | AC4: =(('NREL ATB 2023 Financial'!$F$19*'NREL ATB 2023 Financial'!$E$21*'NREL ATB 2023 Financial'!$E$20*('Nuclear LCOE'!$G$15*1+0)+'Nuclear LCOE'!$G$53)*1000/('Nuclear LCOE'!$G$25*8760)+'Nuclear LCOE'!$G$52+'Nuclear LCOE'!$G$55) -> 338.89333 | AD4: =(('NREL ATB 2023 Financial'!$F$19*'NREL ATB 2023 Financial'!$E$21*'NREL ATB 2023 Financial'!$E$20*('Nuclear LCOE'!$G$16*1+0)+'Nuclear LCOE'!$G$53)*1000/('Nuclear LCOE'!$G$25*8760)+'Nuclear LCOE'!$G$52+'Nuclear LCOE'!$G$55) -> 250.18115 | AE4: =(('NREL ATB 2023 Financial'!$F$19*'NREL ATB 2023 Financial'!$E$21*'NREL ATB 2023 Financial'!$E$20*('Nuclear LCOE'!$G$17*1+0)+'Nuclear LCOE'!$G$53)*1000/('Nuclear LCOE'!$G$25*8760)+'Nuclear LCOE'!$G$52+'Nuclear LCOE'!$G$55) -> 294.53724 | AG4: =(('NREL ATB 2023 Financial'!$G$19*'NREL ATB 2023 Financial'!$E$21*'NREL ATB 2023 Financial'!$E$20*('Nuclear LCOE'!$G$15*1+0)+'Nuclear LCOE'!$G$53)*1000/('Nuclear LCOE'!$G$25*8760)+'Nuclear LCOE'!$G$52+'Nuclear LCOE'!$G$55) -> 368.59827 | AH4: =(('NREL ATB 2023 Financial'!$G$19*'NREL ATB 2023 Financial'!$E$21*'NREL ATB 2023 Financial'!$E$20*('Nuclear LCOE'!$G$16*1+0)+'Nuclear LCOE'!$G$53)*1000/('Nuclear LCOE'!$G$25*8760)+'Nuclear LCOE'!$G$52+'Nuclear LCOE'!$G$55) -> 270.9746 | AI4: =(('NREL ATB 2023 Financial'!$G$19*'NREL ATB 2023 Financial'!$E$21*'NREL ATB 2023 Financial'!$E$20*('Nuclear LCOE'!$G$17*1+0)+'Nuclear LCOE'!$G$53)*1000/('Nuclear LCOE'!$G$25*8760)+'Nuclear LCOE'!$G$52+'Nuclear LCOE'!$G$55) -> 319.78643
B5: Nominal | C5: 2030 | E5: Build Cost with ITC Adjustment 15% | F5: $/kW | G5: =$G$3-($G$3*15%) -> 15810.754 | H5: =$H$3-($H$3*15%) -> 15810.754 | I5: =$I$3-($I$3*15%) -> 15810.754 | M5: Base | N5: US $/MWh | O5: TVA Cost Estimate NOAK | P5: =(('NREL ATB 2023 Financial'!$E$19*'NREL ATB 2023 Financial'!$E$21*'NREL ATB 2023 Financial'!$E$20*('Nuclear LCOE'!$G$9*1+0)+'Nuclear LCOE'!$G$48)*1000/('Nuclear LCOE'!$G$25*8760)+'Nuclear LCOE'!$G$47+'Nuclear LCOE'!$G$50) -> 241.02606 | Q5: =(('NREL ATB 2023 Financial'!$E$19*'NREL ATB 2023 Financial'!$E$21*'NREL ATB 2023 Financial'!$E$20*('Nuclear LCOE'!$G$10*1+0)+'Nuclear LCOE'!$G$48)*1000/('Nuclear LCOE'!$G$25*8760)+'Nuclear LCOE'!$G$47+'Nuclear LCOE'!$G$50) -> 179.34652 | S5: =(('NREL ATB 2023 Financial'!$F$19*'NREL ATB 2023 Financial'!$E$21*'NREL ATB 2023 Financial'!$E$20*('Nuclear LCOE'!$G$9*1+0)+'Nuclear LCOE'!$G$48)*1000/('Nuclear LCOE'!$G$25*8760)+'Nuclear LCOE'!$G$47+'Nuclear LCOE'!$G$50) -> 244.03466 | T5: =(('NREL ATB 2023 Financial'!$F$19*'NREL ATB 2023 Financial'!$E$21*'NREL ATB 2023 Financial'!$E$20*('Nuclear LCOE'!$G$10*1+0)+'Nuclear LCOE'!$G$48)*1000/('Nuclear LCOE'!$G$25*8760)+'Nuclear LCOE'!$G$47+'Nuclear LCOE'!$G$50) -> 181.45254 | V5: =(('NREL ATB 2023 Financial'!$G$19*'NREL ATB 2023 Financial'!$E$21*'NREL ATB 2023 Financial'!$E$20*('Nuclear LCOE'!$G$9*1+0)+'Nuclear LCOE'!$G$48)*1000/('Nuclear LCOE'!$G$25*8760)+'Nuclear LCOE'!$G$47+'Nuclear LCOE'!$G$50) -> 264.99004 | W5: =(('NREL ATB 2023 Financial'!$G$19*'NREL ATB 2023 Financial'!$E$21*'NREL ATB 2023 Financial'!$E$20*('Nuclear LCOE'!$G$10*1+0)+'Nuclear LCOE'!$G$48)*1000/('Nuclear LCOE'!$G$25*8760)+'Nuclear LCOE'!$G$47+'Nuclear LCOE'!$G$50) -> 196.12131 | Y5: =(('NREL ATB 2023 Financial'!$E$19*'NREL ATB 2023 Financial'!$E$21*'NREL ATB 2023 Financial'!$E$20*('Nuclear LCOE'!$G$18*1+0)+'Nuclear LCOE'!$G$53)*1000/('Nuclear LCOE'!$G$25*8760)+'Nuclear LCOE'!$G$52+'Nuclear LCOE'!$G$55) -> 250.06492 | Z5: =(('NREL ATB 2023 Financial'!$E$19*'NREL ATB 2023 Financial'!$E$21*'NREL ATB 2023 Financial'!$E$20*('Nuclear LCOE'!$G$19*1+0)+'Nuclear LCOE'!$G$53)*1000/('Nuclear LCOE'!$G$25*8760)+'Nuclear LCOE'!$G$52+'Nuclear LCOE'!$G$55) -> 188.00125 | AA5: =(('NREL ATB 2023 Financial'!$E$19*'NREL ATB 2023 Financial'!$E$21*'NREL ATB 2023 Financial'!$E$20*('Nuclear LCOE'!$G$20*1+0)+'Nuclear LCOE'!$G$53)*1000/('Nuclear LCOE'!$G$25*8760)+'Nuclear LCOE'!$G$52+'Nuclear LCOE'!$G$55) -> 219.03309 | AC5: =(('NREL ATB 2023 Financial'!$F$19*'NREL ATB 2023 Financial'!$E$21*'NREL ATB 2023 Financial'!$E$20*('Nuclear LCOE'!$G$18*1+0)+'Nuclear LCOE'!$G$53)*1000/('Nuclear LCOE'!$G$25*8760)+'Nuclear LCOE'!$G$52+'Nuclear LCOE'!$G$55) -> 253.09225 | AD5: =(('NREL ATB 2023 Financial'!$F$19*'NREL ATB 2023 Financial'!$E$21*'NREL ATB 2023 Financial'!$E$20*('Nuclear LCOE'!$G$19*1+0)+'Nuclear LCOE'!$G$53)*1000/('Nuclear LCOE'!$G$25*8760)+'Nuclear LCOE'!$G$52+'Nuclear LCOE'!$G$55) -> 190.12039 | AE5: =(('NREL ATB 2023 Financial'!$F$19*'NREL ATB 2023 Financial'!$E$21*'NREL ATB 2023 Financial'!$E$20*('Nuclear LCOE'!$G$20*1+0)+'Nuclear LCOE'!$G$53)*1000/('Nuclear LCOE'!$G$25*8760)+'Nuclear LCOE'!$G$52+'Nuclear LCOE'!$G$55) -> 221.60632 | AG5: =(('NREL ATB 2023 Financial'!$G$19*'NREL ATB 2023 Financial'!$E$21*'NREL ATB 2023 Financial'!$E$20*('Nuclear LCOE'!$G$18*1+0)+'Nuclear LCOE'!$G$53)*1000/('Nuclear LCOE'!$G$25*8760)+'Nuclear LCOE'!$G$52+'Nuclear LCOE'!$G$55) -> 274.17814 | AH5: =(('NREL ATB 2023 Financial'!$G$19*'NREL ATB 2023 Financial'!$E$21*'NREL ATB 2023 Financial'!$E$20*('Nuclear LCOE'!$G$19*1+0)+'Nuclear LCOE'!$G$53)*1000/('Nuclear LCOE'!$G$25*8760)+'Nuclear LCOE'!$G$52+'Nuclear LCOE'!$G$55) -> 204.88051 | AI5: =(('NREL ATB 2023 Financial'!$G$19*'NREL ATB 2023 Financial'!$E$21*'NREL ATB 2023 Financial'!$E$20*('Nuclear LCOE'!$G$20*1+0)+'Nuclear LCOE'!$G$53)*1000/('Nuclear LCOE'!$G$25*8760)+'Nuclear LCOE'!$G$52+'Nuclear LCOE'!$G$55) -> 239.52932
B6: Nominal | C6: 2030 | D6: TVA Cost Estimate FOAK | E6: Build Cost FOAK | F6: $/kW | G6: ='TVA IRP'!$U$13 -> 19699.318 | H6: ='TVA IRP'!$U$13 -> 19699.318 | I6: ='TVA IRP'!$U$13 -> 19699.318
B7: Nominal | C7: 2030 | E7: Build Cost with ITC Adjustment 30% | F7: $/kW | G7: =$G$6-($G$6*30%) -> 13789.523 | H7: =$H$6-($H$6*30%) -> 13789.523 | I7: =$I$6-($I$6*30%) -> 13789.523 | M7: Sensitivity 1 | N7: US $/MWh | O7: Vogtle Cost Estimate | P7: =(('NREL ATB 2023 Financial'!$E$19*'NREL ATB 2023 Financial'!$E$21*'NREL ATB 2023 Financial'!$E$20*('Nuclear LCOE'!$H$3*1+0)+'Nuclear LCOE'!$H$33)*1000/('Nuclear LCOE'!$H$25*8760)+'Nuclear LCOE'!$H$32+'Nuclear LCOE'!$H$35) -> 313.85878 | Q7: =(('NREL ATB 2023 Financial'!$E$19*'NREL ATB 2023 Financial'!$E$21*'NREL ATB 2023 Financial'!$E$20*('Nuclear LCOE'!$H$4*1+0)+'Nuclear LCOE'!$H$33)*1000/('Nuclear LCOE'!$H$25*8760)+'Nuclear LCOE'!$H$32+'Nuclear LCOE'!$H$35) -> 231.81223 | S7: =(('NREL ATB 2023 Financial'!$F$19*'NREL ATB 2023 Financial'!$E$21*'NREL ATB 2023 Financial'!$E$20*('Nuclear LCOE'!$H$3*1+0)+'Nuclear LCOE'!$H$33)*1000/('Nuclear LCOE'!$H$25*8760)+'Nuclear LCOE'!$H$32+'Nuclear LCOE'!$H$35) -> 317.86084 | T7: =(('NREL ATB 2023 Financial'!$F$19*'NREL ATB 2023 Financial'!$E$21*'NREL ATB 2023 Financial'!$E$20*('Nuclear LCOE'!$H$4*1+0)+'Nuclear LCOE'!$H$33)*1000/('Nuclear LCOE'!$H$25*8760)+'Nuclear LCOE'!$H$32+'Nuclear LCOE'!$H$35) -> 234.61367 | V7: =(('NREL ATB 2023 Financial'!$G$19*'NREL ATB 2023 Financial'!$E$21*'NREL ATB 2023 Financial'!$E$20*('Nuclear LCOE'!$H$3*1+0)+'Nuclear LCOE'!$H$33)*1000/('Nuclear LCOE'!$H$25*8760)+'Nuclear LCOE'!$H$32+'Nuclear LCOE'!$H$35) -> 345.73583 | W7: =(('NREL ATB 2023 Financial'!$G$19*'NREL ATB 2023 Financial'!$E$21*'NREL ATB 2023 Financial'!$E$20*('Nuclear LCOE'!$H$4*1+0)+'Nuclear LCOE'!$H$33)*1000/('Nuclear LCOE'!$H$25*8760)+'Nuclear LCOE'!$H$32+'Nuclear LCOE'!$H$35) -> 254.12616 | Y7: =(('NREL ATB 2023 Financial'!$H$19*'NREL ATB 2023 Financial'!$H$21*'NREL ATB 2023 Financial'!$H$20*('Nuclear LCOE'!$H$12*1+0)+'Nuclear LCOE'!$H$38)*1000/('Nuclear LCOE'!$H$25*8760)+'Nuclear LCOE'!$H$37+'Nuclear LCOE'!$H$40) -> 382.5921 | Z7: =(('NREL ATB 2023 Financial'!$H$19*'NREL ATB 2023 Financial'!$H$21*'NREL ATB 2023 Financial'!$H$20*('Nuclear LCOE'!$H$13*1+0)+'Nuclear LCOE'!$H$38)*1000/('Nuclear LCOE'!$H$25*8760)+'Nuclear LCOE'!$H$37+'Nuclear LCOE'!$H$40) -> 282.57781 | AA7: =(('NREL ATB 2023 Financial'!$H$19*'NREL ATB 2023 Financial'!$H$21*'NREL ATB 2023 Financial'!$H$20*('Nuclear LCOE'!$H$14*1+0)+'Nuclear LCOE'!$H$38)*1000/('Nuclear LCOE'!$H$25*8760)+'Nuclear LCOE'!$H$37+'Nuclear LCOE'!$H$40) -> 332.58496 | AC7: =(('NREL ATB 2023 Financial'!$F$19*'NREL ATB 2023 Financial'!$H$21*'NREL ATB 2023 Financial'!$H$20*('Nuclear LCOE'!$H$12*1+0)+'Nuclear LCOE'!$H$38)*1000/('Nuclear LCOE'!$H$25*8760)+'Nuclear LCOE'!$H$37+'Nuclear LCOE'!$H$40) -> 387.47059 | AD7: =(('NREL ATB 2023 Financial'!$F$19*'NREL ATB 2023 Financial'!$H$21*'NREL ATB 2023 Financial'!$H$20*('Nuclear LCOE'!$H$13*1+0)+'Nuclear LCOE'!$H$38)*1000/('Nuclear LCOE'!$H$25*8760)+'Nuclear LCOE'!$H$37+'Nuclear LCOE'!$H$40) -> 285.99275 | AE7: =(('NREL ATB 2023 Financial'!$F$19*'NREL ATB 2023 Financial'!$H$21*'NREL ATB 2023 Financial'!$H$20*('Nuclear LCOE'!$H$14*1+0)+'Nuclear LCOE'!$H$38)*1000/('Nuclear LCOE'!$H$25*8760)+'Nuclear LCOE'!$H$37+'Nuclear LCOE'!$H$40) -> 336.73167 | AG7: =(('NREL ATB 2023 Financial'!$G$19*'NREL ATB 2023 Financial'!$H$21*'NREL ATB 2023 Financial'!$H$20*('Nuclear LCOE'!$H$12*1+0)+'Nuclear LCOE'!$H$38)*1000/('Nuclear LCOE'!$H$25*8760)+'Nuclear LCOE'!$H$37+'Nuclear LCOE'!$H$40) -> 421.45005 | AH7: =(('NREL ATB 2023 Financial'!$G$19*'NREL ATB 2023 Financial'!$H$21*'NREL ATB 2023 Financial'!$H$20*('Nuclear LCOE'!$H$13*1+0)+'Nuclear LCOE'!$H$38)*1000/('Nuclear LCOE'!$H$25*8760)+'Nuclear LCOE'!$H$37+'Nuclear LCOE'!$H$40) -> 309.77838 | AI7: =(('NREL ATB 2023 Financial'!$G$19*'NREL ATB 2023 Financial'!$H$21*'NREL ATB 2023 Financial'!$H$20*('Nuclear LCOE'!$H$14*1+0)+'Nuclear LCOE'!$H$38)*1000/('Nuclear LCOE'!$H$25*8760)+'Nuclear LCOE'!$H$37+'Nuclear LCOE'!$H$40) -> 365.61421
B8: Nominal | C8: 2030 | E8: Build Cost with ITC Adjustment 15% | F8: $/kW | G8: =$G$6-($G$6*15%) -> 16744.421 | H8: =$H$6-($H$6*15%) -> 16744.421 | I8: =$I$6-($I$6*15%) -> 16744.421 | M8: Sensitivity 1 | N8: US $/MWh | O8: TVA Cost Estimate FOAK | P8: =(('NREL ATB 2023 Financial'!$E$19*'NREL ATB 2023 Financial'!$E$21*'NREL ATB 2023 Financial'!$E$20*('Nuclear LCOE'!$H$6*1+0)+'Nuclear LCOE'!$H$48)*1000/('Nuclear LCOE'!$H$25*8760)+'Nuclear LCOE'!$H$47+'Nuclear LCOE'!$H$50) -> 325.06631 | Q8: =(('NREL ATB 2023 Financial'!$E$19*'NREL ATB 2023 Financial'!$E$21*'NREL ATB 2023 Financial'!$E$20*('Nuclear LCOE'!$H$7*1+0)+'Nuclear LCOE'!$H$48)*1000/('Nuclear LCOE'!$H$25*8760)+'Nuclear LCOE'!$H$47+'Nuclear LCOE'!$H$50) -> 238.1747 | S8: =(('NREL ATB 2023 Financial'!$F$19*'NREL ATB 2023 Financial'!$E$21*'NREL ATB 2023 Financial'!$E$20*('Nuclear LCOE'!$H$6*1+0)+'Nuclear LCOE'!$H$48)*1000/('Nuclear LCOE'!$H$25*8760)+'Nuclear LCOE'!$H$47+'Nuclear LCOE'!$H$50) -> 329.30471 | T8: =(('NREL ATB 2023 Financial'!$F$19*'NREL ATB 2023 Financial'!$E$21*'NREL ATB 2023 Financial'!$E$20*('Nuclear LCOE'!$H$7*1+0)+'Nuclear LCOE'!$H$48)*1000/('Nuclear LCOE'!$H$25*8760)+'Nuclear LCOE'!$H$47+'Nuclear LCOE'!$H$50) -> 241.14157 | V8: =(('NREL ATB 2023 Financial'!$G$19*'NREL ATB 2023 Financial'!$E$21*'NREL ATB 2023 Financial'!$E$20*('Nuclear LCOE'!$H$6*1+0)+'Nuclear LCOE'!$H$48)*1000/('Nuclear LCOE'!$H$25*8760)+'Nuclear LCOE'!$H$47+'Nuclear LCOE'!$H$50) -> 358.82579 | W8: =(('NREL ATB 2023 Financial'!$G$19*'NREL ATB 2023 Financial'!$E$21*'NREL ATB 2023 Financial'!$E$20*('Nuclear LCOE'!$H$7*1+0)+'Nuclear LCOE'!$H$48)*1000/('Nuclear LCOE'!$H$25*8760)+'Nuclear LCOE'!$H$47+'Nuclear LCOE'!$H$50) -> 261.80633 | Y8: =(('NREL ATB 2023 Financial'!$H$19*'NREL ATB 2023 Financial'!$H$21*'NREL ATB 2023 Financial'!$H$20*('Nuclear LCOE'!$H$15*1+0)+'Nuclear LCOE'!$H$53)*1000/('Nuclear LCOE'!$H$25*8760)+'Nuclear LCOE'!$H$52+'Nuclear LCOE'!$H$55) -> 334.62855 | Z8: =(('NREL ATB 2023 Financial'!$H$19*'NREL ATB 2023 Financial'!$H$21*'NREL ATB 2023 Financial'!$H$20*('Nuclear LCOE'!$H$16*1+0)+'Nuclear LCOE'!$H$53)*1000/('Nuclear LCOE'!$H$25*8760)+'Nuclear LCOE'!$H$52+'Nuclear LCOE'!$H$55) -> 247.19579 | AA8: =(('NREL ATB 2023 Financial'!$H$19*'NREL ATB 2023 Financial'!$H$21*'NREL ATB 2023 Financial'!$H$20*('Nuclear LCOE'!$H$17*1+0)+'Nuclear LCOE'!$H$53)*1000/('Nuclear LCOE'!$H$25*8760)+'Nuclear LCOE'!$H$52+'Nuclear LCOE'!$H$55) -> 290.91217 | AC8: =(('NREL ATB 2023 Financial'!$F$19*'NREL ATB 2023 Financial'!$H$21*'NREL ATB 2023 Financial'!$H$20*('Nuclear LCOE'!$H$15*1+0)+'Nuclear LCOE'!$H$53)*1000/('Nuclear LCOE'!$H$25*8760)+'Nuclear LCOE'!$H$52+'Nuclear LCOE'!$H$55) -> 338.89333 | AD8: =(('NREL ATB 2023 Financial'!$F$19*'NREL ATB 2023 Financial'!$H$21*'NREL ATB 2023 Financial'!$H$20*('Nuclear LCOE'!$H$16*1+0)+'Nuclear LCOE'!$H$53)*1000/('Nuclear LCOE'!$H$25*8760)+'Nuclear LCOE'!$H$52+'Nuclear LCOE'!$H$55) -> 250.18115 | AE8: =(('NREL ATB 2023 Financial'!$F$19*'NREL ATB 2023 Financial'!$H$21*'NREL ATB 2023 Financial'!$H$20*('Nuclear LCOE'!$H$17*1+0)+'Nuclear LCOE'!$H$53)*1000/('Nuclear LCOE'!$H$25*8760)+'Nuclear LCOE'!$H$52+'Nuclear LCOE'!$H$55) -> 294.53724 | AG8: =(('NREL ATB 2023 Financial'!$G$19*'NREL ATB 2023 Financial'!$H$21*'NREL ATB 2023 Financial'!$H$20*('Nuclear LCOE'!$H$15*1+0)+'Nuclear LCOE'!$H$53)*1000/('Nuclear LCOE'!$H$25*8760)+'Nuclear LCOE'!$H$52+'Nuclear LCOE'!$H$55) -> 368.59827 | AH8: =(('NREL ATB 2023 Financial'!$G$19*'NREL ATB 2023 Financial'!$H$21*'NREL ATB 2023 Financial'!$H$20*('Nuclear LCOE'!$H$16*1+0)+'Nuclear LCOE'!$H$53)*1000/('Nuclear LCOE'!$H$25*8760)+'Nuclear LCOE'!$H$52+'Nuclear LCOE'!$H$55) -> 270.9746 | AI8: =(('NREL ATB 2023 Financial'!$G$19*'NREL ATB 2023 Financial'!$H$21*'NREL ATB 2023 Financial'!$H$20*('Nuclear LCOE'!$H$17*1+0)+'Nuclear LCOE'!$H$53)*1000/('Nuclear LCOE'!$H$25*8760)+'Nuclear LCOE'!$H$52+'Nuclear LCOE'!$H$55) -> 319.78643
B9: Nominal | C9: 2030 | D9: TVA Cost Estimate NOAK | E9: Build Cost at NOAK Reduction | F9: $/kW | G9: =$G$6*(1+'TVA IRP'!$I$76) -> 13983.454 | H9: =$H$6*(1+'TVA IRP'!$I$76) -> 13983.454 | I9: =$I$6*(1+'TVA IRP'!$I$76) -> 13983.454 | M9: Sensitivity 1 | N9: US $/MWh | O9: TVA Cost Estimate NOAK | P9: =(('NREL ATB 2023 Financial'!$E$19*'NREL ATB 2023 Financial'!$E$21*'NREL ATB 2023 Financial'!$E$20*('Nuclear LCOE'!$H$9*1+0)+'Nuclear LCOE'!$H$48)*1000/('Nuclear LCOE'!$H$25*8760)+'Nuclear LCOE'!$H$47+'Nuclear LCOE'!$H$50) -> 241.02606 | Q9: =(('NREL ATB 2023 Financial'!$E$19*'NREL ATB 2023 Financial'!$E$21*'NREL ATB 2023 Financial'!$E$20*('Nuclear LCOE'!$H$10*1+0)+'Nuclear LCOE'!$H$48)*1000/('Nuclear LCOE'!$H$25*8760)+'Nuclear LCOE'!$H$47+'Nuclear LCOE'!$H$50) -> 179.34652 | S9: =(('NREL ATB 2023 Financial'!$F$19*'NREL ATB 2023 Financial'!$E$21*'NREL ATB 2023 Financial'!$E$20*('Nuclear LCOE'!$H$9*1+0)+'Nuclear LCOE'!$H$48)*1000/('Nuclear LCOE'!$H$25*8760)+'Nuclear LCOE'!$H$47+'Nuclear LCOE'!$H$50) -> 244.03466 | T9: =(('NREL ATB 2023 Financial'!$F$19*'NREL ATB 2023 Financial'!$E$21*'NREL ATB 2023 Financial'!$E$20*('Nuclear LCOE'!$H$10*1+0)+'Nuclear LCOE'!$H$48)*1000/('Nuclear LCOE'!$H$25*8760)+'Nuclear LCOE'!$H$47+'Nuclear LCOE'!$H$50) -> 181.45254 | V9: =(('NREL ATB 2023 Financial'!$G$19*'NREL ATB 2023 Financial'!$E$21*'NREL ATB 2023 Financial'!$E$20*('Nuclear LCOE'!$H$9*1+0)+'Nuclear LCOE'!$H$48)*1000/('Nuclear LCOE'!$H$25*8760)+'Nuclear LCOE'!$H$47+'Nuclear LCOE'!$H$50) -> 264.99004 | W9: =(('NREL ATB 2023 Financial'!$G$19*'NREL ATB 2023 Financial'!$E$21*'NREL ATB 2023 Financial'!$E$20*('Nuclear LCOE'!$H$10*1+0)+'Nuclear LCOE'!$H$48)*1000/('Nuclear LCOE'!$H$25*8760)+'Nuclear LCOE'!$H$47+'Nuclear LCOE'!$H$50) -> 196.12131 | Y9: =(('NREL ATB 2023 Financial'!$H$19*'NREL ATB 2023 Financial'!$H$21*'NREL ATB 2023 Financial'!$H$20*('Nuclear LCOE'!$H$18*1+0)+'Nuclear LCOE'!$H$53)*1000/('Nuclear LCOE'!$H$25*8760)+'Nuclear LCOE'!$H$52+'Nuclear LCOE'!$H$55) -> 250.06492 | Z9: =(('NREL ATB 2023 Financial'!$H$19*'NREL ATB 2023 Financial'!$H$21*'NREL ATB 2023 Financial'!$H$20*('Nuclear LCOE'!$H$19*1+0)+'Nuclear LCOE'!$H$53)*1000/('Nuclear LCOE'!$H$25*8760)+'Nuclear LCOE'!$H$52+'Nuclear LCOE'!$H$55) -> 188.00125 | AA9: =(('NREL ATB 2023 Financial'!$E$19*'NREL ATB 2023 Financial'!$E$21*'NREL ATB 2023 Financial'!$E$20*('Nuclear LCOE'!$H$20*1+0)+'Nuclear LCOE'!$H$53)*1000/('Nuclear LCOE'!$H$25*8760)+'Nuclear LCOE'!$H$52+'Nuclear LCOE'!$H$55) -> 219.03309 | AC9: =(('NREL ATB 2023 Financial'!$F$19*'NREL ATB 2023 Financial'!$H$21*'NREL ATB 2023 Financial'!$H$20*('Nuclear LCOE'!$H$18*1+0)+'Nuclear LCOE'!$H$53)*1000/('Nuclear LCOE'!$H$25*8760)+'Nuclear LCOE'!$H$52+'Nuclear LCOE'!$H$55) -> 253.09225 | AD9: =(('NREL ATB 2023 Financial'!$F$19*'NREL ATB 2023 Financial'!$H$21*'NREL ATB 2023 Financial'!$H$20*('Nuclear LCOE'!$H$19*1+0)+'Nuclear LCOE'!$H$53)*1000/('Nuclear LCOE'!$H$25*8760)+'Nuclear LCOE'!$H$52+'Nuclear LCOE'!$H$55) -> 190.12039 | AE9: =(('NREL ATB 2023 Financial'!$F$19*'NREL ATB 2023 Financial'!$E$21*'NREL ATB 2023 Financial'!$E$20*('Nuclear LCOE'!$H$20*1+0)+'Nuclear LCOE'!$H$53)*1000/('Nuclear LCOE'!$H$25*8760)+'Nuclear LCOE'!$H$52+'Nuclear LCOE'!$H$55) -> 221.60632 | AG9: =(('NREL ATB 2023 Financial'!$G$19*'NREL ATB 2023 Financial'!$H$21*'NREL ATB 2023 Financial'!$H$20*('Nuclear LCOE'!$H$18*1+0)+'Nuclear LCOE'!$H$53)*1000/('Nuclear LCOE'!$H$25*8760)+'Nuclear LCOE'!$H$52+'Nuclear LCOE'!$H$55) -> 274.17814 | AH9: =(('NREL ATB 2023 Financial'!$G$19*'NREL ATB 2023 Financial'!$H$21*'NREL ATB 2023 Financial'!$H$20*('Nuclear LCOE'!$H$19*1+0)+'Nuclear LCOE'!$H$53)*1000/('Nuclear LCOE'!$H$25*8760)+'Nuclear LCOE'!$H$52+'Nuclear LCOE'!$H$55) -> 204.88051 | AI9: =(('NREL ATB 2023 Financial'!$G$19*'NREL ATB 2023 Financial'!$E$21*'NREL ATB 2023 Financial'!$E$20*('Nuclear LCOE'!$H$20*1+0)+'Nuclear LCOE'!$H$53)*1000/('Nuclear LCOE'!$H$25*8760)+'Nuclear LCOE'!$H$52+'Nuclear LCOE'!$H$55) -> 239.52932
B10: Nominal | C10: 2030 | E10: Build Cost with ITC Adjustment 30% | F10: $/kW | G10: =$G$9-($G$9*30%) -> 9788.4177 | H10: =$H$9-($H$9*30%) -> 9788.4177 | I10: =$I$9-($I$9*30%) -> 9788.4177
B11: Nominal | C11: 2030 | E11: Build Cost with ITC Adjustment 15% | F11: $/kW | G11: =$G$9-($G$9*15%) -> 11885.936 | H11: =$H$9-($H$9*15%) -> 11885.936 | I11: =$I$9-($I$9*15%) -> 11885.936 | M11: Sensitivity 2 | N11: US $/MWh | O11: Vogtle Cost Estimate | P11: =(('NREL ATB 2023 Financial'!$E$19*'NREL ATB 2023 Financial'!$E$21*'NREL ATB 2023 Financial'!$E$20*('Nuclear LCOE'!$I$3*1+0)+'Nuclear LCOE'!$I$33)*1000/('Nuclear LCOE'!$I$25*8760)+'Nuclear LCOE'!$I$32+'Nuclear LCOE'!$I$35) -> 313.85878 | Q11: =(('NREL ATB 2023 Financial'!$E$19*'NREL ATB 2023 Financial'!$E$21*'NREL ATB 2023 Financial'!$E$20*('Nuclear LCOE'!$I$4*1+0)+'Nuclear LCOE'!$I$33)*1000/('Nuclear LCOE'!$I$25*8760)+'Nuclear LCOE'!$I$32+'Nuclear LCOE'!$I$35) -> 231.81223 | S11: =(('NREL ATB 2023 Financial'!$F$19*'NREL ATB 2023 Financial'!$E$21*'NREL ATB 2023 Financial'!$E$20*('Nuclear LCOE'!$I$3*1+0)+'Nuclear LCOE'!$I$33)*1000/('Nuclear LCOE'!$I$25*8760)+'Nuclear LCOE'!$I$32+'Nuclear LCOE'!$I$35) -> 317.86084 | T11: =(('NREL ATB 2023 Financial'!$F$19*'NREL ATB 2023 Financial'!$E$21*'NREL ATB 2023 Financial'!$E$20*('Nuclear LCOE'!$I$4*1+0)+'Nuclear LCOE'!$I$33)*1000/('Nuclear LCOE'!$I$25*8760)+'Nuclear LCOE'!$I$32+'Nuclear LCOE'!$I$35) -> 234.61367 | V11: =(('NREL ATB 2023 Financial'!$G$19*'NREL ATB 2023 Financial'!$E$21*'NREL ATB 2023 Financial'!$E$20*('Nuclear LCOE'!$I$3*1+0)+'Nuclear LCOE'!$I$33)*1000/('Nuclear LCOE'!$I$25*8760)+'Nuclear LCOE'!$I$32+'Nuclear LCOE'!$I$35) -> 345.73583 | W11: =(('NREL ATB 2023 Financial'!$G$19*'NREL ATB 2023 Financial'!$E$21*'NREL ATB 2023 Financial'!$E$20*('Nuclear LCOE'!$I$4*1+0)+'Nuclear LCOE'!$I$33)*1000/('Nuclear LCOE'!$I$25*8760)+'Nuclear LCOE'!$I$32+'Nuclear LCOE'!$I$35) -> 254.12616 | Y11: =(('NREL ATB 2023 Financial'!$I$19*'NREL ATB 2023 Financial'!$I$21*'NREL ATB 2023 Financial'!$I$20*('Nuclear LCOE'!$I$12*1+0)+'Nuclear LCOE'!$I$38)*1000/('Nuclear LCOE'!$I$25*8760)+'Nuclear LCOE'!$I$37+'Nuclear LCOE'!$I$40) -> 382.5921 | Z11: =(('NREL ATB 2023 Financial'!$I$19*'NREL ATB 2023 Financial'!$I$21*'NREL ATB 2023 Financial'!$I$20*('Nuclear LCOE'!$I$13*1+0)+'Nuclear LCOE'!$I$38)*1000/('Nuclear LCOE'!$I$25*8760)+'Nuclear LCOE'!$I$37+'Nuclear LCOE'!$I$40) -> 282.57781 | AA11: =(('NREL ATB 2023 Financial'!$I$19*'NREL ATB 2023 Financial'!$I$21*'NREL ATB 2023 Financial'!$I$20*('Nuclear LCOE'!$I$14*1+0)+'Nuclear LCOE'!$I$38)*1000/('Nuclear LCOE'!$I$25*8760)+'Nuclear LCOE'!$I$37+'Nuclear LCOE'!$I$40) -> 332.58496 | AC11: =(('NREL ATB 2023 Financial'!$F$19*'NREL ATB 2023 Financial'!$I$21*'NREL ATB 2023 Financial'!$I$20*('Nuclear LCOE'!$I$12*1+0)+'Nuclear LCOE'!$I$38)*1000/('Nuclear LCOE'!$I$25*8760)+'Nuclear LCOE'!$I$37+'Nuclear LCOE'!$I$40) -> 387.47059 | AD11: =(('NREL ATB 2023 Financial'!$F$19*'NREL ATB 2023 Financial'!$I$21*'NREL ATB 2023 Financial'!$I$20*('Nuclear LCOE'!$I$13*1+0)+'Nuclear LCOE'!$I$38)*1000/('Nuclear LCOE'!$I$25*8760)+'Nuclear LCOE'!$I$37+'Nuclear LCOE'!$I$40) -> 285.99275 | AE11: =(('NREL ATB 2023 Financial'!$F$19*'NREL ATB 2023 Financial'!$I$21*'NREL ATB 2023 Financial'!$I$20*('Nuclear LCOE'!$I$14*1+0)+'Nuclear LCOE'!$I$38)*1000/('Nuclear LCOE'!$I$25*8760)+'Nuclear LCOE'!$I$37+'Nuclear LCOE'!$I$40) -> 336.73167 | AG11: =(('NREL ATB 2023 Financial'!$G$19*'NREL ATB 2023 Financial'!$I$21*'NREL ATB 2023 Financial'!$I$20*('Nuclear LCOE'!$I$12*1+0)+'Nuclear LCOE'!$I$38)*1000/('Nuclear LCOE'!$I$25*8760)+'Nuclear LCOE'!$I$37+'Nuclear LCOE'!$I$40) -> 421.45005 | AH11: =(('NREL ATB 2023 Financial'!$G$19*'NREL ATB 2023 Financial'!$I$21*'NREL ATB 2023 Financial'!$I$20*('Nuclear LCOE'!$I$13*1+0)+'Nuclear LCOE'!$I$38)*1000/('Nuclear LCOE'!$I$25*8760)+'Nuclear LCOE'!$I$37+'Nuclear LCOE'!$I$40) -> 309.77838 | AI11: =(('NREL ATB 2023 Financial'!$G$19*'NREL ATB 2023 Financial'!$I$21*'NREL ATB 2023 Financial'!$I$20*('Nuclear LCOE'!$I$14*1+0)+'Nuclear LCOE'!$I$38)*1000/('Nuclear LCOE'!$I$25*8760)+'Nuclear LCOE'!$I$37+'Nuclear LCOE'!$I$40) -> 365.61421
B12: Nominal | C12: 2040 | D12: Vogtle Cost Estimate | E12: Build Cost | F12: $/kW | G12: ='Vogtle Costs'!$C$7*'US CPI'!$N$26 -> 22674.378 | H12: ='Vogtle Costs'!$C$7*'US CPI'!$N$26 -> 22674.378 | I12: ='Vogtle Costs'!$C$7*'US CPI'!$N$26 -> 22674.378 | M12: Sensitivity 2 | N12: US $/MWh | O12: TVA Cost Estimate FOAK | P12: =(('NREL ATB 2023 Financial'!$E$19*'NREL ATB 2023 Financial'!$E$21*'NREL ATB 2023 Financial'!$E$20*('Nuclear LCOE'!$I$6*1+0)+'Nuclear LCOE'!$I$48)*1000/('Nuclear LCOE'!$I$25*8760)+'Nuclear LCOE'!$I$47+'Nuclear LCOE'!$I$50) -> 325.06631 | Q12: =(('NREL ATB 2023 Financial'!$E$19*'NREL ATB 2023 Financial'!$E$21*'NREL ATB 2023 Financial'!$E$20*('Nuclear LCOE'!$I$7*1+0)+'Nuclear LCOE'!$I$48)*1000/('Nuclear LCOE'!$I$25*8760)+'Nuclear LCOE'!$I$47+'Nuclear LCOE'!$I$50) -> 238.1747 | S12: =(('NREL ATB 2023 Financial'!$F$19*'NREL ATB 2023 Financial'!$E$21*'NREL ATB 2023 Financial'!$E$20*('Nuclear LCOE'!$I$6*1+0)+'Nuclear LCOE'!$I$48)*1000/('Nuclear LCOE'!$I$25*8760)+'Nuclear LCOE'!$I$47+'Nuclear LCOE'!$I$50) -> 329.30471 | T12: =(('NREL ATB 2023 Financial'!$F$19*'NREL ATB 2023 Financial'!$E$21*'NREL ATB 2023 Financial'!$E$20*('Nuclear LCOE'!$I$7*1+0)+'Nuclear LCOE'!$I$48)*1000/('Nuclear LCOE'!$I$25*8760)+'Nuclear LCOE'!$I$47+'Nuclear LCOE'!$I$50) -> 241.14157 | V12: =(('NREL ATB 2023 Financial'!$G$19*'NREL ATB 2023 Financial'!$E$21*'NREL ATB 2023 Financial'!$E$20*('Nuclear LCOE'!$I$6*1+0)+'Nuclear LCOE'!$I$48)*1000/('Nuclear LCOE'!$I$25*8760)+'Nuclear LCOE'!$I$47+'Nuclear LCOE'!$I$50) -> 358.82579 | W12: =(('NREL ATB 2023 Financial'!$G$19*'NREL ATB 2023 Financial'!$E$21*'NREL ATB 2023 Financial'!$E$20*('Nuclear LCOE'!$I$7*1+0)+'Nuclear LCOE'!$I$48)*1000/('Nuclear LCOE'!$I$25*8760)+'Nuclear LCOE'!$I$47+'Nuclear LCOE'!$I$50) -> 261.80633 | Y12: =(('NREL ATB 2023 Financial'!$I$19*'NREL ATB 2023 Financial'!$I$21*'NREL ATB 2023 Financial'!$I$20*('Nuclear LCOE'!$I$15*1+0)+'Nuclear LCOE'!$I$53)*1000/('Nuclear LCOE'!$I$25*8760)+'Nuclear LCOE'!$I$52+'Nuclear LCOE'!$I$55) -> 334.62855 | Z12: =(('NREL ATB 2023 Financial'!$I$19*'NREL ATB 2023 Financial'!$I$21*'NREL ATB 2023 Financial'!$I$20*('Nuclear LCOE'!$I$16*1+0)+'Nuclear LCOE'!$I$53)*1000/('Nuclear LCOE'!$I$25*8760)+'Nuclear LCOE'!$I$52+'Nuclear LCOE'!$I$55) -> 247.19579 | AA12: =(('NREL ATB 2023 Financial'!$I$19*'NREL ATB 2023 Financial'!$I$21*'NREL ATB 2023 Financial'!$I$20*('Nuclear LCOE'!$I$17*1+0)+'Nuclear LCOE'!$I$53)*1000/('Nuclear LCOE'!$I$25*8760)+'Nuclear LCOE'!$I$52+'Nuclear LCOE'!$I$55) -> 290.91217 | AC12: =(('NREL ATB 2023 Financial'!$F$19*'NREL ATB 2023 Financial'!$I$21*'NREL ATB 2023 Financial'!$I$20*('Nuclear LCOE'!$I$15*1+0)+'Nuclear LCOE'!$I$53)*1000/('Nuclear LCOE'!$I$25*8760)+'Nuclear LCOE'!$I$52+'Nuclear LCOE'!$I$55) -> 338.89333 | AD12: =(('NREL ATB 2023 Financial'!$F$19*'NREL ATB 2023 Financial'!$I$21*'NREL ATB 2023 Financial'!$I$20*('Nuclear LCOE'!$I$16*1+0)+'Nuclear LCOE'!$I$53)*1000/('Nuclear LCOE'!$I$25*8760)+'Nuclear LCOE'!$I$52+'Nuclear LCOE'!$I$55) -> 250.18115 | AE12: =(('NREL ATB 2023 Financial'!$F$19*'NREL ATB 2023 Financial'!$I$21*'NREL ATB 2023 Financial'!$I$20*('Nuclear LCOE'!$I$17*1+0)+'Nuclear LCOE'!$I$53)*1000/('Nuclear LCOE'!$I$25*8760)+'Nuclear LCOE'!$I$52+'Nuclear LCOE'!$I$55) -> 294.53724 | AG12: =(('NREL ATB 2023 Financial'!$G$19*'NREL ATB 2023 Financial'!$I$21*'NREL ATB 2023 Financial'!$I$20*('Nuclear LCOE'!$I$15*1+0)+'Nuclear LCOE'!$I$53)*1000/('Nuclear LCOE'!$I$25*8760)+'Nuclear LCOE'!$I$52+'Nuclear LCOE'!$I$55) -> 368.59827 | AH12: =(('NREL ATB 2023 Financial'!$G$19*'NREL ATB 2023 Financial'!$I$21*'NREL ATB 2023 Financial'!$I$20*('Nuclear LCOE'!$I$16*1+0)+'Nuclear LCOE'!$I$53)*1000/('Nuclear LCOE'!$I$25*8760)+'Nuclear LCOE'!$I$52+'Nuclear LCOE'!$I$55) -> 270.9746 | AI12: =(('NREL ATB 2023 Financial'!$G$19*'NREL ATB 2023 Financial'!$I$21*'NREL ATB 2023 Financial'!$I$20*('Nuclear LCOE'!$I$17*1+0)+'Nuclear LCOE'!$I$53)*1000/('Nuclear LCOE'!$I$25*8760)+'Nuclear LCOE'!$I$52+'Nuclear LCOE'!$I$55) -> 319.78643
B13: Nominal | C13: 2040 | E13: Build Cost with ITC Adjustment 30% | F13: $/kW | G13: =$G$12-($G$12*30%) -> 15872.065 | H13: =$H$12-($H$12*30%) -> 15872.065 | I13: =$I$12-($I$12*30%) -> 15872.065 | M13: Sensitivity 2 | N13: US $/MWh | O13: TVA Cost Estimate NOAK | P13: =(('NREL ATB 2023 Financial'!$E$19*'NREL ATB 2023 Financial'!$E$21*'NREL ATB 2023 Financial'!$E$20*('Nuclear LCOE'!$I$9*1+0)+'Nuclear LCOE'!$I$48)*1000/('Nuclear LCOE'!$I$25*8760)+'Nuclear LCOE'!$I$47+'Nuclear LCOE'!$I$50) -> 241.02606 | Q13: =(('NREL ATB 2023 Financial'!$E$19*'NREL ATB 2023 Financial'!$E$21*'NREL ATB 2023 Financial'!$E$20*('Nuclear LCOE'!$I$10*1+0)+'Nuclear LCOE'!$I$48)*1000/('Nuclear LCOE'!$I$25*8760)+'Nuclear LCOE'!$I$47+'Nuclear LCOE'!$I$50) -> 179.34652 | S13: =(('NREL ATB 2023 Financial'!$F$19*'NREL ATB 2023 Financial'!$E$21*'NREL ATB 2023 Financial'!$E$20*('Nuclear LCOE'!$I$9*1+0)+'Nuclear LCOE'!$I$48)*1000/('Nuclear LCOE'!$I$25*8760)+'Nuclear LCOE'!$I$47+'Nuclear LCOE'!$I$50) -> 244.03466 | T13: =(('NREL ATB 2023 Financial'!$F$19*'NREL ATB 2023 Financial'!$E$21*'NREL ATB 2023 Financial'!$E$20*('Nuclear LCOE'!$I$10*1+0)+'Nuclear LCOE'!$I$48)*1000/('Nuclear LCOE'!$I$25*8760)+'Nuclear LCOE'!$I$47+'Nuclear LCOE'!$I$50) -> 181.45254 | V13: =(('NREL ATB 2023 Financial'!$G$19*'NREL ATB 2023 Financial'!$E$21*'NREL ATB 2023 Financial'!$E$20*('Nuclear LCOE'!$I$9*1+0)+'Nuclear LCOE'!$I$48)*1000/('Nuclear LCOE'!$I$25*8760)+'Nuclear LCOE'!$I$47+'Nuclear LCOE'!$I$50) -> 264.99004 | W13: =(('NREL ATB 2023 Financial'!$G$19*'NREL ATB 2023 Financial'!$E$21*'NREL ATB 2023 Financial'!$E$20*('Nuclear LCOE'!$I$10*1+0)+'Nuclear LCOE'!$I$48)*1000/('Nuclear LCOE'!$I$25*8760)+'Nuclear LCOE'!$I$47+'Nuclear LCOE'!$I$50) -> 196.12131 | Y13: =(('NREL ATB 2023 Financial'!$I$19*'NREL ATB 2023 Financial'!$I$21*'NREL ATB 2023 Financial'!$I$20*('Nuclear LCOE'!$I$18*1+0)+'Nuclear LCOE'!$I$53)*1000/('Nuclear LCOE'!$I$25*8760)+'Nuclear LCOE'!$I$52+'Nuclear LCOE'!$I$55) -> 250.06492 | Z13: =(('NREL ATB 2023 Financial'!$I$19*'NREL ATB 2023 Financial'!$I$21*'NREL ATB 2023 Financial'!$I$20*('Nuclear LCOE'!$I$19*1+0)+'Nuclear LCOE'!$I$53)*1000/('Nuclear LCOE'!$I$25*8760)+'Nuclear LCOE'!$I$52+'Nuclear LCOE'!$I$55) -> 188.00125 | AA13: =(('NREL ATB 2023 Financial'!$I$19*'NREL ATB 2023 Financial'!$I$21*'NREL ATB 2023 Financial'!$I$20*('Nuclear LCOE'!$I$20*1+0)+'Nuclear LCOE'!$I$53)*1000/('Nuclear LCOE'!$I$25*8760)+'Nuclear LCOE'!$I$52+'Nuclear LCOE'!$I$55) -> 219.03309 | AC13: =(('NREL ATB 2023 Financial'!$F$19*'NREL ATB 2023 Financial'!$I$21*'NREL ATB 2023 Financial'!$I$20*('Nuclear LCOE'!$I$18*1+0)+'Nuclear LCOE'!$I$53)*1000/('Nuclear LCOE'!$I$25*8760)+'Nuclear LCOE'!$I$52+'Nuclear LCOE'!$I$55) -> 253.09225 | AD13: =(('NREL ATB 2023 Financial'!$F$19*'NREL ATB 2023 Financial'!$I$21*'NREL ATB 2023 Financial'!$I$20*('Nuclear LCOE'!$I$19*1+0)+'Nuclear LCOE'!$I$53)*1000/('Nuclear LCOE'!$I$25*8760)+'Nuclear LCOE'!$I$52+'Nuclear LCOE'!$I$55) -> 190.12039 | AE13: =(('NREL ATB 2023 Financial'!$F$19*'NREL ATB 2023 Financial'!$I$21*'NREL ATB 2023 Financial'!$I$20*('Nuclear LCOE'!$I$20*1+0)+'Nuclear LCOE'!$I$53)*1000/('Nuclear LCOE'!$I$25*8760)+'Nuclear LCOE'!$I$52+'Nuclear LCOE'!$I$55) -> 221.60632 | AG13: =(('NREL ATB 2023 Financial'!$G$19*'NREL ATB 2023 Financial'!$I$21*'NREL ATB 2023 Financial'!$I$20*('Nuclear LCOE'!$I$18*1+0)+'Nuclear LCOE'!$I$53)*1000/('Nuclear LCOE'!$I$25*8760)+'Nuclear LCOE'!$I$52+'Nuclear LCOE'!$I$55) -> 274.17814 | AH13: =(('NREL ATB 2023 Financial'!$G$19*'NREL ATB 2023 Financial'!$I$21*'NREL ATB 2023 Financial'!$I$20*('Nuclear LCOE'!$I$19*1+0)+'Nuclear LCOE'!$I$53)*1000/('Nuclear LCOE'!$I$25*8760)+'Nuclear LCOE'!$I$52+'Nuclear LCOE'!$I$55) -> 204.88051 | AI13: =(('NREL ATB 2023 Financial'!$G$19*'NREL ATB 2023 Financial'!$I$21*'NREL ATB 2023 Financial'!$I$20*('Nuclear LCOE'!$I$20*1+0)+'Nuclear LCOE'!$I$53)*1000/('Nuclear LCOE'!$I$25*8760)+'Nuclear LCOE'!$I$52+'Nuclear LCOE'!$I$55) -> 239.52932
B14: Nominal | C14: 2040 | E14: Build Cost with ITC Adjustment 15% | F14: $/kW | G14: =$G$12-($G$12*15%) -> 19273.221 | H14: =$H$12-($H$12*15%) -> 19273.221 | I14: =$I$12-($I$12*15%) -> 19273.221
B15: Nominal | C15: 2040 | D15: TVA Cost Estimate FOAK | E15: Build Cost FOAK | F15: $/kW | G15: ='TVA IRP'!$C$23 -> 19822 | H15: ='TVA IRP'!$C$23 -> 19822 | I15: ='TVA IRP'!$C$23 -> 19822
B16: Nominal | C16: 2040 | E16: Build Cost with ITC Adjustment 30% | F16: $/kW | G16: =$G$15-($G$15*30%) -> 13875.4 | H16: =$H$15-($H$15*30%) -> 13875.4 | I16: =$I$15-($I$15*30%) -> 13875.4
B17: Nominal | C17: 2040 | E17: Build Cost with ITC Adjustment 15% | F17: $/kW | G17: =$G$15-($G$15*15%) -> 16848.7 | H17: =$H$15-($H$15*15%) -> 16848.7 | I17: =$I$15-($I$15*15%) -> 16848.7
B18: Nominal | C18: 2040 | D18: TVA Cost Estimate NOAK | E18: Build Cost at NOAK Reduction | F18: $/kW | G18: =$G$15*(1+'TVA IRP'!$I$76) -> 14070.539 | H18: =$H$15*(1+'TVA IRP'!$I$76) -> 14070.539 | I18: =$I$15*(1+'TVA IRP'!$I$76) -> 14070.539
B19: Nominal | C19: 2040 | E19: Build Cost with ITC Adjustment 30% | F19: $/kW | G19: =$G$18-($G$18*30%) -> 9849.3772 | H19: =$H$18-($H$18*30%) -> 9849.3772 | I19: =$I$18-($I$18*30%) -> 9849.3772
B20: Nominal | C20: 2040 | E20: Build Cost with ITC Adjustment 15% | F20: $/kW | G20: =$G$18-($G$18*15%) -> 11959.958 | H20: =$H$18-($H$18*15%) -> 11959.958 | I20: =$I$18-($I$18*15%) -> 11959.958
D21: Darlington | E21: Capacity Factor Unit 1 | F21: % | G21: 0.797 | H21: 0.797 | I21: 0.797
E22: Capacity Factor Unit 2 | F22: % | G22: 0.719 | H22: 0.719 | I22: 0.719
E23: Capacity Factor Unit 3 | F23: % | G23: 0.782 | H23: 0.782 | I23: 0.782
E24: Capacity Factor Unit 4 | F24: % | G24: 0.847 | H24: 0.847 | I24: 0.847
E25: Capacity Factor Average | F25: % | G25: =AVERAGE(G21:G24) -> 0.78625 | H25: =AVERAGE(H21:H24) -> 0.78625 | I25: =AVERAGE(I21:I24) -> 0.78625
A26: AP1000 | B26: Real | C26: 2021 | D26: NREL 2023 ATB | E26: Fuel Cost | F26: $/MMBTu | G26: 0.66 | H26: 0.66 | I26: 0.66
A27: AP1000 | B27: Real | C27: 2021 | D27: NREL 2023 ATB | E27: VOM | F27: $/MWh | G27: 2 | H27: 2 | I27: 2
A28: AP1000 | B28: Real | C28: 2021 | D28: NREL 2023 ATB | E28: Fixed O&M | F28: $/kW-Yr | G28: 152 | H28: 152 | I28: 152
A29: AP1000 | D29: NREL 2023 ATB | E29: Heat Rate | F29: MMBTu/MWh | G29: 10.45 | H29: 10.45 | I29: 10.45
A30: AP1000 | B30: Real | C30: 2021 | D30: NREL 2023 ATB | E30: Fuel Cost | F30: $/MWh | G30: =G26*G29 -> 6.897 | H30: =H26*H29 -> 6.897 | I30: =I26*I29 -> 6.897
A31: AP1000 | B31: Nominal | C31: 2030 | D31: NREL 2023 ATB | E31: Fuel Cost | F31: $/MMBTu | G31: =G26*'US CPI'!$I$16 -> 0.8604452 | H31: =H26*'US CPI'!$I$16 -> 0.8604452 | I31: =I26*'US CPI'!$I$16 -> 0.8604452
A32: AP1000 | B32: Nominal | C32: 2030 | D32: NREL 2023 ATB | E32: VOM | F32: $/MWh | G32: =G27*'US CPI'!$I$16 -> 2.6074097 | H32: =H27*'US CPI'!$I$16 -> 2.6074097 | I32: =I27*'US CPI'!$I$16 -> 2.6074097
A33: AP1000 | B33: Nominal | C33: 2030 | D33: NREL 2023 ATB | E33: Fixed O&M | F33: $/kW-Yr | G33: =G28*'US CPI'!$I$16 -> 198.16314 | H33: =H28*'US CPI'!$I$16 -> 198.16314 | I33: =I28*'US CPI'!$I$16 -> 198.16314
A34: AP1000 | D34: NREL 2023 ATB | E34: Heat Rate | F34: MMBTu/MWh | G34: 10.45 | H34: 10.45 | I34: 10.45
A35: AP1000 | B35: Nominal | C35: 2030 | D35: NREL 2023 ATB | E35: Fuel Cost | F35: $/MWh | G35: =G31*G34 -> 8.9916523 | H35: =H31*H34 -> 8.9916523 | I35: =I31*I34 -> 8.9916523
A36: AP1000 | B36: Nominal | C36: 2040 | D36: NREL 2023 ATB | E36: Fuel Cost | F36: $/MMBTu | G36: =G26*'US CPI'!$I$26 -> 1.0488779 | H36: =H26*'US CPI'!$I$26 -> 1.0488779 | I36: =I26*'US CPI'!$I$26 -> 1.0488779
A37: AP1000 | B37: Nominal | C37: 2040 | D37: NREL 2023 ATB | E37: VOM | F37: $/MWh | G37: =G27*'US CPI'!$I$26 -> 3.1784179 | H37: =H27*'US CPI'!$I$26 -> 3.1784179 | I37: =I27*'US CPI'!$I$26 -> 3.1784179
A38: AP1000 | B38: Nominal | C38: 2040 | D38: NREL 2023 ATB | E38: Fixed O&M | F38: $/kW-Yr | G38: =G28*'US CPI'!$I$26 -> 241.55976 | H38: =H28*'US CPI'!$I$26 -> 241.55976 | I38: =I28*'US CPI'!$I$26 -> 241.55976
A39: AP1000 | D39: NREL 2023 ATB | E39: Heat Rate | F39: MMBTu/MWh | G39: 10.45 | H39: 10.45 | I39: 10.45
A40: AP1000 | B40: Nominal | C40: 2040 | D40: NREL 2023 ATB | E40: Fuel Cost | F40: $/MWh | G40: =G36*G39 -> 10.960774 | H40: =H36*H39 -> 10.960774 | I40: =I36*I39 -> 10.960774
A41: SMR | B41: Real | C41: 2021 | D41: NREL 2023 ATB | E41: Fuel Cost | F41: $/MMBTu | G41: 0.66 | H41: 0.66 | I41: 0.66
A42: SMR | B42: Real | C42: 2021 | D42: NREL 2023 ATB | E42: VOM | F42: $/MWh | G42: 3 | H42: 3 | I42: 3
A43: SMR | B43: Real | C43: 2021 | D43: NREL 2023 ATB | E43: Fixed O&M | F43: $/kW-Yr | G43: 119 | H43: 119 | I43: 119
A44: SMR | D44: NREL 2023 ATB | E44: Heat Rate | F44: MMBTu/MWh | G44: 10.45 | H44: 10.45 | I44: 10.45
A45: SMR | B45: Real | C45: 2021 | D45: NREL 2023 ATB | E45: Fuel Cost | F45: $/MWh | G45: =G41*G44 -> 6.897 | H45: =H41*H44 -> 6.897 | I45: =I41*I44 -> 6.897
A46: SMR | B46: Nominal | C46: 2030 | D46: NREL 2023 ATB | E46: Fuel Cost | F46: $/MMBTu | G46: =G41*'US CPI'!$I$16 -> 0.8604452 | H46: =H41*'US CPI'!$I$16 -> 0.8604452 | I46: =I41*'US CPI'!$I$16 -> 0.8604452
A47: SMR | B47: Nominal | C47: 2030 | D47: NREL 2023 ATB | E47: VOM | F47: $/MWh | G47: =G42*'US CPI'!$I$16 -> 3.9111145 | H47: =H42*'US CPI'!$I$16 -> 3.9111145 | I47: =I42*'US CPI'!$I$16 -> 3.9111145
A48: SMR | B48: Nominal | C48: 2030 | D48: NREL 2023 ATB | E48: Fixed O&M | F48: $/kW-Yr | G48: =G43*'US CPI'!$I$16 -> 155.14088 | H48: =H43*'US CPI'!$I$16 -> 155.14088 | I48: =I43*'US CPI'!$I$16 -> 155.14088
A49: SMR | D49: NREL 2023 ATB | E49: Heat Rate | F49: MMBTu/MWh | G49: 10.45 | H49: 10.45 | I49: 10.45
A50: SMR | B50: Nominal | C50: 2030 | D50: NREL 2023 ATB | E50: Fuel Cost | F50: $/MWh | G50: =G46*G49 -> 8.9916523 | H50: =H46*H49 -> 8.9916523 | I50: =I46*I49 -> 8.9916523
A51: SMR | B51: Nominal | C51: 2040 | D51: NREL 2023 ATB | E51: Fuel Cost | F51: $/MMBTu | G51: =G41*'US CPI'!$I$26 -> 1.0488779 | H51: =H41*'US CPI'!$I$26 -> 1.0488779 | I51: =I41*'US CPI'!$I$26 -> 1.0488779
A52: SMR | B52: Nominal | C52: 2040 | D52: NREL 2023 ATB | E52: VOM | F52: $/MWh | G52: =G42*'US CPI'!$I$26 -> 4.7676268 | H52: =H42*'US CPI'!$I$26 -> 4.7676268 | I52: =I42*'US CPI'!$I$26 -> 4.7676268
A53: SMR | B53: Nominal | C53: 2040 | D53: NREL 2023 ATB | E53: Fixed O&M | F53: $/kW-Yr | G53: =G43*'US CPI'!$I$26 -> 189.11586 | H53: =H43*'US CPI'!$I$26 -> 189.11586 | I53: =I43*'US CPI'!$I$26 -> 189.11586
A54: SMR | D54: NREL 2023 ATB | E54: Heat Rate | F54: MMBTu/MWh | G54: 10.45 | H54: 10.45 | I54: 10.45
A55: SMR | B55: Nominal | C55: 2040 | D55: NREL 2023 ATB | E55: Fuel Cost | F55: $/MWh | G55: =G51*G54 -> 10.960774 | H55: =H51*H54 -> 10.960774 | I55: =I51*I54 -> 10.960774

Sheet Onshore Wind LCOE
O1: 2030 | R1: 2040
A2: Dollars | B2: Year | C2: Zone | D2: Category | E2: Units | F2: Base Value | G2: Sensitivity 1 | H2: Sensitivity 2 | N2: Zones | O2: No ITC | P2: With ITC 30% | R2: No ITC | S2: With ITC 30% | T2: With ITC 15%
A3: Real | B3: 2021 | C3: All | D3: Build Cost | E3: $/kW | F3: ='IESO Pathways to Decarb App A'!$H$5 -> 980 | G3: ='IESO Pathways to Decarb App A'!$H$5 -> 980 | H3: ='IESO Pathways to Decarb App A'!$H$5 -> 980
A4: Real | B4: 2021 | C4: All | D4: Fixed O&M | E4: $/kW-Yr | F4: ='IESO Pathways to Decarb App A'!$K$5 -> 40 | G4: ='IESO Pathways to Decarb App A'!$K$5 -> 40 | H4: ='IESO Pathways to Decarb App A'!$K$5 -> 40 | L4: Base | M4: US $/MWh | N4: Northeast 2 | O4: =(('NREL ATB 2023 Financial'!$E$37*'NREL ATB 2023 Financial'!$E$39*'NREL ATB 2023 Financial'!$E$38*($F$28*1+$F31)+$F$30)*1000/($F17*8760)) -> 45.655618 | P4: =(('NREL ATB 2023 Financial'!$E$37*'NREL ATB 2023 Financial'!$E$39*'NREL ATB 2023 Financial'!$E$38*($F$29*1+$F31)+$F$30)*1000/($F17*8760)) -> 37.959557 | R4: =(('NREL ATB 2023 Financial'!$E$37*'NREL ATB 2023 Financial'!$E$39*'NREL ATB 2023 Financial'!$E$38*($F$67*1+$F71)+$F$70)*1000/($F56*8760)) -> 50.594232 | S4: =(('NREL ATB 2023 Financial'!$E$37*'NREL ATB 2023 Financial'!$E$39*'NREL ATB 2023 Financial'!$E$38*($F$68*1+$F71)+$F$70)*1000/($F56*8760)) -> 42.366696 | T4: =(('NREL ATB 2023 Financial'!$E$37*'NREL ATB 2023 Financial'!$E$39*'NREL ATB 2023 Financial'!$E$38*($F$69*1+$F71)+$F$70)*1000/($F56*8760)) -> 46.480464
A5: Real | B5: 2021 | C5: Northeast 2 | D5: Transmission | E5: $/kW | F5: ='IESO Pathways to Decarb App A'!$N6 -> 300 | G5: ='IESO Pathways to Decarb App A'!$N6 -> 300 | H5: ='IESO Pathways to Decarb App A'!$N6 -> 300 | L5: Base | M5: US $/MWh | N5: Northeast 3 | O5: =(('NREL ATB 2023 Financial'!$E$37*'NREL ATB 2023 Financial'!$E$39*'NREL ATB 2023 Financial'!$E$38*($F$28*1+$F32)+$F$30)*1000/($F18*8760)) -> 57.852147 | P5: =(('NREL ATB 2023 Financial'!$E$37*'NREL ATB 2023 Financial'!$E$39*'NREL ATB 2023 Financial'!$E$38*($F$29*1+$F32)+$F$30)*1000/($F18*8760)) -> 48.424473 | R5: =(('NREL ATB 2023 Financial'!$E$37*'NREL ATB 2023 Financial'!$E$39*'NREL ATB 2023 Financial'!$E$38*($F$67*1+$F72)+$F$70)*1000/($F57*8760)) -> 63.988443 | S5: =(('NREL ATB 2023 Financial'!$E$37*'NREL ATB 2023 Financial'!$E$39*'NREL ATB 2023 Financial'!$E$38*($F$68*1+$F72)+$F$70)*1000/($F57*8760)) -> 53.954863 | T5: =(('NREL ATB 2023 Financial'!$E$37*'NREL ATB 2023 Financial'!$E$39*'NREL ATB 2023 Financial'!$E$38*($F$69*1+$F72)+$F$70)*1000/($F57*8760)) -> 58.971653
A6: Real | B6: 2021 | C6: Northeast 3 | D6: Transmission | E6: $/kW | F6: ='IESO Pathways to Decarb App A'!$N7 -> 360 | G6: ='IESO Pathways to Decarb App A'!$N7 -> 360 | H6: ='IESO Pathways to Decarb App A'!$N7 -> 360 | L6: Base | M6: US $/MWh | N6: Northwest 4 | O6: =(('NREL ATB 2023 Financial'!$E$37*'NREL ATB 2023 Financial'!$E$39*'NREL ATB 2023 Financial'!$E$38*($F$28*1+$F33)+$F$30)*1000/($F19*8760)) -> 37.101593 | P6: =(('NREL ATB 2023 Financial'!$E$37*'NREL ATB 2023 Financial'!$E$39*'NREL ATB 2023 Financial'!$E$38*($F$29*1+$F33)+$F$30)*1000/($F19*8760)) -> 29.849536 | R6: =(('NREL ATB 2023 Financial'!$E$37*'NREL ATB 2023 Financial'!$E$39*'NREL ATB 2023 Financial'!$E$38*($F$67*1+$F73)+$F$70)*1000/($F58*8760)) -> 41.431797 | S6: =(('NREL ATB 2023 Financial'!$E$37*'NREL ATB 2023 Financial'!$E$39*'NREL ATB 2023 Financial'!$E$38*($F$68*1+$F73)+$F$70)*1000/($F58*8760)) -> 33.520704 | T6: =(('NREL ATB 2023 Financial'!$E$37*'NREL ATB 2023 Financial'!$E$39*'NREL ATB 2023 Financial'!$E$38*($F$69*1+$F73)+$F$70)*1000/($F58*8760)) -> 37.47625
A7: Real | B7: 2021 | C7: Northwest 4 | D7: Transmission | E7: $/kW | F7: ='IESO Pathways to Decarb App A'!$N8 -> 60 | G7: ='IESO Pathways to Decarb App A'!$N8 -> 60 | H7: ='IESO Pathways to Decarb App A'!$N8 -> 60 | L7: Base | M7: US $/MWh | N7: Northwest 5 | O7: =(('NREL ATB 2023 Financial'!$E$37*'NREL ATB 2023 Financial'!$E$39*'NREL ATB 2023 Financial'!$E$38*($F$28*1+$F34)+$F$30)*1000/($F20*8760)) -> 41.151011 | P7: =(('NREL ATB 2023 Financial'!$E$37*'NREL ATB 2023 Financial'!$E$39*'NREL ATB 2023 Financial'!$E$38*($F$29*1+$F34)+$F$30)*1000/($F20*8760)) -> 33.608871 | R7: =(('NREL ATB 2023 Financial'!$E$37*'NREL ATB 2023 Financial'!$E$39*'NREL ATB 2023 Financial'!$E$38*($F$67*1+$F74)+$F$70)*1000/($F59*8760)) -> 46.21622 | S7: =(('NREL ATB 2023 Financial'!$E$37*'NREL ATB 2023 Financial'!$E$39*'NREL ATB 2023 Financial'!$E$38*($F$68*1+$F74)+$F$70)*1000/($F59*8760)) -> 37.988684 | T7: =(('NREL ATB 2023 Financial'!$E$37*'NREL ATB 2023 Financial'!$E$39*'NREL ATB 2023 Financial'!$E$38*($F$69*1+$F74)+$F$70)*1000/($F59*8760)) -> 42.102452
A8: Real | B8: 2021 | C8: Northwest 5 | D8: Transmission | E8: $/kW | F8: ='IESO Pathways to Decarb App A'!$N9 -> 160 | G8: ='IESO Pathways to Decarb App A'!$N9 -> 160 | H8: ='IESO Pathways to Decarb App A'!$N9 -> 160 | L8: Base | M8: US $/MWh | N8: Northwest 6 | O8: =(('NREL ATB 2023 Financial'!$E$37*'NREL ATB 2023 Financial'!$E$39*'NREL ATB 2023 Financial'!$E$38*($F$28*1+$F35)+$F$30)*1000/($F21*8760)) -> 54.623507 | P8: =(('NREL ATB 2023 Financial'!$E$37*'NREL ATB 2023 Financial'!$E$39*'NREL ATB 2023 Financial'!$E$38*($F$29*1+$F35)+$F$30)*1000/($F21*8760)) -> 46.767111 | R8: =(('NREL ATB 2023 Financial'!$E$37*'NREL ATB 2023 Financial'!$E$39*'NREL ATB 2023 Financial'!$E$38*($F$67*1+$F75)+$F$70)*1000/($F60*8760)) -> 62.474674 | S8: =(('NREL ATB 2023 Financial'!$E$37*'NREL ATB 2023 Financial'!$E$39*'NREL ATB 2023 Financial'!$E$38*($F$68*1+$F75)+$F$70)*1000/($F60*8760)) -> 53.904324 | T8: =(('NREL ATB 2023 Financial'!$E$37*'NREL ATB 2023 Financial'!$E$39*'NREL ATB 2023 Financial'!$E$38*($F$69*1+$F75)+$F$70)*1000/($F60*8760)) -> 58.189499
A9: Real | B9: 2021 | C9: Northwest 6 | D9: Transmission | E9: $/kW | F9: ='IESO Pathways to Decarb App A'!$N10 -> 600 | G9: ='IESO Pathways to Decarb App A'!$N10 -> 600 | H9: ='IESO Pathways to Decarb App A'!$N10 -> 600 | L9: Base | M9: US $/MWh | N9: Southwest/Bruce/Niagara 8 | O9: =(('NREL ATB 2023 Financial'!$E$37*'NREL ATB 2023 Financial'!$E$39*'NREL ATB 2023 Financial'!$E$38*($F$28*1+$F36)+$F$30)*1000/($F22*8760)) -> 42.681268 | P9: =(('NREL ATB 2023 Financial'!$E$37*'NREL ATB 2023 Financial'!$E$39*'NREL ATB 2023 Financial'!$E$38*($F$29*1+$F36)+$F$30)*1000/($F22*8760)) -> 34.110655 | R9: =(('NREL ATB 2023 Financial'!$E$37*'NREL ATB 2023 Financial'!$E$39*'NREL ATB 2023 Financial'!$E$38*($F$67*1+$F76)+$F$70)*1000/($F61*8760)) -> 46.486898 | S9: =(('NREL ATB 2023 Financial'!$E$37*'NREL ATB 2023 Financial'!$E$39*'NREL ATB 2023 Financial'!$E$38*($F$68*1+$F76)+$F$70)*1000/($F61*8760)) -> 37.345191 | T9: =(('NREL ATB 2023 Financial'!$E$37*'NREL ATB 2023 Financial'!$E$39*'NREL ATB 2023 Financial'!$E$38*($F$69*1+$F76)+$F$70)*1000/($F61*8760)) -> 41.916044
A10: Real | B10: 2021 | C10: Southwest/Bruce/Niagara 8 | D10: Transmission | E10: $/kW | F10: ='IESO Pathways to Decarb App A'!$N12 -> 20 | G10: ='IESO Pathways to Decarb App A'!$N12 -> 20 | H10: ='IESO Pathways to Decarb App A'!$N12 -> 20 | L10: Base | M10: US $/MWh | N10: Southwest/Bruce/Niagara 9 | O10: =(('NREL ATB 2023 Financial'!$E$37*'NREL ATB 2023 Financial'!$E$39*'NREL ATB 2023 Financial'!$E$38*($F$28*1+$F37)+$F$30)*1000/($F23*8760)) -> 51.449441 | P10: =(('NREL ATB 2023 Financial'!$E$37*'NREL ATB 2023 Financial'!$E$39*'NREL ATB 2023 Financial'!$E$38*($F$29*1+$F37)+$F$30)*1000/($F23*8760)) -> 41.257361 | R10: =(('NREL ATB 2023 Financial'!$E$37*'NREL ATB 2023 Financial'!$E$39*'NREL ATB 2023 Financial'!$E$38*($F$67*1+$F77)+$F$70)*1000/($F62*8760)) -> 55.873208 | S10: =(('NREL ATB 2023 Financial'!$E$37*'NREL ATB 2023 Financial'!$E$39*'NREL ATB 2023 Financial'!$E$38*($F$68*1+$F77)+$F$70)*1000/($F62*8760)) -> 45.047503 | T10: =(('NREL ATB 2023 Financial'!$E$37*'NREL ATB 2023 Financial'!$E$39*'NREL ATB 2023 Financial'!$E$38*($F$69*1+$F77)+$F$70)*1000/($F62*8760)) -> 50.460355
A11: Real | B11: 2021 | C11: Southwest/Bruce/Niagara 9 | D11: Transmission | E11: $/kW | F11: ='IESO Pathways to Decarb App A'!$N13 -> 40 | G11: ='IESO Pathways to Decarb App A'!$N13 -> 40 | H11: ='IESO Pathways to Decarb App A'!$N13 -> 40 | L11: Base | M11: US $/MWh | N11: Toronto/Essa/East/Ottawa 10 | O11: =(('NREL ATB 2023 Financial'!$E$37*'NREL ATB 2023 Financial'!$E$39*'NREL ATB 2023 Financial'!$E$38*($F$28*1+$F38)+$F$30)*1000/($F24*8760)) -> 41.732795 | P11: =(('NREL ATB 2023 Financial'!$E$37*'NREL ATB 2023 Financial'!$E$39*'NREL ATB 2023 Financial'!$E$38*($F$29*1+$F38)+$F$30)*1000/($F24*8760)) -> 33.35264 | R11: =(('NREL ATB 2023 Financial'!$E$37*'NREL ATB 2023 Financial'!$E$39*'NREL ATB 2023 Financial'!$E$38*($F$67*1+$F78)+$F$70)*1000/($F63*8760)) -> 45.476313 | S11: =(('NREL ATB 2023 Financial'!$E$37*'NREL ATB 2023 Financial'!$E$39*'NREL ATB 2023 Financial'!$E$38*($F$68*1+$F78)+$F$70)*1000/($F63*8760)) -> 36.533339 | T11: =(('NREL ATB 2023 Financial'!$E$37*'NREL ATB 2023 Financial'!$E$39*'NREL ATB 2023 Financial'!$E$38*($F$69*1+$F78)+$F$70)*1000/($F63*8760)) -> 41.004826
A12: Real | B12: 2021 | C12: Toronto/Essa/East/Ottawa 10 | D12: Transmission | E12: $/kW | F12: ='IESO Pathways to Decarb App A'!$N14 -> 20 | G12: ='IESO Pathways to Decarb App A'!$N14 -> 20 | H12: ='IESO Pathways to Decarb App A'!$N14 -> 20 | L12: Base | M12: US $/MWh | N12: Toronto/Essa/East/Ottawa 11 | O12: =(('NREL ATB 2023 Financial'!$E$37*'NREL ATB 2023 Financial'!$E$39*'NREL ATB 2023 Financial'!$E$38*($F$28*1+$F39)+$F$30)*1000/($F25*8760)) -> 53.591191 | P12: =(('NREL ATB 2023 Financial'!$E$37*'NREL ATB 2023 Financial'!$E$39*'NREL ATB 2023 Financial'!$E$38*($F$29*1+$F39)+$F$30)*1000/($F25*8760)) -> 43.115997 | R12: =(('NREL ATB 2023 Financial'!$E$37*'NREL ATB 2023 Financial'!$E$39*'NREL ATB 2023 Financial'!$E$38*($F$67*1+$F79)+$F$70)*1000/($F64*8760)) -> 58.228471 | S12: =(('NREL ATB 2023 Financial'!$E$37*'NREL ATB 2023 Financial'!$E$39*'NREL ATB 2023 Financial'!$E$38*($F$68*1+$F79)+$F$70)*1000/($F64*8760)) -> 47.110179 | T12: =(('NREL ATB 2023 Financial'!$E$37*'NREL ATB 2023 Financial'!$E$39*'NREL ATB 2023 Financial'!$E$38*($F$69*1+$F79)+$F$70)*1000/($F64*8760)) -> 52.669325
A13: Real | B13: 2021 | C13: Toronto/Essa/East/Ottawa 11 | D13: Transmission | E13: $/kW | F13: ='IESO Pathways to Decarb App A'!$N15 -> 60 | G13: ='IESO Pathways to Decarb App A'!$N15 -> 60 | H13: ='IESO Pathways to Decarb App A'!$N15 -> 60 | L13: Base | M13: US $/MWh | N13: West 12 | O13: =(('NREL ATB 2023 Financial'!$E$37*'NREL ATB 2023 Financial'!$E$39*'NREL ATB 2023 Financial'!$E$38*($F$28*1+$F40)+$F$30)*1000/($F26*8760)) -> 40.502752 | P13: =(('NREL ATB 2023 Financial'!$E$37*'NREL ATB 2023 Financial'!$E$39*'NREL ATB 2023 Financial'!$E$38*($F$29*1+$F40)+$F$30)*1000/($F26*8760)) -> 32.479199 | R13: =(('NREL ATB 2023 Financial'!$E$37*'NREL ATB 2023 Financial'!$E$39*'NREL ATB 2023 Financial'!$E$38*($F$67*1+$F80)+$F$70)*1000/($F65*8760)) -> 44.232956 | S13: =(('NREL ATB 2023 Financial'!$E$37*'NREL ATB 2023 Financial'!$E$39*'NREL ATB 2023 Financial'!$E$38*($F$68*1+$F80)+$F$70)*1000/($F65*8760)) -> 35.662606 | T13: =(('NREL ATB 2023 Financial'!$E$37*'NREL ATB 2023 Financial'!$E$39*'NREL ATB 2023 Financial'!$E$38*($F$69*1+$F80)+$F$70)*1000/($F65*8760)) -> 39.947781
A14: Real | B14: 2021 | C14: West 12 | D14: Transmission | E14: $/kW | F14: ='IESO Pathways to Decarb App A'!$N16 -> 40 | G14: ='IESO Pathways to Decarb App A'!$N16 -> 40 | H14: ='IESO Pathways to Decarb App A'!$N16 -> 40 | L14: Base | M14: US $/MWh | N14: West 13 | O14: =(('NREL ATB 2023 Financial'!$E$37*'NREL ATB 2023 Financial'!$E$39*'NREL ATB 2023 Financial'!$E$38*($F$28*1+$F41)+$F$30)*1000/($F27*8760)) -> 46.949395 | P14: =(('NREL ATB 2023 Financial'!$E$37*'NREL ATB 2023 Financial'!$E$39*'NREL ATB 2023 Financial'!$E$38*($F$29*1+$F41)+$F$30)*1000/($F27*8760)) -> 37.52172 | R14: =(('NREL ATB 2023 Financial'!$E$37*'NREL ATB 2023 Financial'!$E$39*'NREL ATB 2023 Financial'!$E$38*($F$67*1+$F81)+$F$70)*1000/($F66*8760)) -> 51.022205 | S14: =(('NREL ATB 2023 Financial'!$E$37*'NREL ATB 2023 Financial'!$E$39*'NREL ATB 2023 Financial'!$E$38*($F$68*1+$F81)+$F$70)*1000/($F66*8760)) -> 40.988624 | T14: =(('NREL ATB 2023 Financial'!$E$37*'NREL ATB 2023 Financial'!$E$39*'NREL ATB 2023 Financial'!$E$38*($F$69*1+$F81)+$F$70)*1000/($F66*8760)) -> 46.005414
A15: Real | B15: 2021 | C15: West 13 | D15: Transmission | E15: $/kW | F15: ='IESO Pathways to Decarb App A'!$N17 -> 20 | G15: ='IESO Pathways to Decarb App A'!$N17 -> 20 | H15: ='IESO Pathways to Decarb App A'!$N17 -> 20
C16: All | D16: Life | E16: Years | F16: ='IESO Pathways to Decarb App A'!$O$5 -> 30 | G16: ='IESO Pathways to Decarb App A'!$O$5 -> 30 | H16: ='IESO Pathways to Decarb App A'!$O$5 -> 30 | L16: Sensitivity 1 | M16: US $/MWh | N16: Northeast 2 | O16: =(('NREL ATB 2023 Financial'!$H$37*'NREL ATB 2023 Financial'!$H$39*'NREL ATB 2023 Financial'!$H$38*($G$28*1+$G31)+$G$30)*1000/($G17*8760)) -> 45.655618 | P16: =(('NREL ATB 2023 Financial'!$H$37*'NREL ATB 2023 Financial'!$H$39*'NREL ATB 2023 Financial'!$H$38*($G$29*1+$G31)+$G$30)*1000/($G17*8760)) -> 37.959557 | R16: =(('NREL ATB 2023 Financial'!$H$37*'NREL ATB 2023 Financial'!$H$39*'NREL ATB 2023 Financial'!$H$38*($G$67*1+$G71)+$G$70)*1000/($G56*8760)) -> 50.594232 | S16: =(('NREL ATB 2023 Financial'!$H$37*'NREL ATB 2023 Financial'!$H$39*'NREL ATB 2023 Financial'!$H$38*($G$68*1+$G71)+$G$70)*1000/($G56*8760)) -> 42.366696 | T16: =(('NREL ATB 2023 Financial'!$H$37*'NREL ATB 2023 Financial'!$H$39*'NREL ATB 2023 Financial'!$H$38*($G$69*1+$G71)+$G$70)*1000/($G56*8760)) -> 46.480464
C17: Northeast 2 | D17: Capacity Factor | E17: % | F17: ='IESO Pathways to Decarb App A'!$E6 -> 0.49 | G17: ='IESO Pathways to Decarb App A'!$E6 -> 0.49 | H17: ='IESO Pathways to Decarb App A'!$E6 -> 0.49 | L17: Sensitivity 1 | M17: US $/MWh | N17: Northeast 3 | O17: =(('NREL ATB 2023 Financial'!$H$37*'NREL ATB 2023 Financial'!$H$39*'NREL ATB 2023 Financial'!$H$38*($G$28*1+$G32)+$G$30)*1000/($G18*8760)) -> 57.852147 | P17: =(('NREL ATB 2023 Financial'!$H$37*'NREL ATB 2023 Financial'!$H$39*'NREL ATB 2023 Financial'!$H$38*($G$29*1+$G32)+$G$30)*1000/($G18*8760)) -> 48.424473 | R17: =(('NREL ATB 2023 Financial'!$H$37*'NREL ATB 2023 Financial'!$H$39*'NREL ATB 2023 Financial'!$H$38*($G$67*1+$G72)+$G$70)*1000/($G57*8760)) -> 63.988443 | S17: =(('NREL ATB 2023 Financial'!$H$37*'NREL ATB 2023 Financial'!$H$39*'NREL ATB 2023 Financial'!$H$38*($G$68*1+$G72)+$G$70)*1000/($G57*8760)) -> 53.954863 | T17: =(('NREL ATB 2023 Financial'!$H$37*'NREL ATB 2023 Financial'!$H$39*'NREL ATB 2023 Financial'!$H$38*($G$69*1+$G72)+$G$70)*1000/($G57*8760)) -> 58.971653
C18: Northeast 3 | D18: Capacity Factor | E18: % | F18: ='IESO Pathways to Decarb App A'!$E7 -> 0.4 | G18: ='IESO Pathways to Decarb App A'!$E7 -> 0.4 | H18: ='IESO Pathways to Decarb App A'!$E7 -> 0.4 | L18: Sensitivity 1 | M18: US $/MWh | N18: Northwest 4 | O18: =(('NREL ATB 2023 Financial'!$H$37*'NREL ATB 2023 Financial'!$H$39*'NREL ATB 2023 Financial'!$H$38*($G$28*1+$G33)+$G$30)*1000/($G19*8760)) -> 37.101593 | P18: =(('NREL ATB 2023 Financial'!$H$37*'NREL ATB 2023 Financial'!$H$39*'NREL ATB 2023 Financial'!$H$38*($G$29*1+$G33)+$G$30)*1000/($G19*8760)) -> 29.849536 | R18: =(('NREL ATB 2023 Financial'!$H$37*'NREL ATB 2023 Financial'!$H$39*'NREL ATB 2023 Financial'!$H$38*($G$67*1+$G73)+$G$70)*1000/($G58*8760)) -> 41.431797 | S18: =(('NREL ATB 2023 Financial'!$H$37*'NREL ATB 2023 Financial'!$H$39*'NREL ATB 2023 Financial'!$H$38*($G$68*1+$G73)+$G$70)*1000/($G58*8760)) -> 33.520704 | T18: =(('NREL ATB 2023 Financial'!$H$37*'NREL ATB 2023 Financial'!$H$39*'NREL ATB 2023 Financial'!$H$38*($G$69*1+$G73)+$G$70)*1000/($G58*8760)) -> 37.47625
C19: Northwest 4 | D19: Capacity Factor | E19: % | F19: ='IESO Pathways to Decarb App A'!$E8 -> 0.52 | G19: ='IESO Pathways to Decarb App A'!$E8 -> 0.52 | H19: ='IESO Pathways to Decarb App A'!$E8 -> 0.52 | L19: Sensitivity 1 | M19: US $/MWh | N19: Northwest 5 | O19: =(('NREL ATB 2023 Financial'!$H$37*'NREL ATB 2023 Financial'!$H$39*'NREL ATB 2023 Financial'!$H$38*($G$28*1+$G34)+$G$30)*1000/($G20*8760)) -> 41.151011 | P19: =(('NREL ATB 2023 Financial'!$H$37*'NREL ATB 2023 Financial'!$H$39*'NREL ATB 2023 Financial'!$H$38*($G$29*1+$G34)+$G$30)*1000/($G20*8760)) -> 33.608871 | R19: =(('NREL ATB 2023 Financial'!$H$37*'NREL ATB 2023 Financial'!$H$39*'NREL ATB 2023 Financial'!$H$38*($G$67*1+$G74)+$G$70)*1000/($G59*8760)) -> 46.21622 | S19: =(('NREL ATB 2023 Financial'!$H$37*'NREL ATB 2023 Financial'!$H$39*'NREL ATB 2023 Financial'!$H$38*($G$68*1+$G74)+$G$70)*1000/($G59*8760)) -> 37.988684 | T19: =(('NREL ATB 2023 Financial'!$H$37*'NREL ATB 2023 Financial'!$H$39*'NREL ATB 2023 Financial'!$H$38*($G$69*1+$G74)+$G$70)*1000/($G59*8760)) -> 42.102452
C20: Northwest 5 | D20: Capacity Factor | E20: % | F20: ='IESO Pathways to Decarb App A'!$E9 -> 0.5 | G20: ='IESO Pathways to Decarb App A'!$E9 -> 0.5 | H20: ='IESO Pathways to Decarb App A'!$E9 -> 0.5 | L20: Sensitivity 1 | M20: US $/MWh | N20: Northwest 6 | O20: =(('NREL ATB 2023 Financial'!$H$37*'NREL ATB 2023 Financial'!$H$39*'NREL ATB 2023 Financial'!$H$38*($G$28*1+$G35)+$G$30)*1000/($G21*8760)) -> 54.623507 | P20: =(('NREL ATB 2023 Financial'!$H$37*'NREL ATB 2023 Financial'!$H$39*'NREL ATB 2023 Financial'!$H$38*($G$29*1+$G35)+$G$30)*1000/($G21*8760)) -> 46.767111 | R20: =(('NREL ATB 2023 Financial'!$H$37*'NREL ATB 2023 Financial'!$H$39*'NREL ATB 2023 Financial'!$H$38*($G$67*1+$G75)+$G$70)*1000/($G60*8760)) -> 62.474674 | S20: =(('NREL ATB 2023 Financial'!$H$37*'NREL ATB 2023 Financial'!$H$39*'NREL ATB 2023 Financial'!$H$38*($G$68*1+$G75)+$G$70)*1000/($G60*8760)) -> 53.904324 | T20: =(('NREL ATB 2023 Financial'!$H$37*'NREL ATB 2023 Financial'!$H$39*'NREL ATB 2023 Financial'!$H$38*($G$69*1+$G75)+$G$70)*1000/($G60*8760)) -> 58.189499
C21: Northwest 6 | D21: Capacity Factor | E21: % | F21: ='IESO Pathways to Decarb App A'!$E10 -> 0.48 | G21: ='IESO Pathways to Decarb App A'!$E10 -> 0.48 | H21: ='IESO Pathways to Decarb App A'!$E10 -> 0.48 | L21: Sensitivity 1 | M21: US $/MWh | N21: Southwest/Bruce/Niagara 8 | O21: =(('NREL ATB 2023 Financial'!$H$37*'NREL ATB 2023 Financial'!$H$39*'NREL ATB 2023 Financial'!$H$38*($G$28*1+$G36)+$G$30)*1000/($G22*8760)) -> 42.681268 | P21: =(('NREL ATB 2023 Financial'!$H$37*'NREL ATB 2023 Financial'!$H$39*'NREL ATB 2023 Financial'!$H$38*($G$29*1+$G36)+$G$30)*1000/($G22*8760)) -> 34.110655 | R21: =(('NREL ATB 2023 Financial'!$H$37*'NREL ATB 2023 Financial'!$H$39*'NREL ATB 2023 Financial'!$H$38*($G$67*1+$G76)+$G$70)*1000/($G61*8760)) -> 46.486898 | S21: =(('NREL ATB 2023 Financial'!$H$37*'NREL ATB 2023 Financial'!$H$39*'NREL ATB 2023 Financial'!$H$38*($G$68*1+$G76)+$G$70)*1000/($G61*8760)) -> 37.345191 | T21: =(('NREL ATB 2023 Financial'!$H$37*'NREL ATB 2023 Financial'!$H$39*'NREL ATB 2023 Financial'!$H$38*($G$69*1+$G76)+$G$70)*1000/($G61*8760)) -> 41.916044
C22: Southwest/Bruce/Niagara 8 | D22: Capacity Factor | E22: % | F22: ='IESO Pathways to Decarb App A'!$E12 -> 0.44 | G22: ='IESO Pathways to Decarb App A'!$E12 -> 0.44 | H22: ='IESO Pathways to Decarb App A'!$E12 -> 0.44 | L22: Sensitivity 1 | M22: US $/MWh | N22: Southwest/Bruce/Niagara 9 | O22: =(('NREL ATB 2023 Financial'!$H$37*'NREL ATB 2023 Financial'!$H$39*'NREL ATB 2023 Financial'!$H$38*($G$28*1+$G37)+$G$30)*1000/($G23*8760)) -> 51.449441 | P22: =(('NREL ATB 2023 Financial'!$H$37*'NREL ATB 2023 Financial'!$H$39*'NREL ATB 2023 Financial'!$H$38*($G$29*1+$G37)+$G$30)*1000/($G23*8760)) -> 41.257361 | R22: =(('NREL ATB 2023 Financial'!$H$37*'NREL ATB 2023 Financial'!$H$39*'NREL ATB 2023 Financial'!$H$38*($G$67*1+$G77)+$G$70)*1000/($G62*8760)) -> 55.873208 | S22: =(('NREL ATB 2023 Financial'!$H$37*'NREL ATB 2023 Financial'!$H$39*'NREL ATB 2023 Financial'!$H$38*($G$68*1+$G77)+$G$70)*1000/($G62*8760)) -> 45.047503 | T22: =(('NREL ATB 2023 Financial'!$H$37*'NREL ATB 2023 Financial'!$H$39*'NREL ATB 2023 Financial'!$H$38*($G$69*1+$G77)+$G$70)*1000/($G62*8760)) -> 50.460355
C23: Southwest/Bruce/Niagara 9 | D23: Capacity Factor | E23: % | F23: ='IESO Pathways to Decarb App A'!$E13 -> 0.37 | G23: ='IESO Pathways to Decarb App A'!$E13 -> 0.37 | H23: ='IESO Pathways to Decarb App A'!$E13 -> 0.37 | L23: Sensitivity 1 | M23: US $/MWh | N23: Toronto/Essa/East/Ottawa 10 | O23: =(('NREL ATB 2023 Financial'!$H$37*'NREL ATB 2023 Financial'!$H$39*'NREL ATB 2023 Financial'!$H$38*($G$28*1+$G38)+$G$30)*1000/($G24*8760)) -> 41.732795 | P23: =(('NREL ATB 2023 Financial'!$H$37*'NREL ATB 2023 Financial'!$H$39*'NREL ATB 2023 Financial'!$H$38*($G$29*1+$G38)+$G$30)*1000/($G24*8760)) -> 33.35264 | R23: =(('NREL ATB 2023 Financial'!$H$37*'NREL ATB 2023 Financial'!$H$39*'NREL ATB 2023 Financial'!$H$38*($G$67*1+$G78)+$G$70)*1000/($G63*8760)) -> 45.476313 | S23: =(('NREL ATB 2023 Financial'!$H$37*'NREL ATB 2023 Financial'!$H$39*'NREL ATB 2023 Financial'!$H$38*($G$68*1+$G78)+$G$70)*1000/($G63*8760)) -> 36.533339 | T23: =(('NREL ATB 2023 Financial'!$H$37*'NREL ATB 2023 Financial'!$H$39*'NREL ATB 2023 Financial'!$H$38*($G$69*1+$G78)+$G$70)*1000/($G63*8760)) -> 41.004826
C24: Toronto/Essa/East/Ottawa 10 | D24: Capacity Factor | E24: % | F24: ='IESO Pathways to Decarb App A'!$E14 -> 0.45 | G24: ='IESO Pathways to Decarb App A'!$E14 -> 0.45 | H24: ='IESO Pathways to Decarb App A'!$E14 -> 0.45 | L24: Sensitivity 1 | M24: US $/MWh | N24: Toronto/Essa/East/Ottawa 11 | O24: =(('NREL ATB 2023 Financial'!$H$37*'NREL ATB 2023 Financial'!$H$39*'NREL ATB 2023 Financial'!$H$38*($G$28*1+$G39)+$G$30)*1000/($G25*8760)) -> 53.591191 | P24: =(('NREL ATB 2023 Financial'!$H$37*'NREL ATB 2023 Financial'!$H$39*'NREL ATB 2023 Financial'!$H$38*($G$29*1+$G39)+$G$30)*1000/($G25*8760)) -> 43.115997 | R24: =(('NREL ATB 2023 Financial'!$H$37*'NREL ATB 2023 Financial'!$H$39*'NREL ATB 2023 Financial'!$H$38*($G$67*1+$G79)+$G$70)*1000/($G64*8760)) -> 58.228471 | S24: =(('NREL ATB 2023 Financial'!$H$37*'NREL ATB 2023 Financial'!$H$39*'NREL ATB 2023 Financial'!$H$38*($G$68*1+$G79)+$G$70)*1000/($G64*8760)) -> 47.110179 | T24: =(('NREL ATB 2023 Financial'!$H$37*'NREL ATB 2023 Financial'!$H$39*'NREL ATB 2023 Financial'!$H$38*($G$69*1+$G79)+$G$70)*1000/($G64*8760)) -> 52.669325
C25: Toronto/Essa/East/Ottawa 11 | D25: Capacity Factor | E25: % | F25: ='IESO Pathways to Decarb App A'!$E15 -> 0.36 | G25: ='IESO Pathways to Decarb App A'!$E15 -> 0.36 | H25: ='IESO Pathways to Decarb App A'!$E15 -> 0.36 | L25: Sensitivity 1 | M25: US $/MWh | N25: West 12 | O25: =(('NREL ATB 2023 Financial'!$H$37*'NREL ATB 2023 Financial'!$H$39*'NREL ATB 2023 Financial'!$H$38*($G$28*1+$G40)+$G$30)*1000/($G26*8760)) -> 40.502752 | P25: =(('NREL ATB 2023 Financial'!$H$37*'NREL ATB 2023 Financial'!$H$39*'NREL ATB 2023 Financial'!$H$38*($G$29*1+$G40)+$G$30)*1000/($G26*8760)) -> 32.479199 | R25: =(('NREL ATB 2023 Financial'!$H$37*'NREL ATB 2023 Financial'!$H$39*'NREL ATB 2023 Financial'!$H$38*($G$67*1+$G80)+$G$70)*1000/($G65*8760)) -> 44.232956 | S25: =(('NREL ATB 2023 Financial'!$H$37*'NREL ATB 2023 Financial'!$H$39*'NREL ATB 2023 Financial'!$H$38*($G$68*1+$G80)+$G$70)*1000/($G65*8760)) -> 35.662606 | T25: =(('NREL ATB 2023 Financial'!$H$37*'NREL ATB 2023 Financial'!$H$39*'NREL ATB 2023 Financial'!$H$38*($G$69*1+$G80)+$G$70)*1000/($G65*8760)) -> 39.947781
C26: West 12 | D26: Capacity Factor | E26: % | F26: ='IESO Pathways to Decarb App A'!$E16 -> 0.47 | G26: ='IESO Pathways to Decarb App A'!$E16 -> 0.47 | H26: ='IESO Pathways to Decarb App A'!$E16 -> 0.47 | L26: Sensitivity 1 | M26: US $/MWh | N26: West 13 | O26: =(('NREL ATB 2023 Financial'!$H$37*'NREL ATB 2023 Financial'!$H$39*'NREL ATB 2023 Financial'!$H$38*($G$28*1+$G41)+$G$30)*1000/($G27*8760)) -> 46.949395 | P26: =(('NREL ATB 2023 Financial'!$H$37*'NREL ATB 2023 Financial'!$H$39*'NREL ATB 2023 Financial'!$H$38*($G$29*1+$G41)+$G$30)*1000/($G27*8760)) -> 37.52172 | R26: =(('NREL ATB 2023 Financial'!$H$37*'NREL ATB 2023 Financial'!$H$39*'NREL ATB 2023 Financial'!$H$38*($G$67*1+$G81)+$G$70)*1000/($G66*8760)) -> 51.022205 | S26: =(('NREL ATB 2023 Financial'!$H$37*'NREL ATB 2023 Financial'!$H$39*'NREL ATB 2023 Financial'!$H$38*($G$68*1+$G81)+$G$70)*1000/($G66*8760)) -> 40.988624 | T26: =(('NREL ATB 2023 Financial'!$H$37*'NREL ATB 2023 Financial'!$H$39*'NREL ATB 2023 Financial'!$H$38*($G$69*1+$G81)+$G$70)*1000/($G66*8760)) -> 46.005414
C27: West 13 | D27: Capacity Factor | E27: % | F27: ='IESO Pathways to Decarb App A'!$E17 -> 0.4 | G27: ='IESO Pathways to Decarb App A'!$E17 -> 0.4 | H27: ='IESO Pathways to Decarb App A'!$E17 -> 0.4
A28: Nominal | B28: 2030 | C28: All | D28: Build Cost | E28: $/kW | F28: =$F$3*VLOOKUP($B28,'US CPI'!$H$10:$I$26,2,FALSE) -> 1277.6307 | G28: =$G$3*VLOOKUP($B28,'US CPI'!$H$10:$I$26,2,FALSE) -> 1277.6307 | H28: =$H$3*VLOOKUP($B28,'US CPI'!$H$10:$I$26,2,FALSE) -> 1277.6307
A29: Nominal | B29: 2030 | C29: All | D29: Build Cost with ITC Adjustment 30% | E29: $/kW | F29: =$F$28-($F$28*30%) -> 894.34152 | G29: =$G$28-($G$28*30%) -> 894.34152 | H29: =$H$28-($H$28*30%) -> 894.34152 | L29: Sensitivity 2 | M29: US $/MWh | N29: Northeast 2 | O29: =(('NREL ATB 2023 Financial'!$I$37*'NREL ATB 2023 Financial'!$I$39*'NREL ATB 2023 Financial'!$I$38*($H$28*1+$H31)+$H$30)*1000/($H17*8760)) -> 45.655618 | P29: =(('NREL ATB 2023 Financial'!$I$37*'NREL ATB 2023 Financial'!$I$39*'NREL ATB 2023 Financial'!$I$38*($H$29*1+$H31)+$H$30)*1000/($H17*8760)) -> 37.959557 | R29: =(('NREL ATB 2023 Financial'!$I$37*'NREL ATB 2023 Financial'!$I$39*'NREL ATB 2023 Financial'!$I$38*($H$67*1+$H71)+$H$70)*1000/($H56*8760)) -> 50.594232 | S29: =(('NREL ATB 2023 Financial'!$I$37*'NREL ATB 2023 Financial'!$I$39*'NREL ATB 2023 Financial'!$I$38*($H$68*1+$H71)+$H$70)*1000/($H56*8760)) -> 42.366696 | T29: =(('NREL ATB 2023 Financial'!$I$37*'NREL ATB 2023 Financial'!$I$39*'NREL ATB 2023 Financial'!$I$38*($H$69*1+$H71)+$H$70)*1000/($H56*8760)) -> 46.480464
A30: Nominal | B30: 2030 | C30: All | D30: Fixed O&M | E30: $/kW-Yr | F30: =$F$4*VLOOKUP($B30,'US CPI'!$H$10:$I$26,2,FALSE) -> 52.148194 | G30: =$G$4*VLOOKUP($B30,'US CPI'!$H$10:$I$26,2,FALSE) -> 52.148194 | H30: =$H$4*VLOOKUP($B30,'US CPI'!$H$10:$I$26,2,FALSE) -> 52.148194 | L30: Sensitivity 2 | M30: US $/MWh | N30: Northeast 3 | O30: =(('NREL ATB 2023 Financial'!$I$37*'NREL ATB 2023 Financial'!$I$39*'NREL ATB 2023 Financial'!$I$38*($H$28*1+$H32)+$H$30)*1000/($H18*8760)) -> 57.852147 | P30: =(('NREL ATB 2023 Financial'!$I$37*'NREL ATB 2023 Financial'!$I$39*'NREL ATB 2023 Financial'!$I$38*($H$29*1+$H32)+$H$30)*1000/($H18*8760)) -> 48.424473 | R30: =(('NREL ATB 2023 Financial'!$I$37*'NREL ATB 2023 Financial'!$I$39*'NREL ATB 2023 Financial'!$I$38*($H$67*1+$H72)+$H$70)*1000/($H57*8760)) -> 63.988443 | S30: =(('NREL ATB 2023 Financial'!$I$37*'NREL ATB 2023 Financial'!$I$39*'NREL ATB 2023 Financial'!$I$38*($H$68*1+$H72)+$H$70)*1000/($H57*8760)) -> 53.954863 | T30: =(('NREL ATB 2023 Financial'!$I$37*'NREL ATB 2023 Financial'!$I$39*'NREL ATB 2023 Financial'!$I$38*($H$69*1+$H72)+$H$70)*1000/($H57*8760)) -> 58.971653
A31: Nominal | B31: 2030 | C31: Northeast 2 | D31: Transmission | E31: $/kW | F31: =$F5*VLOOKUP($B31,'US CPI'!$H$10:$I$26,2,FALSE) -> 391.11145 | G31: =$G5*VLOOKUP($B31,'US CPI'!$H$10:$I$26,2,FALSE) -> 391.11145 | H31: =$H5*VLOOKUP($B31,'US CPI'!$H$10:$I$26,2,FALSE) -> 391.11145 | L31: Sensitivity 2 | M31: US $/MWh | N31: Northwest 4 | O31: =(('NREL ATB 2023 Financial'!$I$37*'NREL ATB 2023 Financial'!$I$39*'NREL ATB 2023 Financial'!$I$38*($H$28*1+$H33)+$H$30)*1000/($H19*8760)) -> 37.101593 | P31: =(('NREL ATB 2023 Financial'!$I$37*'NREL ATB 2023 Financial'!$I$39*'NREL ATB 2023 Financial'!$I$38*($H$29*1+$H33)+$H$30)*1000/($H19*8760)) -> 29.849536 | R31: =(('NREL ATB 2023 Financial'!$I$37*'NREL ATB 2023 Financial'!$I$39*'NREL ATB 2023 Financial'!$I$38*($H$67*1+$H73)+$H$70)*1000/($H58*8760)) -> 41.431797 | S31: =(('NREL ATB 2023 Financial'!$I$37*'NREL ATB 2023 Financial'!$I$39*'NREL ATB 2023 Financial'!$I$38*($H$68*1+$H73)+$H$70)*1000/($H58*8760)) -> 33.520704 | T31: =(('NREL ATB 2023 Financial'!$I$37*'NREL ATB 2023 Financial'!$I$39*'NREL ATB 2023 Financial'!$I$38*($H$69*1+$H73)+$H$70)*1000/($H58*8760)) -> 37.47625
A32: Nominal | B32: 2030 | C32: Northeast 3 | D32: Transmission | E32: $/kW | F32: =$F6*VLOOKUP($B32,'US CPI'!$H$10:$I$26,2,FALSE) -> 469.33374 | G32: =$G6*VLOOKUP($B32,'US CPI'!$H$10:$I$26,2,FALSE) -> 469.33374 | H32: =$H6*VLOOKUP($B32,'US CPI'!$H$10:$I$26,2,FALSE) -> 469.33374 | L32: Sensitivity 2 | M32: US $/MWh | N32: Northwest 5 | O32: =(('NREL ATB 2023 Financial'!$I$37*'NREL ATB 2023 Financial'!$I$39*'NREL ATB 2023 Financial'!$I$38*($H$28*1+$H34)+$H$30)*1000/($H20*8760)) -> 41.151011 | P32: =(('NREL ATB 2023 Financial'!$I$37*'NREL ATB 2023 Financial'!$I$39*'NREL ATB 2023 Financial'!$I$38*($H$29*1+$H34)+$H$30)*1000/($H20*8760)) -> 33.608871 | R32: =(('NREL ATB 2023 Financial'!$I$37*'NREL ATB 2023 Financial'!$I$39*'NREL ATB 2023 Financial'!$I$38*($H$67*1+$H74)+$H$70)*1000/($H59*8760)) -> 46.21622 | S32: =(('NREL ATB 2023 Financial'!$I$37*'NREL ATB 2023 Financial'!$I$39*'NREL ATB 2023 Financial'!$I$38*($H$68*1+$H74)+$H$70)*1000/($H59*8760)) -> 37.988684 | T32: =(('NREL ATB 2023 Financial'!$I$37*'NREL ATB 2023 Financial'!$I$39*'NREL ATB 2023 Financial'!$I$38*($H$69*1+$H74)+$H$70)*1000/($H59*8760)) -> 42.102452
A33: Nominal | B33: 2030 | C33: Northwest 4 | D33: Transmission | E33: $/kW | F33: =$F7*VLOOKUP($B33,'US CPI'!$H$10:$I$26,2,FALSE) -> 78.222291 | G33: =$G7*VLOOKUP($B33,'US CPI'!$H$10:$I$26,2,FALSE) -> 78.222291 | H33: =$H7*VLOOKUP($B33,'US CPI'!$H$10:$I$26,2,FALSE) -> 78.222291 | L33: Sensitivity 2 | M33: US $/MWh | N33: Northwest 6 | O33: =(('NREL ATB 2023 Financial'!$I$37*'NREL ATB 2023 Financial'!$I$39*'NREL ATB 2023 Financial'!$I$38*($H$28*1+$H35)+$H$30)*1000/($H21*8760)) -> 54.623507 | P33: =(('NREL ATB 2023 Financial'!$I$37*'NREL ATB 2023 Financial'!$I$39*'NREL ATB 2023 Financial'!$I$38*($H$29*1+$H35)+$H$30)*1000/($H21*8760)) -> 46.767111 | R33: =(('NREL ATB 2023 Financial'!$I$37*'NREL ATB 2023 Financial'!$I$39*'NREL ATB 2023 Financial'!$I$38*($H$67*1+$H75)+$H$70)*1000/($H60*8760)) -> 62.474674 | S33: =(('NREL ATB 2023 Financial'!$I$37*'NREL ATB 2023 Financial'!$I$39*'NREL ATB 2023 Financial'!$I$38*($H$68*1+$H75)+$H$70)*1000/($H60*8760)) -> 53.904324 | T33: =(('NREL ATB 2023 Financial'!$I$37*'NREL ATB 2023 Financial'!$I$39*'NREL ATB 2023 Financial'!$I$38*($H$69*1+$H75)+$H$70)*1000/($H60*8760)) -> 58.189499
A34: Nominal | B34: 2030 | C34: Northwest 5 | D34: Transmission | E34: $/kW | F34: =$F8*VLOOKUP($B34,'US CPI'!$H$10:$I$26,2,FALSE) -> 208.59277 | G34: =$G8*VLOOKUP($B34,'US CPI'!$H$10:$I$26,2,FALSE) -> 208.59277 | H34: =$H8*VLOOKUP($B34,'US CPI'!$H$10:$I$26,2,FALSE) -> 208.59277 | L34: Sensitivity 2 | M34: US $/MWh | N34: Southwest/Bruce/Niagara 8 | O34: =(('NREL ATB 2023 Financial'!$I$37*'NREL ATB 2023 Financial'!$I$39*'NREL ATB 2023 Financial'!$I$38*($H$28*1+$H36)+$H$30)*1000/($H22*8760)) -> 42.681268 | P34: =(('NREL ATB 2023 Financial'!$I$37*'NREL ATB 2023 Financial'!$I$39*'NREL ATB 2023 Financial'!$I$38*($H$29*1+$H36)+$H$30)*1000/($H22*8760)) -> 34.110655 | R34: =(('NREL ATB 2023 Financial'!$I$37*'NREL ATB 2023 Financial'!$I$39*'NREL ATB 2023 Financial'!$I$38*($H$67*1+$H76)+$H$70)*1000/($H61*8760)) -> 46.486898 | S34: =(('NREL ATB 2023 Financial'!$I$37*'NREL ATB 2023 Financial'!$I$39*'NREL ATB 2023 Financial'!$I$38*($H$68*1+$H76)+$H$70)*1000/($H61*8760)) -> 37.345191 | T34: =(('NREL ATB 2023 Financial'!$I$37*'NREL ATB 2023 Financial'!$I$39*'NREL ATB 2023 Financial'!$I$38*($H$69*1+$H76)+$H$70)*1000/($H61*8760)) -> 41.916044
A35: Nominal | B35: 2030 | C35: Northwest 6 | D35: Transmission | E35: $/kW | F35: =$F9*VLOOKUP($B35,'US CPI'!$H$10:$I$26,2,FALSE) -> 782.22291 | G35: =$G9*VLOOKUP($B35,'US CPI'!$H$10:$I$26,2,FALSE) -> 782.22291 | H35: =$H9*VLOOKUP($B35,'US CPI'!$H$10:$I$26,2,FALSE) -> 782.22291 | L35: Sensitivity 2 | M35: US $/MWh | N35: Southwest/Bruce/Niagara 9 | O35: =(('NREL ATB 2023 Financial'!$I$37*'NREL ATB 2023 Financial'!$I$39*'NREL ATB 2023 Financial'!$I$38*($H$28*1+$H37)+$H$30)*1000/($H23*8760)) -> 51.449441 | P35: =(('NREL ATB 2023 Financial'!$I$37*'NREL ATB 2023 Financial'!$I$39*'NREL ATB 2023 Financial'!$I$38*($H$29*1+$H37)+$H$30)*1000/($H23*8760)) -> 41.257361 | R35: =(('NREL ATB 2023 Financial'!$I$37*'NREL ATB 2023 Financial'!$I$39*'NREL ATB 2023 Financial'!$I$38*($H$67*1+$H77)+$H$70)*1000/($H62*8760)) -> 55.873208 | S35: =(('NREL ATB 2023 Financial'!$I$37*'NREL ATB 2023 Financial'!$I$39*'NREL ATB 2023 Financial'!$I$38*($H$68*1+$H77)+$H$70)*1000/($H62*8760)) -> 45.047503 | T35: =(('NREL ATB 2023 Financial'!$I$37*'NREL ATB 2023 Financial'!$I$39*'NREL ATB 2023 Financial'!$I$38*($H$69*1+$H77)+$H$70)*1000/($H62*8760)) -> 50.460355
A36: Nominal | B36: 2030 | C36: Southwest/Bruce/Niagara 8 | D36: Transmission | E36: $/kW | F36: =$F10*VLOOKUP($B36,'US CPI'!$H$10:$I$26,2,FALSE) -> 26.074097 | G36: =$G10*VLOOKUP($B36,'US CPI'!$H$10:$I$26,2,FALSE) -> 26.074097 | H36: =$H10*VLOOKUP($B36,'US CPI'!$H$10:$I$26,2,FALSE) -> 26.074097 | L36: Sensitivity 2 | M36: US $/MWh | N36: Toronto/Essa/East/Ottawa 10 | O36: =(('NREL ATB 2023 Financial'!$I$37*'NREL ATB 2023 Financial'!$I$39*'NREL ATB 2023 Financial'!$I$38*($H$28*1+$H38)+$H$30)*1000/($H24*8760)) -> 41.732795 | P36: =(('NREL ATB 2023 Financial'!$I$37*'NREL ATB 2023 Financial'!$I$39*'NREL ATB 2023 Financial'!$I$38*($H$29*1+$H38)+$H$30)*1000/($H24*8760)) -> 33.35264 | R36: =(('NREL ATB 2023 Financial'!$I$37*'NREL ATB 2023 Financial'!$I$39*'NREL ATB 2023 Financial'!$I$38*($H$67*1+$H78)+$H$70)*1000/($H63*8760)) -> 45.476313 | S36: =(('NREL ATB 2023 Financial'!$I$37*'NREL ATB 2023 Financial'!$I$39*'NREL ATB 2023 Financial'!$I$38*($H$68*1+$H78)+$H$70)*1000/($H63*8760)) -> 36.533339 | T36: =(('NREL ATB 2023 Financial'!$I$37*'NREL ATB 2023 Financial'!$I$39*'NREL ATB 2023 Financial'!$I$38*($H$69*1+$H78)+$H$70)*1000/($H63*8760)) -> 41.004826
A37: Nominal | B37: 2030 | C37: Southwest/Bruce/Niagara 9 | D37: Transmission | E37: $/kW | F37: =$F11*VLOOKUP($B37,'US CPI'!$H$10:$I$26,2,FALSE) -> 52.148194 | G37: =$G11*VLOOKUP($B37,'US CPI'!$H$10:$I$26,2,FALSE) -> 52.148194 | H37: =$H11*VLOOKUP($B37,'US CPI'!$H$10:$I$26,2,FALSE) -> 52.148194 | L37: Sensitivity 2 | M37: US $/MWh | N37: Toronto/Essa/East/Ottawa 11 | O37: =(('NREL ATB 2023 Financial'!$I$37*'NREL ATB 2023 Financial'!$I$39*'NREL ATB 2023 Financial'!$I$38*($H$28*1+$H39)+$H$30)*1000/($H25*8760)) -> 53.591191 | P37: =(('NREL ATB 2023 Financial'!$I$37*'NREL ATB 2023 Financial'!$I$39*'NREL ATB 2023 Financial'!$I$38*($H$29*1+$H39)+$H$30)*1000/($H25*8760)) -> 43.115997 | R37: =(('NREL ATB 2023 Financial'!$I$37*'NREL ATB 2023 Financial'!$I$39*'NREL ATB 2023 Financial'!$I$38*($H$67*1+$H79)+$H$70)*1000/($H64*8760)) -> 58.228471 | S37: =(('NREL ATB 2023 Financial'!$I$37*'NREL ATB 2023 Financial'!$I$39*'NREL ATB 2023 Financial'!$I$38*($H$68*1+$H79)+$H$70)*1000/($H64*8760)) -> 47.110179 | T37: =(('NREL ATB 2023 Financial'!$I$37*'NREL ATB 2023 Financial'!$I$39*'NREL ATB 2023 Financial'!$I$38*($H$69*1+$H79)+$H$70)*1000/($H64*8760)) -> 52.669325
A38: Nominal | B38: 2030 | C38: Toronto/Essa/East/Ottawa 10 | D38: Transmission | E38: $/kW | F38: =$F12*VLOOKUP($B38,'US CPI'!$H$10:$I$26,2,FALSE) -> 26.074097 | G38: =$G12*VLOOKUP($B38,'US CPI'!$H$10:$I$26,2,FALSE) -> 26.074097 | H38: =$H12*VLOOKUP($B38,'US CPI'!$H$10:$I$26,2,FALSE) -> 26.074097 | L38: Sensitivity 2 | M38: US $/MWh | N38: West 12 | O38: =(('NREL ATB 2023 Financial'!$I$37*'NREL ATB 2023 Financial'!$I$39*'NREL ATB 2023 Financial'!$I$38*($H$28*1+$H40)+$H$30)*1000/($H26*8760)) -> 40.502752 | P38: =(('NREL ATB 2023 Financial'!$I$37*'NREL ATB 2023 Financial'!$I$39*'NREL ATB 2023 Financial'!$I$38*($H$29*1+$H40)+$H$30)*1000/($H26*8760)) -> 32.479199 | R38: =(('NREL ATB 2023 Financial'!$I$37*'NREL ATB 2023 Financial'!$I$39*'NREL ATB 2023 Financial'!$I$38*($H$67*1+$H80)+$H$70)*1000/($H65*8760)) -> 44.232956 | S38: =(('NREL ATB 2023 Financial'!$I$37*'NREL ATB 2023 Financial'!$I$39*'NREL ATB 2023 Financial'!$I$38*($H$68*1+$H80)+$H$70)*1000/($H65*8760)) -> 35.662606 | T38: =(('NREL ATB 2023 Financial'!$I$37*'NREL ATB 2023 Financial'!$I$39*'NREL ATB 2023 Financial'!$I$38*($H$69*1+$H80)+$H$70)*1000/($H65*8760)) -> 39.947781
A39: Nominal | B39: 2030 | C39: Toronto/Essa/East/Ottawa 11 | D39: Transmission | E39: $/kW | F39: =$F13*VLOOKUP($B39,'US CPI'!$H$10:$I$26,2,FALSE) -> 78.222291 | G39: =$G13*VLOOKUP($B39,'US CPI'!$H$10:$I$26,2,FALSE) -> 78.222291 | H39: =$H13*VLOOKUP($B39,'US CPI'!$H$10:$I$26,2,FALSE) -> 78.222291 | L39: Sensitivity 2 | M39: US $/MWh | N39: West 13 | O39: =(('NREL ATB 2023 Financial'!$I$37*'NREL ATB 2023 Financial'!$I$39*'NREL ATB 2023 Financial'!$I$38*($H$28*1+$H41)+$H$30)*1000/($H27*8760)) -> 46.949395 | P39: =(('NREL ATB 2023 Financial'!$I$37*'NREL ATB 2023 Financial'!$I$39*'NREL ATB 2023 Financial'!$I$38*($H$29*1+$H41)+$H$30)*1000/($H27*8760)) -> 37.52172 | R39: =(('NREL ATB 2023 Financial'!$I$37*'NREL ATB 2023 Financial'!$I$39*'NREL ATB 2023 Financial'!$I$38*($H$67*1+$H81)+$H$70)*1000/($H66*8760)) -> 51.022205 | S39: =(('NREL ATB 2023 Financial'!$I$37*'NREL ATB 2023 Financial'!$I$39*'NREL ATB 2023 Financial'!$I$38*($H$68*1+$H81)+$H$70)*1000/($H66*8760)) -> 40.988624 | T39: =(('NREL ATB 2023 Financial'!$I$37*'NREL ATB 2023 Financial'!$I$39*'NREL ATB 2023 Financial'!$I$38*($H$69*1+$H81)+$H$70)*1000/($H66*8760)) -> 46.005414
A40: Nominal | B40: 2030 | C40: West 12 | D40: Transmission | E40: $/kW | F40: =$F14*VLOOKUP($B40,'US CPI'!$H$10:$I$26,2,FALSE) -> 52.148194 | G40: =$G14*VLOOKUP($B40,'US CPI'!$H$10:$I$26,2,FALSE) -> 52.148194 | H40: =$H14*VLOOKUP($B40,'US CPI'!$H$10:$I$26,2,FALSE) -> 52.148194
A41: Nominal | B41: 2030 | C41: West 13 | D41: Transmission | E41: $/kW | F41: =$F15*VLOOKUP($B41,'US CPI'!$H$10:$I$26,2,FALSE) -> 26.074097 | G41: =$G15*VLOOKUP($B41,'US CPI'!$H$10:$I$26,2,FALSE) -> 26.074097 | H41: =$H15*VLOOKUP($B41,'US CPI'!$H$10:$I$26,2,FALSE) -> 26.074097
A42: Real | B42: 2021 | C42: All | D42: Build Cost | E42: $/kW | F42: ='IESO Pathways to Decarb App A'!$I$5 -> 877 | G42: ='IESO Pathways to Decarb App A'!$I$5 -> 877 | H42: ='IESO Pathways to Decarb App A'!$I$5 -> 877
A43: Real | B43: 2021 | C43: All | D43: Fixed O&M | E43: $/kW-Yr | F43: ='IESO Pathways to Decarb App A'!$L$5 -> 38 | G43: ='IESO Pathways to Decarb App A'!$L$5 -> 38 | H43: ='IESO Pathways to Decarb App A'!$L$5 -> 38
A44: Real | B44: 2021 | C44: Northeast 2 | D44: Transmission | E44: $/kW | F44: ='IESO Pathways to Decarb App A'!$N6 -> 300 | G44: ='IESO Pathways to Decarb App A'!$N6 -> 300 | H44: ='IESO Pathways to Decarb App A'!$N6 -> 300
A45: Real | B45: 2021 | C45: Northeast 3 | D45: Transmission | E45: $/kW | F45: ='IESO Pathways to Decarb App A'!$N7 -> 360 | G45: ='IESO Pathways to Decarb App A'!$N7 -> 360 | H45: ='IESO Pathways to Decarb App A'!$N7 -> 360
A46: Real | B46: 2021 | C46: Northwest 4 | D46: Transmission | E46: $/kW | F46: ='IESO Pathways to Decarb App A'!$N8 -> 60 | G46: ='IESO Pathways to Decarb App A'!$N8 -> 60 | H46: ='IESO Pathways to Decarb App A'!$N8 -> 60
A47: Real | B47: 2021 | C47: Northwest 5 | D47: Transmission | E47: $/kW | F47: ='IESO Pathways to Decarb App A'!$N9 -> 160 | G47: ='IESO Pathways to Decarb App A'!$N9 -> 160 | H47: ='IESO Pathways to Decarb App A'!$N9 -> 160
A48: Real | B48: 2021 | C48: Northwest 6 | D48: Transmission | E48: $/kW | F48: ='IESO Pathways to Decarb App A'!$N10 -> 600 | G48: ='IESO Pathways to Decarb App A'!$N10 -> 600 | H48: ='IESO Pathways to Decarb App A'!$N10 -> 600
A49: Real | B49: 2021 | C49: Southwest/Bruce/Niagara 8 | D49: Transmission | E49: $/kW | F49: ='IESO Pathways to Decarb App A'!$N12 -> 20 | G49: ='IESO Pathways to Decarb App A'!$N12 -> 20 | H49: ='IESO Pathways to Decarb App A'!$N12 -> 20
A50: Real | B50: 2021 | C50: Southwest/Bruce/Niagara 9 | D50: Transmission | E50: $/kW | F50: ='IESO Pathways to Decarb App A'!$N13 -> 40 | G50: ='IESO Pathways to Decarb App A'!$N13 -> 40 | H50: ='IESO Pathways to Decarb App A'!$N13 -> 40
A51: Real | B51: 2021 | C51: Toronto/Essa/East/Ottawa 10 | D51: Transmission | E51: $/kW | F51: ='IESO Pathways to Decarb App A'!$N14 -> 20 | G51: ='IESO Pathways to Decarb App A'!$N14 -> 20 | H51: ='IESO Pathways to Decarb App A'!$N14 -> 20
A52: Real | B52: 2021 | C52: Toronto/Essa/East/Ottawa 11 | D52: Transmission | E52: $/kW | F52: ='IESO Pathways to Decarb App A'!$N15 -> 60 | G52: ='IESO Pathways to Decarb App A'!$N15 -> 60 | H52: ='IESO Pathways to Decarb App A'!$N15 -> 60
A53: Real | B53: 2021 | C53: West 12 | D53: Transmission | E53: $/kW | F53: ='IESO Pathways to Decarb App A'!$N16 -> 40 | G53: ='IESO Pathways to Decarb App A'!$N16 -> 40 | H53: ='IESO Pathways to Decarb App A'!$N16 -> 40
A54: Real | B54: 2021 | C54: West 13 | D54: Transmission | E54: $/kW | F54: ='IESO Pathways to Decarb App A'!$N17 -> 20 | G54: ='IESO Pathways to Decarb App A'!$N17 -> 20 | H54: ='IESO Pathways to Decarb App A'!$N17 -> 20
C55: All | D55: Life | E55: Years | F55: ='IESO Pathways to Decarb App A'!$O$5 -> 30 | G55: ='IESO Pathways to Decarb App A'!$O$5 -> 30 | H55: ='IESO Pathways to Decarb App A'!$O$5 -> 30
C56: Northeast 2 | D56: Capacity Factor | E56: % | F56: ='IESO Pathways to Decarb App A'!$F6 -> 0.5 | G56: ='IESO Pathways to Decarb App A'!$F6 -> 0.5 | H56: ='IESO Pathways to Decarb App A'!$F6 -> 0.5
C57: Northeast 3 | D57: Capacity Factor | E57: % | F57: ='IESO Pathways to Decarb App A'!$F7 -> 0.41 | G57: ='IESO Pathways to Decarb App A'!$F7 -> 0.41 | H57: ='IESO Pathways to Decarb App A'!$F7 -> 0.41
C58: Northwest 4 | D58: Capacity Factor | E58: % | F58: ='IESO Pathways to Decarb App A'!$F8 -> 0.52 | G58: ='IESO Pathways to Decarb App A'!$F8 -> 0.52 | H58: ='IESO Pathways to Decarb App A'!$F8 -> 0.52
C59: Northwest 5 | D59: Capacity Factor | E59: % | F59: ='IESO Pathways to Decarb App A'!$F9 -> 0.5 | G59: ='IESO Pathways to Decarb App A'!$F9 -> 0.5 | H59: ='IESO Pathways to Decarb App A'!$F9 -> 0.5
C60: Northwest 6 | D60: Capacity Factor | E60: % | F60: ='IESO Pathways to Decarb App A'!$F10 -> 0.48 | G60: ='IESO Pathways to Decarb App A'!$F10 -> 0.48 | H60: ='IESO Pathways to Decarb App A'!$F10 -> 0.48
C61: Southwest/Bruce/Niagara 8 | D61: Capacity Factor | E61: % | F61: ='IESO Pathways to Decarb App A'!$F12 -> 0.45 | G61: ='IESO Pathways to Decarb App A'!$F12 -> 0.45 | H61: ='IESO Pathways to Decarb App A'!$F12 -> 0.45
C62: Southwest/Bruce/Niagara 9 | D62: Capacity Factor | E62: % | F62: ='IESO Pathways to Decarb App A'!$F13 -> 0.38 | G62: ='IESO Pathways to Decarb App A'!$F13 -> 0.38 | H62: ='IESO Pathways to Decarb App A'!$F13 -> 0.38
C63: Toronto/Essa/East/Ottawa 10 | D63: Capacity Factor | E63: % | F63: ='IESO Pathways to Decarb App A'!$F14 -> 0.46 | G63: ='IESO Pathways to Decarb App A'!$F14 -> 0.46 | H63: ='IESO Pathways to Decarb App A'!$F14 -> 0.46
C64: Toronto/Essa/East/Ottawa 11 | D64: Capacity Factor | E64: % | F64: ='IESO Pathways to Decarb App A'!$F15 -> 0.37 | G64: ='IESO Pathways to Decarb App A'!$F15 -> 0.37 | H64: ='IESO Pathways to Decarb App A'!$F15 -> 0.37
C65: West 12 | D65: Capacity Factor | E65: % | F65: ='IESO Pathways to Decarb App A'!$F16 -> 0.48 | G65: ='IESO Pathways to Decarb App A'!$F16 -> 0.48 | H65: ='IESO Pathways to Decarb App A'!$F16 -> 0.48
C66: West 13 | D66: Capacity Factor | E66: % | F66: ='IESO Pathways to Decarb App A'!$F17 -> 0.41 | G66: ='IESO Pathways to Decarb App A'!$F17 -> 0.41 | H66: ='IESO Pathways to Decarb App A'!$F17 -> 0.41
A67: Nominal | B67: 2040 | C67: All | D67: Build Cost | E67: $/kW | F67: =$F$42*VLOOKUP($B67,'US CPI'!$H$10:$I$26,2,FALSE) -> 1393.7362 | G67: =$G$42*VLOOKUP($B67,'US CPI'!$H$10:$I$26,2,FALSE) -> 1393.7362 | H67: =$H$42*VLOOKUP($B67,'US CPI'!$H$10:$I$26,2,FALSE) -> 1393.7362
A68: Nominal | B68: 2040 | C68: All | D68: Build Cost with ITC Adjustment 30% | E68: $/kW | F68: =$F$67-($F$67*30%) -> 975.61536 | G68: =$G$67-($G$67*30%) -> 975.61536 | H68: =$H$67-($H$67*30%) -> 975.61536
A69: Nominal | B69: 2040 | C69: All | D69: Build Cost with ITC Adjustment 15% | E69: $/kW | F69: =$F$67-($F$67*15%) -> 1184.6758 | G69: =$G$67-($G$67*15%) -> 1184.6758 | H69: =$H$67-($H$67*15%) -> 1184.6758
A70: Nominal | B70: 2040 | C70: All | D70: Fixed O&M | E70: $/kW-Yr | F70: =$F$43*VLOOKUP($B70,'US CPI'!$H$10:$I$26,2,FALSE) -> 60.389939 | G70: =$G$43*VLOOKUP($B70,'US CPI'!$H$10:$I$26,2,FALSE) -> 60.389939 | H70: =$H$43*VLOOKUP($B70,'US CPI'!$H$10:$I$26,2,FALSE) -> 60.389939
A71: Nominal | B71: 2040 | C71: Northeast 2 | D71: Transmission | E71: $/kW | F71: =$F44*VLOOKUP($B71,'US CPI'!$H$10:$I$26,2,FALSE) -> 476.76268 | G71: =$G44*VLOOKUP($B71,'US CPI'!$H$10:$I$26,2,FALSE) -> 476.76268 | H71: =$H44*VLOOKUP($B71,'US CPI'!$H$10:$I$26,2,FALSE) -> 476.76268
A72: Nominal | B72: 2040 | C72: Northeast 3 | D72: Transmission | E72: $/kW | F72: =$F45*VLOOKUP($B72,'US CPI'!$H$10:$I$26,2,FALSE) -> 572.11521 | G72: =$G45*VLOOKUP($B72,'US CPI'!$H$10:$I$26,2,FALSE) -> 572.11521 | H72: =$H45*VLOOKUP($B72,'US CPI'!$H$10:$I$26,2,FALSE) -> 572.11521
A73: Nominal | B73: 2040 | C73: Northwest 4 | D73: Transmission | E73: $/kW | F73: =$F46*VLOOKUP($B73,'US CPI'!$H$10:$I$26,2,FALSE) -> 95.352536 | G73: =$G46*VLOOKUP($B73,'US CPI'!$H$10:$I$26,2,FALSE) -> 95.352536 | H73: =$H46*VLOOKUP($B73,'US CPI'!$H$10:$I$26,2,FALSE) -> 95.352536
A74: Nominal | B74: 2040 | C74: Northwest 5 | D74: Transmission | E74: $/kW | F74: =$F47*VLOOKUP($B74,'US CPI'!$H$10:$I$26,2,FALSE) -> 254.27343 | G74: =$G47*VLOOKUP($B74,'US CPI'!$H$10:$I$26,2,FALSE) -> 254.27343 | H74: =$H47*VLOOKUP($B74,'US CPI'!$H$10:$I$26,2,FALSE) -> 254.27343
A75: Nominal | B75: 2040 | C75: Northwest 6 | D75: Transmission | E75: $/kW | F75: =$F48*VLOOKUP($B75,'US CPI'!$H$10:$I$26,2,FALSE) -> 953.52536 | G75: =$G48*VLOOKUP($B75,'US CPI'!$H$10:$I$26,2,FALSE) -> 953.52536 | H75: =$H48*VLOOKUP($B75,'US CPI'!$H$10:$I$26,2,FALSE) -> 953.52536
A76: Nominal | B76: 2040 | C76: Southwest/Bruce/Niagara 8 | D76: Transmission | E76: $/kW | F76: =$F49*VLOOKUP($B76,'US CPI'!$H$10:$I$26,2,FALSE) -> 31.784179 | G76: =$G49*VLOOKUP($B76,'US CPI'!$H$10:$I$26,2,FALSE) -> 31.784179 | H76: =$H49*VLOOKUP($B76,'US CPI'!$H$10:$I$26,2,FALSE) -> 31.784179
A77: Nominal | B77: 2040 | C77: Southwest/Bruce/Niagara 9 | D77: Transmission | E77: $/kW | F77: =$F50*VLOOKUP($B77,'US CPI'!$H$10:$I$26,2,FALSE) -> 63.568357 | G77: =$G50*VLOOKUP($B77,'US CPI'!$H$10:$I$26,2,FALSE) -> 63.568357 | H77: =$H50*VLOOKUP($B77,'US CPI'!$H$10:$I$26,2,FALSE) -> 63.568357
A78: Nominal | B78: 2040 | C78: Toronto/Essa/East/Ottawa 10 | D78: Transmission | E78: $/kW | F78: =$F51*VLOOKUP($B78,'US CPI'!$H$10:$I$26,2,FALSE) -> 31.784179 | G78: =$G51*VLOOKUP($B78,'US CPI'!$H$10:$I$26,2,FALSE) -> 31.784179 | H78: =$H51*VLOOKUP($B78,'US CPI'!$H$10:$I$26,2,FALSE) -> 31.784179
A79: Nominal | B79: 2040 | C79: Toronto/Essa/East/Ottawa 11 | D79: Transmission | E79: $/kW | F79: =$F52*VLOOKUP($B79,'US CPI'!$H$10:$I$26,2,FALSE) -> 95.352536 | G79: =$G52*VLOOKUP($B79,'US CPI'!$H$10:$I$26,2,FALSE) -> 95.352536 | H79: =$H52*VLOOKUP($B79,'US CPI'!$H$10:$I$26,2,FALSE) -> 95.352536
A80: Nominal | B80: 2040 | C80: West 12 | D80: Transmission | E80: $/kW | F80: =$F53*VLOOKUP($B80,'US CPI'!$H$10:$I$26,2,FALSE) -> 63.568357 | G80: =$G53*VLOOKUP($B80,'US CPI'!$H$10:$I$26,2,FALSE) -> 63.568357 | H80: =$H53*VLOOKUP($B80,'US CPI'!$H$10:$I$26,2,FALSE) -> 63.568357
A81: Nominal | B81: 2040 | C81: West 13 | D81: Transmission | E81: $/kW | F81: =$F54*VLOOKUP($B81,'US CPI'!$H$10:$I$26,2,FALSE) -> 31.784179 | G81: =$G54*VLOOKUP($B81,'US CPI'!$H$10:$I$26,2,FALSE) -> 31.784179 | H81: =$H54*VLOOKUP($B81,'US CPI'!$H$10:$I$26,2,FALSE) -> 31.784179

Sheet Solar LCOE
A2: Dollars | B2: Year | C2: Source | D2: Category | E2: Units | F2: Base Value | G2: Sensitivity 1 | H2: Sensitivity 2 | L2: 2030 | O2: 2040
C3: IESO | D3: Capacity Factor | E3: % | F3: 0.24 | G3: 0.24 | H3: 0.24 | L3: No ITC | M3: With ITC 30% | O3: No ITC | P3: With ITC 30% | Q3: With ITC 15%
A4: Nominal | B4: 2030 | C4: NREL 2023 ATB | D4: Build Cost | E4: $/kW | F4: ='NREL ATB 2023 Solar'!$L$6 -> 1306.6257 | G4: ='NREL ATB 2023 Solar'!$L$6 -> 1306.6257 | H4: ='NREL ATB 2023 Solar'!$L$6 -> 1306.6257 | J4: Base | K4: US $/MWh | L4: =(('NREL ATB 2023 Financial'!$E$28*'NREL ATB 2023 Financial'!$E$30*'NREL ATB 2023 Financial'!$E$29*($F$4*1+0)+$F$6)*1000/('Solar LCOE'!$F$3*8760)) -> 60.99773 | M4: =(('NREL ATB 2023 Financial'!$E$28*'NREL ATB 2023 Financial'!$E$30*'NREL ATB 2023 Financial'!$E$29*($F$5*1+0)+$F$6)*1000/('Solar LCOE'!$F$3*8760)) -> 46.04365 | O4: =(('NREL ATB 2023 Financial'!$E$28*'NREL ATB 2023 Financial'!$E$30*'NREL ATB 2023 Financial'!$E$29*($F$7*1+0)+$F$10)*1000/('Solar LCOE'!$F$3*8760)) -> 55.904001 | P4: =(('NREL ATB 2023 Financial'!$E$28*'NREL ATB 2023 Financial'!$E$30*'NREL ATB 2023 Financial'!$E$29*($F$8*1+0)+$F$10)*1000/('Solar LCOE'!$F$3*8760)) -> 42.499079 | Q4: =(('NREL ATB 2023 Financial'!$E$28*'NREL ATB 2023 Financial'!$E$30*'NREL ATB 2023 Financial'!$E$29*($F$9*1+0)+$F$10)*1000/('Solar LCOE'!$F$3*8760)) -> 49.20154
A5: Nominal | B5: 2030 | C5: NREL 2023 ATB | D5: Build Cost with ITC Adjustment 30% | F5: =$F$4-($F$4*30%) -> 914.63799 | G5: =$G$4-($G$4*30%) -> 914.63799 | H5: =$H$4-($H$4*30%) -> 914.63799
A6: Nominal | B6: 2030 | C6: NREL 2023 ATB | D6: Fixed O&M | E6: $/kW-Yr | F6: ='NREL ATB 2023 Solar'!$L$7 -> 23.443433 | G6: ='NREL ATB 2023 Solar'!$L$7 -> 23.443433 | H6: ='NREL ATB 2023 Solar'!$L$7 -> 23.443433 | J6: Sensitivity 1 | K6: US $/MWh | L6: =(('NREL ATB 2023 Financial'!$H$28*'NREL ATB 2023 Financial'!$H$30*'NREL ATB 2023 Financial'!$H$29*($G$4*1+0)+$G$6)*1000/('Solar LCOE'!$G$3*8760)) -> 60.99773 | M6: =(('NREL ATB 2023 Financial'!$H$28*'NREL ATB 2023 Financial'!$H$30*'NREL ATB 2023 Financial'!$H$29*($G$5*1+0)+$G$6)*1000/('Solar LCOE'!$G$3*8760)) -> 46.04365 | O6: =(('NREL ATB 2023 Financial'!$H$28*'NREL ATB 2023 Financial'!$H$30*'NREL ATB 2023 Financial'!$H$29*($G$7*1+0)+$G$10)*1000/('Solar LCOE'!$G$3*8760)) -> 55.904001 | P6: =(('NREL ATB 2023 Financial'!$H$28*'NREL ATB 2023 Financial'!$H$30*'NREL ATB 2023 Financial'!$H$29*($G$8*1+0)+$G$10)*1000/('Solar LCOE'!$G$3*8760)) -> 42.499079 | Q6: =(('NREL ATB 2023 Financial'!$H$28*'NREL ATB 2023 Financial'!$H$30*'NREL ATB 2023 Financial'!$H$29*($G$9*1+0)+$G$10)*1000/('Solar LCOE'!$G$3*8760)) -> 49.20154
A7: Nominal | B7: 2040 | C7: NREL 2023 ATB | D7: Build Cost | E7: $/kW | F7: ='NREL ATB 2023 Solar'!$V$6 -> 1171.2667 | G7: ='NREL ATB 2023 Solar'!$V$6 -> 1171.2667 | H7: ='NREL ATB 2023 Solar'!$V$6 -> 1171.2667
A8: Nominal | B8: 2040 | D8: Build Cost with ITC Adjustment 30% | F8: =$F$7-($F$7*30%) -> 819.88666 | G8: =$G$7-($G$7*30%) -> 819.88666 | H8: =$H$7-($H$7*30%) -> 819.88666 | J8: Sensitivity 2 | K8: US $/MWh | L8: =(('NREL ATB 2023 Financial'!$I$28*'NREL ATB 2023 Financial'!$I$30*'NREL ATB 2023 Financial'!$I$29*($H$4*1+0)+$H$6)*1000/('Solar LCOE'!$H$3*8760)) -> 60.99773 | M8: =(('NREL ATB 2023 Financial'!$I$28*'NREL ATB 2023 Financial'!$I$30*'NREL ATB 2023 Financial'!$I$29*($H$5*1+0)+$H$6)*1000/('Solar LCOE'!$H$3*8760)) -> 46.04365 | O8: =(('NREL ATB 2023 Financial'!$I$28*'NREL ATB 2023 Financial'!$I$30*'NREL ATB 2023 Financial'!$I$29*($H$7*1+0)+$H$10)*1000/('Solar LCOE'!$H$3*8760)) -> 55.904001 | P8: =(('NREL ATB 2023 Financial'!$I$28*'NREL ATB 2023 Financial'!$I$30*'NREL ATB 2023 Financial'!$I$29*($H$8*1+0)+$H$10)*1000/('Solar LCOE'!$H$3*8760)) -> 42.499079 | Q8: =(('NREL ATB 2023 Financial'!$I$28*'NREL ATB 2023 Financial'!$I$30*'NREL ATB 2023 Financial'!$I$29*($H$9*1+0)+$H$10)*1000/('Solar LCOE'!$H$3*8760)) -> 49.20154
A9: Nominal | B9: 2040 | D9: Build Cost with ITC Adjustment 15% | F9: =$F$7-($F$7*15%) -> 995.57666 | G9: =$G$7-($G$7*15%) -> 995.57666 | H9: =$H$7-($H$7*15%) -> 995.57666
A10: Nominal | B10: 2040 | C10: NREL 2023 ATB | D10: Fixed O&M | E10: $/kW-Yr | F10: ='NREL ATB 2023 Solar'!$V$7 -> 23.590877 | G10: ='NREL ATB 2023 Solar'!$V$7 -> 23.590877 | H10: ='NREL ATB 2023 Solar'!$V$7 -> 23.590877

Sheet LCOE in 2024$MWh-->

Sheet Summary US 2030
B1: Offshore Wind | F1: Nuclear | J1: Onshore Wind | N1: Solar | O1: Solar
A2: Zone | B2: Before ITC | C2: With 30% ITC | E2: 60 year life | F2: Before ITC | G2: With 30% ITC | I2: Zone | J2: Before ITC | K2: With 30% ITC | N2: Before ITC | O2: With 30% ITC
A3: East/SW 14 | B3: ='Offshore Wind LCOE'!N3/(1+'US CPI'!$L$1)^(2030-2024) -> 113.26298 | C3: ='Offshore Wind LCOE'!O3/(1+'US CPI'!$L$1)^(2030-2024) -> 92.774874 | E3: Vogtle Cost Estimate | F3: ='Nuclear LCOE'!P3/(1+'US CPI'!$L$1)^(2030-2024) -> 278.69761 | G3: ='Nuclear LCOE'!Q3/(1+'US CPI'!$L$1)^(2030-2024) -> 205.84262 | I3: Northeast 2 | J3: ='Onshore Wind LCOE'!O4/(1+'US CPI'!$L$1)^(2030-2024) -> 40.540882 | K3: ='Onshore Wind LCOE'!P4/(1+'US CPI'!$L$1)^(2030-2024) -> 33.707001 | M3: Solar | N3: ='Solar LCOE'!L4/(1+'US CPI'!$L$1)^(2030-2024) -> 54.164239 | O3: ='Solar LCOE'!M4/(1+'US CPI'!$L$1)^(2030-2024) -> 40.885444
A4: Northwest 16 | B4: ='Offshore Wind LCOE'!N4/(1+'US CPI'!$L$1)^(2030-2024) -> 105.33865 | C4: ='Offshore Wind LCOE'!O4/(1+'US CPI'!$L$1)^(2030-2024) -> 86.457458 | E4: TVA Cost Estimate FOAK | F4: ='Nuclear LCOE'!P4/(1+'US CPI'!$L$1)^(2030-2024) -> 288.64958 | G4: ='Nuclear LCOE'!Q4/(1+'US CPI'!$L$1)^(2030-2024) -> 211.49232 | I4: Northeast 3 | J4: ='Onshore Wind LCOE'!O5/(1+'US CPI'!$L$1)^(2030-2024) -> 51.371051 | K4: ='Onshore Wind LCOE'!P5/(1+'US CPI'!$L$1)^(2030-2024) -> 42.999546
E5: TVA Cost Estimate NOAK | F5: ='Nuclear LCOE'!P5/(1+'US CPI'!$L$1)^(2030-2024) -> 214.02425 | G5: ='Nuclear LCOE'!Q5/(1+'US CPI'!$L$1)^(2030-2024) -> 159.25458 | I5: Northwest 4 | J5: ='Onshore Wind LCOE'!O6/(1+'US CPI'!$L$1)^(2030-2024) -> 32.945153 | K5: ='Onshore Wind LCOE'!P6/(1+'US CPI'!$L$1)^(2030-2024) -> 26.505534
I6: Northwest 5 | J6: ='Onshore Wind LCOE'!O7/(1+'US CPI'!$L$1)^(2030-2024) -> 36.54092 | K6: ='Onshore Wind LCOE'!P7/(1+'US CPI'!$L$1)^(2030-2024) -> 29.843716
F7: Nuclear | I7: Northwest 6 | J7: ='Onshore Wind LCOE'!O8/(1+'US CPI'!$L$1)^(2030-2024) -> 48.504111 | K7: ='Onshore Wind LCOE'!P8/(1+'US CPI'!$L$1)^(2030-2024) -> 41.527857
E8: 50 year life | F8: Before ITC | G8: With 30% ITC | I8: Southwest/Bruce/Niagara 8 | J8: ='Onshore Wind LCOE'!O9/(1+'US CPI'!$L$1)^(2030-2024) -> 37.899745 | K8: ='Onshore Wind LCOE'!P9/(1+'US CPI'!$L$1)^(2030-2024) -> 30.289285
E9: Vogtle Cost Estimate | F9: ='Nuclear LCOE'!S3/(1+'US CPI'!$L$1)^(2030-2024) -> 282.25133 | G9: ='Nuclear LCOE'!T3/(1+'US CPI'!$L$1)^(2030-2024) -> 208.33022 | I9: Southwest/Bruce/Niagara 9 | J9: ='Onshore Wind LCOE'!O10/(1+'US CPI'!$L$1)^(2030-2024) -> 45.685631 | K9: ='Onshore Wind LCOE'!P10/(1+'US CPI'!$L$1)^(2030-2024) -> 36.635356
E10: TVA Cost Estimate FOAK | F10: ='Nuclear LCOE'!S4/(1+'US CPI'!$L$1)^(2030-2024) -> 292.41315 | G10: ='Nuclear LCOE'!T4/(1+'US CPI'!$L$1)^(2030-2024) -> 214.12682 | I10: Toronto/Essa/East/Ottawa 10 | J10: ='Onshore Wind LCOE'!O11/(1+'US CPI'!$L$1)^(2030-2024) -> 37.057528 | K10: ='Onshore Wind LCOE'!P11/(1+'US CPI'!$L$1)^(2030-2024) -> 29.61619
E11: TVA Cost Estimate NOAK | F11: ='Nuclear LCOE'!S5/(1+'US CPI'!$L$1)^(2030-2024) -> 216.6958 | G11: ='Nuclear LCOE'!T5/(1+'US CPI'!$L$1)^(2030-2024) -> 161.12466 | I11: Toronto/Essa/East/Ottawa 11 | J11: ='Onshore Wind LCOE'!O12/(1+'US CPI'!$L$1)^(2030-2024) -> 47.587444 | K11: ='Onshore Wind LCOE'!P12/(1+'US CPI'!$L$1)^(2030-2024) -> 38.285771
I12: West 12 | J12: ='Onshore Wind LCOE'!O13/(1+'US CPI'!$L$1)^(2030-2024) -> 35.965284 | K12: ='Onshore Wind LCOE'!P13/(1+'US CPI'!$L$1)^(2030-2024) -> 28.840599
F13: Nuclear | I13: West 13 | J13: ='Onshore Wind LCOE'!O14/(1+'US CPI'!$L$1)^(2030-2024) -> 41.689719 | K13: ='Onshore Wind LCOE'!P14/(1+'US CPI'!$L$1)^(2030-2024) -> 33.318214
E14: 30 year life | F14: Before ITC | G14: With 30% ITC
E15: Vogtle Cost Estimate | F15: ='Nuclear LCOE'!V3/(1+'US CPI'!$L$1)^(2030-2024) -> 307.00352 | G15: ='Nuclear LCOE'!W3/(1+'US CPI'!$L$1)^(2030-2024) -> 225.65676
E16: TVA Cost Estimate FOAK | F16: ='Nuclear LCOE'!V4/(1+'US CPI'!$L$1)^(2030-2024) -> 318.62703 | G16: ='Nuclear LCOE'!W4/(1+'US CPI'!$L$1)^(2030-2024) -> 232.47653
E17: TVA Cost Estimate NOAK | F17: ='Nuclear LCOE'!V5/(1+'US CPI'!$L$1)^(2030-2024) -> 235.30358 | G17: ='Nuclear LCOE'!W5/(1+'US CPI'!$L$1)^(2030-2024) -> 174.15011

Sheet Summary CAD 2030
B1: Before ITC | C1: With 30% ITC | F1: Before ITC | G1: With 30% ITC | J1: Before ITC | K1: With 30% ITC | N1: Before ITC | O1: With 30% ITC | U1: Source | V1: Conversion
A2: Zone | B2: Offshore Wind | C2: Offshore Wind | E2: 60 year life | F2: Nuclear | G2: Nuclear | I2: Zone | J2: Onshore Wind | K2: Onshore Wind | N2: Solar | O2: Solar | T2: US to CAD | U2: US$ to CAD $ One Year Average | V2: =ROUND(1/W2,2) -> 1.39 | W2: 0.7201
A3: East/SW 14 | B3: ='Summary US 2030'!B3*'Summary CAD 2030'!$V$2 -> 157.43554 | C3: ='Summary US 2030'!C3*'Summary CAD 2030'!$V$2 -> 128.95708 | E3: Vogtle Cost Estimate | F3: ='Summary US 2030'!F3*'Summary CAD 2030'!$V$2 -> 387.38968 | G3: ='Summary US 2030'!G3*'Summary CAD 2030'!$V$2 -> 286.12125 | I3: Northeast 2 | J3: ='Summary US 2030'!J3*'Summary CAD 2030'!$V$2 -> 56.351826 | K3: ='Summary US 2030'!K3*'Summary CAD 2030'!$V$2 -> 46.852731 | M3: Solar | N3: ='Summary US 2030'!N3*'Summary CAD 2030'!$V$2 -> 75.288292 | O3: ='Summary US 2030'!O3*'Summary CAD 2030'!$V$2 -> 56.830767
A4: Northwest 16 | B4: ='Summary US 2030'!B4*'Summary CAD 2030'!$V$2 -> 146.42073 | C4: ='Summary US 2030'!C4*'Summary CAD 2030'!$V$2 -> 120.17587 | E4: TVA Cost Estimate FOAK | F4: ='Summary US 2030'!F4*'Summary CAD 2030'!$V$2 -> 401.22292 | G4: ='Summary US 2030'!G4*'Summary CAD 2030'!$V$2 -> 293.97432 | I4: Northeast 3 | J4: ='Summary US 2030'!J4*'Summary CAD 2030'!$V$2 -> 71.405761 | K4: ='Summary US 2030'!K4*'Summary CAD 2030'!$V$2 -> 59.769369
E5: TVA Cost Estimate NOAK | F5: ='Summary US 2030'!F5*'Summary CAD 2030'!$V$2 -> 297.4937 | G5: ='Summary US 2030'!G5*'Summary CAD 2030'!$V$2 -> 221.36387 | I5: Northwest 4 | J5: ='Summary US 2030'!J5*'Summary CAD 2030'!$V$2 -> 45.793763 | K5: ='Summary US 2030'!K5*'Summary CAD 2030'!$V$2 -> 36.842692
I6: Northwest 5 | J6: ='Summary US 2030'!J6*'Summary CAD 2030'!$V$2 -> 50.791879 | K6: ='Summary US 2030'!K6*'Summary CAD 2030'!$V$2 -> 41.482765
F7: Nuclear | I7: Northwest 6 | J7: ='Summary US 2030'!J7*'Summary CAD 2030'!$V$2 -> 67.420714 | K7: ='Summary US 2030'!K7*'Summary CAD 2030'!$V$2 -> 57.723721
E8: 50 year life | F8: Before ITC | G8: With 30% ITC | I8: Southwest/Bruce/Niagara 8 | J8: ='Summary US 2030'!J8*'Summary CAD 2030'!$V$2 -> 52.680645 | K8: ='Summary US 2030'!K8*'Summary CAD 2030'!$V$2 -> 42.102107
E9: Vogtle Cost Estimate | F9: ='Summary US 2030'!F9*'Summary CAD 2030'!$V$2 -> 392.32935 | G9: ='Summary US 2030'!G9*'Summary CAD 2030'!$V$2 -> 289.57901 | I9: Southwest/Bruce/Niagara 9 | J9: ='Summary US 2030'!J9*'Summary CAD 2030'!$V$2 -> 63.503028 | K9: ='Summary US 2030'!K9*'Summary CAD 2030'!$V$2 -> 50.923145
E10: TVA Cost Estimate FOAK | F10: ='Summary US 2030'!F10*'Summary CAD 2030'!$V$2 -> 406.45428 | G10: ='Summary US 2030'!G10*'Summary CAD 2030'!$V$2 -> 297.63627 | I10: Toronto/Essa/East/Ottawa 10 | J10: ='Summary US 2030'!J10*'Summary CAD 2030'!$V$2 -> 51.509964 | K10: ='Summary US 2030'!K10*'Summary CAD 2030'!$V$2 -> 41.166504
E11: TVA Cost Estimate NOAK | F11: ='Summary US 2030'!F11*'Summary CAD 2030'!$V$2 -> 301.20716 | G11: ='Summary US 2030'!G11*'Summary CAD 2030'!$V$2 -> 223.96328 | I11: Toronto/Essa/East/Ottawa 11 | J11: ='Summary US 2030'!J11*'Summary CAD 2030'!$V$2 -> 66.146547 | K11: ='Summary US 2030'!K11*'Summary CAD 2030'!$V$2 -> 53.217222
I12: West 12 | J12: ='Summary US 2030'!J12*'Summary CAD 2030'!$V$2 -> 49.991745 | K12: ='Summary US 2030'!K12*'Summary CAD 2030'!$V$2 -> 40.088433
F13: Nuclear | I13: West 13 | J13: ='Summary US 2030'!J13*'Summary CAD 2030'!$V$2 -> 57.948709 | K13: ='Summary US 2030'!K13*'Summary CAD 2030'!$V$2 -> 46.312317
E14: 30 year life | F14: Before ITC | G14: With 30% ITC
E15: Vogtle Cost Estimate | F15: ='Summary US 2030'!F15*'Summary CAD 2030'!$V$2 -> 426.7349 | G15: ='Summary US 2030'!G15*'Summary CAD 2030'!$V$2 -> 313.6629
E16: TVA Cost Estimate FOAK | F16: ='Summary US 2030'!F16*'Summary CAD 2030'!$V$2 -> 442.89157 | G16: ='Summary US 2030'!G16*'Summary CAD 2030'!$V$2 -> 323.14238
E17: TVA Cost Estimate NOAK | F17: ='Summary US 2030'!F17*'Summary CAD 2030'!$V$2 -> 327.07197 | G17: ='Summary US 2030'!G17*'Summary CAD 2030'!$V$2 -> 242.06865

Sheet Summary US 2040
B1: Offshore Wind | G1: Nuclear | L1: Onshore Wind | Q1: Solar
A2: Zone | B2: No ITC | C2: With ITC 30% | D2: With ITC 15% | F2: 60 year life | G2: No ITC | H2: With ITC 30% | I2: With ITC 15% | K2: Zone | L2: No ITC | M2: With ITC 30% | N2: With ITC 15% | Q2: No ITC | R2: With ITC 30% | S2: With ITC 15%
A3: East/SW 14 | B3: ='Offshore Wind LCOE'!Q3/(1+'US CPI'!$L$1)^(2040-2024) -> 102.92741 | C3: ='Offshore Wind LCOE'!R3/(1+'US CPI'!$L$1)^(2040-2024) -> 84.780807 | D3: ='Offshore Wind LCOE'!S3/(1+'US CPI'!$L$1)^(2040-2024) -> 93.854111 | F3: Vogtle Cost Estimate | G3: ='Nuclear LCOE'!Y3/(1+'US CPI'!$L$1)^(2040-2024) -> 278.69761 | H3: ='Nuclear LCOE'!Z3/(1+'US CPI'!$L$1)^(2040-2024) -> 205.84262 | I3: ='Nuclear LCOE'!AA3/(1+'US CPI'!$L$1)^(2040-2024) -> 242.27012 | K3: ='Onshore Wind LCOE'!N4 -> Northeast 2 | L3: ='Onshore Wind LCOE'!R4/(1+'US CPI'!$L$1)^(2040-2024) -> 36.855157 | M3: ='Onshore Wind LCOE'!S4/(1+'US CPI'!$L$1)^(2040-2024) -> 30.861843 | N3: ='Onshore Wind LCOE'!T4/(1+'US CPI'!$L$1)^(2040-2024) -> 33.8585 | P3: Solar | Q3: ='Solar LCOE'!O4/(1+'US CPI'!$L$1)^(2040-2024) -> 40.723035 | R3: ='Solar LCOE'!P4/(1+'US CPI'!$L$1)^(2040-2024) -> 30.958276 | S3: ='Solar LCOE'!Q4/(1+'US CPI'!$L$1)^(2040-2024) -> 35.840656
A4: Northwest 16 | B4: ='Offshore Wind LCOE'!Q4/(1+'US CPI'!$L$1)^(2040-2024) -> 93.971149 | C4: ='Offshore Wind LCOE'!R4/(1+'US CPI'!$L$1)^(2040-2024) -> 77.569408 | D4: ='Offshore Wind LCOE'!S4/(1+'US CPI'!$L$1)^(2040-2024) -> 85.770279 | F4: TVA Cost Estimate FOAK | G4: ='Nuclear LCOE'!Y4/(1+'US CPI'!$L$1)^(2040-2024) -> 243.75876 | H4: ='Nuclear LCOE'!Z4/(1+'US CPI'!$L$1)^(2040-2024) -> 180.06874 | I4: ='Nuclear LCOE'!AA4/(1+'US CPI'!$L$1)^(2040-2024) -> 211.91375 | K4: ='Onshore Wind LCOE'!N5 -> Northeast 3 | L4: ='Onshore Wind LCOE'!R5/(1+'US CPI'!$L$1)^(2040-2024) -> 46.612114 | M4: ='Onshore Wind LCOE'!S5/(1+'US CPI'!$L$1)^(2040-2024) -> 39.303194 | N4: ='Onshore Wind LCOE'!T5/(1+'US CPI'!$L$1)^(2040-2024) -> 42.957654
F5: TVA Cost Estimate NOAK | G5: ='Nuclear LCOE'!Y5/(1+'US CPI'!$L$1)^(2040-2024) -> 182.15874 | H5: ='Nuclear LCOE'!Z5/(1+'US CPI'!$L$1)^(2040-2024) -> 136.94873 | I5: ='Nuclear LCOE'!AA5/(1+'US CPI'!$L$1)^(2040-2024) -> 159.55373 | K5: ='Onshore Wind LCOE'!N6 -> Northwest 4 | L5: ='Onshore Wind LCOE'!R6/(1+'US CPI'!$L$1)^(2040-2024) -> 30.180819 | M5: ='Onshore Wind LCOE'!S6/(1+'US CPI'!$L$1)^(2040-2024) -> 24.418017 | N5: ='Onshore Wind LCOE'!T6/(1+'US CPI'!$L$1)^(2040-2024) -> 27.299418
K6: ='Onshore Wind LCOE'!N7 -> Northwest 5 | L6: ='Onshore Wind LCOE'!R7/(1+'US CPI'!$L$1)^(2040-2024) -> 33.666012 | M6: ='Onshore Wind LCOE'!S7/(1+'US CPI'!$L$1)^(2040-2024) -> 27.672698 | N6: ='Onshore Wind LCOE'!T7/(1+'US CPI'!$L$1)^(2040-2024) -> 30.669355
F7: 50 year life | G7: No ITC | H7: With ITC 30% | I7: With ITC 15% | K7: ='Onshore Wind LCOE'!N8 -> Northwest 6 | L7: ='Onshore Wind LCOE'!R8/(1+'US CPI'!$L$1)^(2040-2024) -> 45.509415 | M7: ='Onshore Wind LCOE'!S8/(1+'US CPI'!$L$1)^(2040-2024) -> 39.266379 | N7: ='Onshore Wind LCOE'!T8/(1+'US CPI'!$L$1)^(2040-2024) -> 42.387897
F8: Vogtle Cost Estimate | G8: ='Nuclear LCOE'!AC3/(1+'US CPI'!$L$1)^(2040-2024) -> 282.25133 | H8: ='Nuclear LCOE'!AD3/(1+'US CPI'!$L$1)^(2040-2024) -> 208.33022 | I8: ='Nuclear LCOE'!AE3/(1+'US CPI'!$L$1)^(2040-2024) -> 245.29078 | K8: ='Onshore Wind LCOE'!N9 -> Southwest/Bruce/Niagara 8 | L8: ='Onshore Wind LCOE'!R9/(1+'US CPI'!$L$1)^(2040-2024) -> 33.863186 | M8: ='Onshore Wind LCOE'!S9/(1+'US CPI'!$L$1)^(2040-2024) -> 27.203948 | N8: ='Onshore Wind LCOE'!T9/(1+'US CPI'!$L$1)^(2040-2024) -> 30.533567
F9: TVA Cost Estimate FOAK | G9: ='Nuclear LCOE'!AC4/(1+'US CPI'!$L$1)^(2040-2024) -> 246.86543 | H9: ='Nuclear LCOE'!AD4/(1+'US CPI'!$L$1)^(2040-2024) -> 182.24341 | I9: ='Nuclear LCOE'!AE4/(1+'US CPI'!$L$1)^(2040-2024) -> 214.55442 | K9: ='Onshore Wind LCOE'!N10 -> Southwest/Bruce/Niagara 9 | L9: ='Onshore Wind LCOE'!R10/(1+'US CPI'!$L$1)^(2040-2024) -> 40.700605 | M9: ='Onshore Wind LCOE'!S10/(1+'US CPI'!$L$1)^(2040-2024) -> 32.814665 | N9: ='Onshore Wind LCOE'!T10/(1+'US CPI'!$L$1)^(2040-2024) -> 36.757635
F10: TVA Cost Estimate NOAK | G10: ='Nuclear LCOE'!AC5/(1+'US CPI'!$L$1)^(2040-2024) -> 184.36399 | H10: ='Nuclear LCOE'!AD5/(1+'US CPI'!$L$1)^(2040-2024) -> 138.4924 | I10: ='Nuclear LCOE'!AE5/(1+'US CPI'!$L$1)^(2040-2024) -> 161.4282 | K10: ='Onshore Wind LCOE'!N11 -> Toronto/Essa/East/Ottawa 10 | L10: ='Onshore Wind LCOE'!R11/(1+'US CPI'!$L$1)^(2040-2024) -> 33.12703 | M10: ='Onshore Wind LCOE'!S11/(1+'US CPI'!$L$1)^(2040-2024) -> 26.612558 | N10: ='Onshore Wind LCOE'!T11/(1+'US CPI'!$L$1)^(2040-2024) -> 29.869794
K11: ='Onshore Wind LCOE'!N12 -> Toronto/Essa/East/Ottawa 11 | L11: ='Onshore Wind LCOE'!R12/(1+'US CPI'!$L$1)^(2040-2024) -> 42.416286 | M11: ='Onshore Wind LCOE'!S12/(1+'US CPI'!$L$1)^(2040-2024) -> 34.317213 | N11: ='Onshore Wind LCOE'!T12/(1+'US CPI'!$L$1)^(2040-2024) -> 38.366749
F12: 30 year life | G12: No ITC | H12: With ITC 30% | I12: With ITC 15% | K12: ='Onshore Wind LCOE'!N13 -> West 12 | L12: ='Onshore Wind LCOE'!R13/(1+'US CPI'!$L$1)^(2040-2024) -> 32.221312 | M12: ='Onshore Wind LCOE'!S13/(1+'US CPI'!$L$1)^(2040-2024) -> 25.978276 | N12: ='Onshore Wind LCOE'!T13/(1+'US CPI'!$L$1)^(2040-2024) -> 29.099794
F13: Vogtle Cost Estimate | G13: ='Nuclear LCOE'!AG3/(1+'US CPI'!$L$1)^(2040-2024) -> 307.00352 | H13: ='Nuclear LCOE'!AH3/(1+'US CPI'!$L$1)^(2040-2024) -> 225.65676 | I13: ='Nuclear LCOE'!AI3/(1+'US CPI'!$L$1)^(2040-2024) -> 266.33014 | K13: ='Onshore Wind LCOE'!N14 -> West 13 | L13: ='Onshore Wind LCOE'!R14/(1+'US CPI'!$L$1)^(2040-2024) -> 37.166911 | M13: ='Onshore Wind LCOE'!S14/(1+'US CPI'!$L$1)^(2040-2024) -> 29.857992 | N13: ='Onshore Wind LCOE'!T14/(1+'US CPI'!$L$1)^(2040-2024) -> 33.512452
F14: TVA Cost Estimate FOAK | G14: ='Nuclear LCOE'!AG4/(1+'US CPI'!$L$1)^(2040-2024) -> 268.50386 | H14: ='Nuclear LCOE'!AH4/(1+'US CPI'!$L$1)^(2040-2024) -> 197.39031 | I14: ='Nuclear LCOE'!AI4/(1+'US CPI'!$L$1)^(2040-2024) -> 232.94709
F15: TVA Cost Estimate NOAK | G15: ='Nuclear LCOE'!AG5/(1+'US CPI'!$L$1)^(2040-2024) -> 199.72392 | H15: ='Nuclear LCOE'!AH5/(1+'US CPI'!$L$1)^(2040-2024) -> 149.24435 | I15: ='Nuclear LCOE'!AI5/(1+'US CPI'!$L$1)^(2040-2024) -> 174.48413

Sheet Summary CAD 2040
B1: Offshore Wind | G1: Nuclear | L1: Onshore Wind | Q1: Solar
A2: Zone | B2: No ITC | C2: With ITC 30% | D2: With ITC 15% | F2: 60 year life | G2: No ITC | H2: With ITC 30% | I2: With ITC 15% | K2: Zone | L2: No ITC | M2: With ITC 30% | N2: With ITC 15% | Q2: No ITC | R2: With ITC 30% | S2: With ITC 15%
A3: East/SW 14 | B3: ='Summary US 2040'!B3*'Summary CAD 2030'!$V$2 -> 143.06911 | C3: ='Summary US 2040'!C3*'Summary CAD 2030'!$V$2 -> 117.84532 | D3: ='Summary US 2040'!D3*'Summary CAD 2030'!$V$2 -> 130.45721 | F3: Vogtle Cost Estimate | G3: ='Summary US 2040'!G3*'Summary CAD 2030'!$V$2 -> 387.38968 | H3: ='Summary US 2040'!H3*'Summary CAD 2030'!$V$2 -> 286.12125 | I3: ='Summary US 2040'!I3*'Summary CAD 2030'!$V$2 -> 336.75546 | K3: ='Onshore Wind LCOE'!N4 -> Northeast 2 | L3: ='Summary US 2040'!L3*'Summary CAD 2030'!$V$2 -> 51.228668 | M3: ='Summary US 2040'!M3*'Summary CAD 2030'!$V$2 -> 42.897961 | N3: ='Summary US 2040'!N3*'Summary CAD 2030'!$V$2 -> 47.063315 | P3: Solar | Q3: ='Summary US 2040'!Q3*'Summary CAD 2030'!$V$2 -> 56.605019 | R3: ='Summary US 2040'!R3*'Summary CAD 2030'!$V$2 -> 43.032003 | S3: ='Summary US 2040'!S3*'Summary CAD 2030'!$V$2 -> 49.818511
A4: Northwest 16 | B4: ='Summary US 2040'!B4*'Summary CAD 2030'!$V$2 -> 130.6199 | C4: ='Summary US 2040'!C4*'Summary CAD 2030'!$V$2 -> 107.82148 | D4: ='Summary US 2040'!D4*'Summary CAD 2030'!$V$2 -> 119.22069 | F4: TVA Cost Estimate FOAK | G4: ='Summary US 2040'!G4*'Summary CAD 2030'!$V$2 -> 338.82468 | H4: ='Summary US 2040'!H4*'Summary CAD 2030'!$V$2 -> 250.29555 | I4: ='Summary US 2040'!I4*'Summary CAD 2030'!$V$2 -> 294.56012 | K4: ='Onshore Wind LCOE'!N5 -> Northeast 3 | L4: ='Summary US 2040'!L4*'Summary CAD 2030'!$V$2 -> 64.790838 | M4: ='Summary US 2040'!M4*'Summary CAD 2030'!$V$2 -> 54.631439 | N4: ='Summary US 2040'!N4*'Summary CAD 2030'!$V$2 -> 59.711139
F5: TVA Cost Estimate NOAK | G5: ='Summary US 2040'!G5*'Summary CAD 2030'!$V$2 -> 253.20065 | H5: ='Summary US 2040'!H5*'Summary CAD 2030'!$V$2 -> 190.35873 | I5: ='Summary US 2040'!I5*'Summary CAD 2030'!$V$2 -> 221.77969 | K5: ='Onshore Wind LCOE'!N6 -> Northwest 4 | L5: ='Summary US 2040'!L5*'Summary CAD 2030'!$V$2 -> 41.951338 | M5: ='Summary US 2040'!M5*'Summary CAD 2030'!$V$2 -> 33.941043 | N5: ='Summary US 2040'!N5*'Summary CAD 2030'!$V$2 -> 37.946191
K6: ='Onshore Wind LCOE'!N7 -> Northwest 5 | L6: ='Summary US 2040'!L6*'Summary CAD 2030'!$V$2 -> 46.795757 | M6: ='Summary US 2040'!M6*'Summary CAD 2030'!$V$2 -> 38.46505 | N6: ='Summary US 2040'!N6*'Summary CAD 2030'!$V$2 -> 42.630403
F7: 50 year life | G7: No ITC | H7: With ITC 30% | I7: With ITC 15% | K7: ='Onshore Wind LCOE'!N8 -> Northwest 6 | L7: ='Summary US 2040'!L7*'Summary CAD 2030'!$V$2 -> 63.258087 | M7: ='Summary US 2040'!M7*'Summary CAD 2030'!$V$2 -> 54.580267 | N7: ='Summary US 2040'!N7*'Summary CAD 2030'!$V$2 -> 58.919177
F8: Vogtle Cost Estimate | G8: ='Summary US 2040'!G8*'Summary CAD 2030'!$V$2 -> 392.32935 | H8: ='Summary US 2040'!H8*'Summary CAD 2030'!$V$2 -> 289.57901 | I8: ='Summary US 2040'!I8*'Summary CAD 2030'!$V$2 -> 340.95418 | K8: ='Onshore Wind LCOE'!N9 -> Southwest/Bruce/Niagara 8 | L8: ='Summary US 2040'!L8*'Summary CAD 2030'!$V$2 -> 47.069828 | M8: ='Summary US 2040'!M8*'Summary CAD 2030'!$V$2 -> 37.813488 | N8: ='Summary US 2040'!N8*'Summary CAD 2030'!$V$2 -> 42.441658
F9: TVA Cost Estimate FOAK | G9: ='Summary US 2040'!G9*'Summary CAD 2030'!$V$2 -> 343.14295 | H9: ='Summary US 2040'!H9*'Summary CAD 2030'!$V$2 -> 253.31834 | I9: ='Summary US 2040'!I9*'Summary CAD 2030'!$V$2 -> 298.23064 | K9: ='Onshore Wind LCOE'!N10 -> Southwest/Bruce/Niagara 9 | L9: ='Summary US 2040'!L9*'Summary CAD 2030'!$V$2 -> 56.57384 | M9: ='Summary US 2040'!M9*'Summary CAD 2030'!$V$2 -> 45.612384 | N9: ='Summary US 2040'!N9*'Summary CAD 2030'!$V$2 -> 51.093112
F10: TVA Cost Estimate NOAK | G10: ='Summary US 2040'!G10*'Summary CAD 2030'!$V$2 -> 256.26595 | H10: ='Summary US 2040'!H10*'Summary CAD 2030'!$V$2 -> 192.50444 | I10: ='Summary US 2040'!I10*'Summary CAD 2030'!$V$2 -> 224.38519 | K10: ='Onshore Wind LCOE'!N11 -> Toronto/Essa/East/Ottawa 10 | L10: ='Summary US 2040'!L10*'Summary CAD 2030'!$V$2 -> 46.046571 | M10: ='Summary US 2040'!M10*'Summary CAD 2030'!$V$2 -> 36.991455 | N10: ='Summary US 2040'!N10*'Summary CAD 2030'!$V$2 -> 41.519013
K11: ='Onshore Wind LCOE'!N12 -> Toronto/Essa/East/Ottawa 11 | L11: ='Summary US 2040'!L11*'Summary CAD 2030'!$V$2 -> 58.958637 | M11: ='Summary US 2040'!M11*'Summary CAD 2030'!$V$2 -> 47.700926 | N11: ='Summary US 2040'!N11*'Summary CAD 2030'!$V$2 -> 53.329781
F12: 30 year life | G12: No ITC | H12: With ITC 30% | I12: With ITC 15% | K12: ='Onshore Wind LCOE'!N13 -> West 12 | L12: ='Summary US 2040'!L12*'Summary CAD 2030'!$V$2 -> 44.787624 | M12: ='Summary US 2040'!M12*'Summary CAD 2030'!$V$2 -> 36.109804 | N12: ='Summary US 2040'!N12*'Summary CAD 2030'!$V$2 -> 40.448714
F13: Vogtle Cost Estimate | G13: ='Summary US 2040'!G13*'Summary CAD 2030'!$V$2 -> 426.7349 | H13: ='Summary US 2040'!H13*'Summary CAD 2030'!$V$2 -> 313.6629 | I13: ='Summary US 2040'!I13*'Summary CAD 2030'!$V$2 -> 370.1989 | K13: ='Onshore Wind LCOE'!N14 -> West 13 | L13: ='Summary US 2040'!L13*'Summary CAD 2030'!$V$2 -> 51.662007 | M13: ='Summary US 2040'!M13*'Summary CAD 2030'!$V$2 -> 41.502608 | N13: ='Summary US 2040'!N13*'Summary CAD 2030'!$V$2 -> 46.582308
F14: TVA Cost Estimate FOAK | G14: ='Summary US 2040'!G14*'Summary CAD 2030'!$V$2 -> 373.22037 | H14: ='Summary US 2040'!H14*'Summary CAD 2030'!$V$2 -> 274.37253 | I14: ='Summary US 2040'!I14*'Summary CAD 2030'!$V$2 -> 323.79645
F15: TVA Cost Estimate NOAK | G15: ='Summary US 2040'!G15*'Summary CAD 2030'!$V$2 -> 277.61624 | H15: ='Summary US 2040'!H15*'Summary CAD 2030'!$V$2 -> 207.44965 | I15: ='Summary US 2040'!I15*'Summary CAD 2030'!$V$2 -> 242.53294
